Workbook

Sheet Consolidated
B1: Management Report
B3: Consolidated | J3: Date: 11 September 2026 03:02
B4: Financial year: 2025
B5: Selection Criteria: Period 12, Exclude capital [n]
D8: Period | J8: YTD Totals | P8: Budget Comparison | T8: Full Year
D9: Actual | E9: Current Budget | F9: Commitment | G9: Variance (£) | H9: % of Budget Spent | J9: Actual | K9: Current Budget | L9: Commitment | M9: Variance (£) | N9: % of Budget Spent | P9: Original Budget | Q9: Current Budget | R9: Variance (£) | T9: Current Budget | U9: Total Actuals + Commitments to date | V9: Additional known commitments to the end of the year | W9: Remaining Profiled Budget | X9: Projected Budget Outturn | Y9: Variance (£) | Z9: Variance (%) | AA9: Notes
B10: Income
B11: INGAG - GAG Income | D11: =SUM(D12:D12) -> -1231305.4 | E11: =SUM(E12:E12) -> -1231299.7 | F11: =SUM(F12:F12) -> 0 | G11: =SUM(G12:G12) -> 5.65 | H11: =IF(E11<>0, (D11+F11)/E11, 0) -> 1.0000046 | J11: =SUM(J12:J12) -> -14775597 | K11: =SUM(K12:K12) -> -14775596 | L11: =SUM(L12:L12) -> 0 | M11: =SUM(M12:M12) -> 0.52 | N11: =IF(K11<>0, (J11+L11)/K11, 0) -> 1 | P11: =SUM(P12:P12) -> -14775596 | Q11: =SUM(Q12:Q12) -> -14775596 | R11: =SUM(R12:R12) -> -0.02 | T11: =SUM(T12:T12) -> -14775596 | U11: =SUM(U12:U12) -> -14775597 | V11: =SUM(V12:V12) -> 0 | W11: =SUM(W12:W12) -> 0 | X11: =SUM(X12:X12) -> -14775597 | Y11: =SUM(Y12:Y12) -> 0.52 | Z11: =IF(T11<>0, Y11/T11, 0) -> -3.5193165e-08
C12: 510100 - IN: DfE Rev Grants: GAG (not stud supp & trust) | D12: ='Fernvale Primary School'!D12+'Glenmere Primary School'!D12+'Hinckley Parks Primary'!D12+'Hollycroft Primary School'!D12+'Langmoor Primary School'!D12+'Little Hill Primary School'!D12+'New Lubbesthorpe Primary School'!D12+'Newlands Primary School'!D12+'Ravenhurst Primary School'!D12 -> -1231305.4 | E12: ='Fernvale Primary School'!E12+'Glenmere Primary School'!E12+'Hinckley Parks Primary'!E12+'Hollycroft Primary School'!E12+'Langmoor Primary School'!E12+'Little Hill Primary School'!E12+'New Lubbesthorpe Primary School'!E12+'Newlands Primary School'!E12+'Ravenhurst Primary School'!E12 -> -1231299.7 | F12: ='Fernvale Primary School'!F12+'Glenmere Primary School'!F12+'Hinckley Parks Primary'!F12+'Hollycroft Primary School'!F12+'Langmoor Primary School'!F12+'Little Hill Primary School'!F12+'New Lubbesthorpe Primary School'!F12+'Newlands Primary School'!F12+'Ravenhurst Primary School'!F12 -> 0 | G12: ='Fernvale Primary School'!G12+'Glenmere Primary School'!G12+'Hinckley Parks Primary'!G12+'Hollycroft Primary School'!G12+'Langmoor Primary School'!G12+'Little Hill Primary School'!G12+'New Lubbesthorpe Primary School'!G12+'Newlands Primary School'!G12+'Ravenhurst Primary School'!G12 -> 5.65 | H12: =IF(E12<>0, (D12+F12)/E12, 0) -> 1.0000046 | J12: ='Fernvale Primary School'!J12+'Glenmere Primary School'!J12+'Hinckley Parks Primary'!J12+'Hollycroft Primary School'!J12+'Langmoor Primary School'!J12+'Little Hill Primary School'!J12+'New Lubbesthorpe Primary School'!J12+'Newlands Primary School'!J12+'Ravenhurst Primary School'!J12 -> -14775597 | K12: ='Fernvale Primary School'!K12+'Glenmere Primary School'!K12+'Hinckley Parks Primary'!K12+'Hollycroft Primary School'!K12+'Langmoor Primary School'!K12+'Little Hill Primary School'!K12+'New Lubbesthorpe Primary School'!K12+'Newlands Primary School'!K12+'Ravenhurst Primary School'!K12 -> -14775596 | L12: ='Fernvale Primary School'!L12+'Glenmere Primary School'!L12+'Hinckley Parks Primary'!L12+'Hollycroft Primary School'!L12+'Langmoor Primary School'!L12+'Little Hill Primary School'!L12+'New Lubbesthorpe Primary School'!L12+'Newlands Primary School'!L12+'Ravenhurst Primary School'!L12 -> 0 | M12: ='Fernvale Primary School'!M12+'Glenmere Primary School'!M12+'Hinckley Parks Primary'!M12+'Hollycroft Primary School'!M12+'Langmoor Primary School'!M12+'Little Hill Primary School'!M12+'New Lubbesthorpe Primary School'!M12+'Newlands Primary School'!M12+'Ravenhurst Primary School'!M12 -> 0.52 | N12: =IF(K12<>0, (J12+L12)/K12, 0) -> 1 | P12: ='Fernvale Primary School'!P12+'Glenmere Primary School'!P12+'Hinckley Parks Primary'!P12+'Hollycroft Primary School'!P12+'Langmoor Primary School'!P12+'Little Hill Primary School'!P12+'New Lubbesthorpe Primary School'!P12+'Newlands Primary School'!P12+'Ravenhurst Primary School'!P12 -> -14775596 | Q12: ='Fernvale Primary School'!Q12+'Glenmere Primary School'!Q12+'Hinckley Parks Primary'!Q12+'Hollycroft Primary School'!Q12+'Langmoor Primary School'!Q12+'Little Hill Primary School'!Q12+'New Lubbesthorpe Primary School'!Q12+'Newlands Primary School'!Q12+'Ravenhurst Primary School'!Q12 -> -14775596 | R12: ='Fernvale Primary School'!R12+'Glenmere Primary School'!R12+'Hinckley Parks Primary'!R12+'Hollycroft Primary School'!R12+'Langmoor Primary School'!R12+'Little Hill Primary School'!R12+'New Lubbesthorpe Primary School'!R12+'Newlands Primary School'!R12+'Ravenhurst Primary School'!R12 -> -0.02 | T12: ='Fernvale Primary School'!T12+'Glenmere Primary School'!T12+'Hinckley Parks Primary'!T12+'Hollycroft Primary School'!T12+'Langmoor Primary School'!T12+'Little Hill Primary School'!T12+'New Lubbesthorpe Primary School'!T12+'Newlands Primary School'!T12+'Ravenhurst Primary School'!T12 -> -14775596 | U12: ='Fernvale Primary School'!U12+'Glenmere Primary School'!U12+'Hinckley Parks Primary'!U12+'Hollycroft Primary School'!U12+'Langmoor Primary School'!U12+'Little Hill Primary School'!U12+'New Lubbesthorpe Primary School'!U12+'Newlands Primary School'!U12+'Ravenhurst Primary School'!U12 -> -14775597 | V12: =IF('Fernvale Primary School'!V12="",0,'Fernvale Primary School'!V12)+IF('Glenmere Primary School'!V12="",0,'Glenmere Primary School'!V12)+IF('Hinckley Parks Primary'!V12="",0,'Hinckley Parks Primary'!V12)+IF('Hollycroft Primary School'!V12="",0,'Hollycroft Primary School'!V12)+IF('Langmoor Primary School'!V12="",0,'Langmoor Primary School'!V12)+IF('Little Hill Primary School'!V12="",0,'Little Hill Primary School'!V12)+IF('New Lubbesthorpe Primary School'!V12="",0,'New Lubbesthorpe Primary School'!V12)+IF('Newlands Primary School'!V12="",0,'Newlands Primary School'!V12)+IF('Ravenhurst Primary School'!V12="",0,'Ravenhurst Primary School'!V12) -> 0 | W12: ='Fernvale Primary School'!W12+'Glenmere Primary School'!W12+'Hinckley Parks Primary'!W12+'Hollycroft Primary School'!W12+'Langmoor Primary School'!W12+'Little Hill Primary School'!W12+'New Lubbesthorpe Primary School'!W12+'Newlands Primary School'!W12+'Ravenhurst Primary School'!W12 -> 0 | X12: ='Fernvale Primary School'!X12+'Glenmere Primary School'!X12+'Hinckley Parks Primary'!X12+'Hollycroft Primary School'!X12+'Langmoor Primary School'!X12+'Little Hill Primary School'!X12+'New Lubbesthorpe Primary School'!X12+'Newlands Primary School'!X12+'Ravenhurst Primary School'!X12 -> -14775597 | Y12: ='Fernvale Primary School'!Y12+'Glenmere Primary School'!Y12+'Hinckley Parks Primary'!Y12+'Hollycroft Primary School'!Y12+'Langmoor Primary School'!Y12+'Little Hill Primary School'!Y12+'New Lubbesthorpe Primary School'!Y12+'Newlands Primary School'!Y12+'Ravenhurst Primary School'!Y12 -> 0.52 | Z12: =IF(T12<>0, Y12/T12, 0) -> -3.5193165e-08
B13: INDFE - Other DFE Income | D13: =SUM(D14:D20) -> -84812.1 | E13: =SUM(E14:E20) -> -77359.66 | F13: =SUM(F14:F20) -> 0 | G13: =SUM(G14:G20) -> 7452.44 | H13: =IF(E13<>0, (D13+F13)/E13, 0) -> 1.096335 | J13: =SUM(J14:J20) -> -2097376.3 | K13: =SUM(K14:K20) -> -2046417.3 | L13: =SUM(L14:L20) -> 0 | M13: =SUM(M14:M20) -> 50959 | N13: =IF(K13<>0, (J13+L13)/K13, 0) -> 1.0249016 | P13: =SUM(P14:P20) -> -2014563.3 | Q13: =SUM(Q14:Q20) -> -2046417.3 | R13: =SUM(R14:R20) -> 31854 | T13: =SUM(T14:T20) -> -2046417.3 | U13: =SUM(U14:U20) -> -2097376.3 | V13: =SUM(V14:V20) -> 0 | W13: =SUM(W14:W20) -> 0 | X13: =SUM(X14:X20) -> -2097376.3 | Y13: =SUM(Y14:Y20) -> 50959 | Z13: =IF(T13<>0, Y13/T13, 0) -> -0.024901569
C14: 510150 - IN: DfE Revenue Grants: Rates reclaim | D14: ='Fernvale Primary School'!D14+'Glenmere Primary School'!D14+'Hinckley Parks Primary'!D14+'Hollycroft Primary School'!D15+'Langmoor Primary School'!D14+'Little Hill Primary School'!D14+'New Lubbesthorpe Primary School'!D14+'Newlands Primary School'!D14+'Ravenhurst Primary School'!D14 -> -85512.1 | E14: ='Fernvale Primary School'!E14+'Glenmere Primary School'!E14+'Hinckley Parks Primary'!E14+'Hollycroft Primary School'!E15+'Langmoor Primary School'!E14+'Little Hill Primary School'!E14+'New Lubbesthorpe Primary School'!E14+'Newlands Primary School'!E14+'Ravenhurst Primary School'!E14 -> -77359.66 | F14: ='Fernvale Primary School'!F14+'Glenmere Primary School'!F14+'Hinckley Parks Primary'!F14+'Hollycroft Primary School'!F15+'Langmoor Primary School'!F14+'Little Hill Primary School'!F14+'New Lubbesthorpe Primary School'!F14+'Newlands Primary School'!F14+'Ravenhurst Primary School'!F14 -> 0 | G14: ='Fernvale Primary School'!G14+'Glenmere Primary School'!G14+'Hinckley Parks Primary'!G14+'Hollycroft Primary School'!G15+'Langmoor Primary School'!G14+'Little Hill Primary School'!G14+'New Lubbesthorpe Primary School'!G14+'Newlands Primary School'!G14+'Ravenhurst Primary School'!G14 -> 8152.44 | H14: =IF(E14<>0, (D14+F14)/E14, 0) -> 1.1053836 | J14: ='Fernvale Primary School'!J14+'Glenmere Primary School'!J14+'Hinckley Parks Primary'!J14+'Hollycroft Primary School'!J15+'Langmoor Primary School'!J14+'Little Hill Primary School'!J14+'New Lubbesthorpe Primary School'!J14+'Newlands Primary School'!J14+'Ravenhurst Primary School'!J14 -> -85512.1 | K14: ='Fernvale Primary School'!K14+'Glenmere Primary School'!K14+'Hinckley Parks Primary'!K14+'Hollycroft Primary School'!K15+'Langmoor Primary School'!K14+'Little Hill Primary School'!K14+'New Lubbesthorpe Primary School'!K14+'Newlands Primary School'!K14+'Ravenhurst Primary School'!K14 -> -77359.66 | L14: ='Fernvale Primary School'!L14+'Glenmere Primary School'!L14+'Hinckley Parks Primary'!L14+'Hollycroft Primary School'!L15+'Langmoor Primary School'!L14+'Little Hill Primary School'!L14+'New Lubbesthorpe Primary School'!L14+'Newlands Primary School'!L14+'Ravenhurst Primary School'!L14 -> 0 | M14: ='Fernvale Primary School'!M14+'Glenmere Primary School'!M14+'Hinckley Parks Primary'!M14+'Hollycroft Primary School'!M15+'Langmoor Primary School'!M14+'Little Hill Primary School'!M14+'New Lubbesthorpe Primary School'!M14+'Newlands Primary School'!M14+'Ravenhurst Primary School'!M14 -> 8152.44 | N14: =IF(K14<>0, (J14+L14)/K14, 0) -> 1.1053836 | P14: ='Fernvale Primary School'!P14+'Glenmere Primary School'!P14+'Hinckley Parks Primary'!P14+'Hollycroft Primary School'!P15+'Langmoor Primary School'!P14+'Little Hill Primary School'!P14+'New Lubbesthorpe Primary School'!P14+'Newlands Primary School'!P14+'Ravenhurst Primary School'!P14 -> -76530.66 | Q14: ='Fernvale Primary School'!Q14+'Glenmere Primary School'!Q14+'Hinckley Parks Primary'!Q14+'Hollycroft Primary School'!Q15+'Langmoor Primary School'!Q14+'Little Hill Primary School'!Q14+'New Lubbesthorpe Primary School'!Q14+'Newlands Primary School'!Q14+'Ravenhurst Primary School'!Q14 -> -77359.66 | R14: ='Fernvale Primary School'!R14+'Glenmere Primary School'!R14+'Hinckley Parks Primary'!R14+'Hollycroft Primary School'!R15+'Langmoor Primary School'!R14+'Little Hill Primary School'!R14+'New Lubbesthorpe Primary School'!R14+'Newlands Primary School'!R14+'Ravenhurst Primary School'!R14 -> 829 | T14: ='Fernvale Primary School'!T14+'Glenmere Primary School'!T14+'Hinckley Parks Primary'!T14+'Hollycroft Primary School'!T15+'Langmoor Primary School'!T14+'Little Hill Primary School'!T14+'New Lubbesthorpe Primary School'!T14+'Newlands Primary School'!T14+'Ravenhurst Primary School'!T14 -> -77359.66 | U14: ='Fernvale Primary School'!U14+'Glenmere Primary School'!U14+'Hinckley Parks Primary'!U14+'Hollycroft Primary School'!U15+'Langmoor Primary School'!U14+'Little Hill Primary School'!U14+'New Lubbesthorpe Primary School'!U14+'Newlands Primary School'!U14+'Ravenhurst Primary School'!U14 -> -85512.1 | V14: =IF('Fernvale Primary School'!V14="",0,'Fernvale Primary School'!V14)+IF('Glenmere Primary School'!V14="",0,'Glenmere Primary School'!V14)+IF('Hinckley Parks Primary'!V14="",0,'Hinckley Parks Primary'!V14)+IF('Hollycroft Primary School'!V15="",0,'Hollycroft Primary School'!V15)+IF('Langmoor Primary School'!V14="",0,'Langmoor Primary School'!V14)+IF('Little Hill Primary School'!V14="",0,'Little Hill Primary School'!V14)+IF('New Lubbesthorpe Primary School'!V14="",0,'New Lubbesthorpe Primary School'!V14)+IF('Newlands Primary School'!V14="",0,'Newlands Primary School'!V14)+IF('Ravenhurst Primary School'!V14="",0,'Ravenhurst Primary School'!V14) -> 0 | W14: ='Fernvale Primary School'!W14+'Glenmere Primary School'!W14+'Hinckley Parks Primary'!W14+'Hollycroft Primary School'!W15+'Langmoor Primary School'!W14+'Little Hill Primary School'!W14+'New Lubbesthorpe Primary School'!W14+'Newlands Primary School'!W14+'Ravenhurst Primary School'!W14 -> 0 | X14: ='Fernvale Primary School'!X14+'Glenmere Primary School'!X14+'Hinckley Parks Primary'!X14+'Hollycroft Primary School'!X15+'Langmoor Primary School'!X14+'Little Hill Primary School'!X14+'New Lubbesthorpe Primary School'!X14+'Newlands Primary School'!X14+'Ravenhurst Primary School'!X14 -> -85512.1 | Y14: ='Fernvale Primary School'!Y14+'Glenmere Primary School'!Y14+'Hinckley Parks Primary'!Y14+'Hollycroft Primary School'!Y15+'Langmoor Primary School'!Y14+'Little Hill Primary School'!Y14+'New Lubbesthorpe Primary School'!Y14+'Newlands Primary School'!Y14+'Ravenhurst Primary School'!Y14 -> 8152.44 | Z14: =IF(T14<>0, Y14/T14, 0) -> -0.10538361
C15: 510200 - IN: DfE Revenue Grants: Pupil Premium | D15: ='Fernvale Primary School'!D15+'Glenmere Primary School'!D15+'Hinckley Parks Primary'!D15+'Hollycroft Primary School'!D16+'Langmoor Primary School'!D15+'Little Hill Primary School'!D15+'New Lubbesthorpe Primary School'!D15+'Newlands Primary School'!D15+'Ravenhurst Primary School'!D15 -> 700 | E15: ='Fernvale Primary School'!E15+'Glenmere Primary School'!E15+'Hinckley Parks Primary'!E15+'Hollycroft Primary School'!E16+'Langmoor Primary School'!E15+'Little Hill Primary School'!E15+'New Lubbesthorpe Primary School'!E15+'Newlands Primary School'!E15+'Ravenhurst Primary School'!E15 -> 0 | F15: ='Fernvale Primary School'!F15+'Glenmere Primary School'!F15+'Hinckley Parks Primary'!F15+'Hollycroft Primary School'!F16+'Langmoor Primary School'!F15+'Little Hill Primary School'!F15+'New Lubbesthorpe Primary School'!F15+'Newlands Primary School'!F15+'Ravenhurst Primary School'!F15 -> 0 | G15: ='Fernvale Primary School'!G15+'Glenmere Primary School'!G15+'Hinckley Parks Primary'!G15+'Hollycroft Primary School'!G16+'Langmoor Primary School'!G15+'Little Hill Primary School'!G15+'New Lubbesthorpe Primary School'!G15+'Newlands Primary School'!G15+'Ravenhurst Primary School'!G15 -> -700 | H15: =IF(E15<>0, (D15+F15)/E15, 0) -> 0 | J15: ='Fernvale Primary School'!J15+'Glenmere Primary School'!J15+'Hinckley Parks Primary'!J15+'Hollycroft Primary School'!J16+'Langmoor Primary School'!J15+'Little Hill Primary School'!J15+'New Lubbesthorpe Primary School'!J15+'Newlands Primary School'!J15+'Ravenhurst Primary School'!J15 -> -785725.75 | K15: ='Fernvale Primary School'!K15+'Glenmere Primary School'!K15+'Hinckley Parks Primary'!K15+'Hollycroft Primary School'!K16+'Langmoor Primary School'!K15+'Little Hill Primary School'!K15+'New Lubbesthorpe Primary School'!K15+'Newlands Primary School'!K15+'Ravenhurst Primary School'!K15 -> -776983.36 | L15: ='Fernvale Primary School'!L15+'Glenmere Primary School'!L15+'Hinckley Parks Primary'!L15+'Hollycroft Primary School'!L16+'Langmoor Primary School'!L15+'Little Hill Primary School'!L15+'New Lubbesthorpe Primary School'!L15+'Newlands Primary School'!L15+'Ravenhurst Primary School'!L15 -> 0 | M15: ='Fernvale Primary School'!M15+'Glenmere Primary School'!M15+'Hinckley Parks Primary'!M15+'Hollycroft Primary School'!M16+'Langmoor Primary School'!M15+'Little Hill Primary School'!M15+'New Lubbesthorpe Primary School'!M15+'Newlands Primary School'!M15+'Ravenhurst Primary School'!M15 -> 8742.39 | N15: =IF(K15<>0, (J15+L15)/K15, 0) -> 1.0112517 | P15: ='Fernvale Primary School'!P15+'Glenmere Primary School'!P15+'Hinckley Parks Primary'!P15+'Hollycroft Primary School'!P16+'Langmoor Primary School'!P15+'Little Hill Primary School'!P15+'New Lubbesthorpe Primary School'!P15+'Newlands Primary School'!P15+'Ravenhurst Primary School'!P15 -> -770985.47 | Q15: ='Fernvale Primary School'!Q15+'Glenmere Primary School'!Q15+'Hinckley Parks Primary'!Q15+'Hollycroft Primary School'!Q16+'Langmoor Primary School'!Q15+'Little Hill Primary School'!Q15+'New Lubbesthorpe Primary School'!Q15+'Newlands Primary School'!Q15+'Ravenhurst Primary School'!Q15 -> -776983.36 | R15: ='Fernvale Primary School'!R15+'Glenmere Primary School'!R15+'Hinckley Parks Primary'!R15+'Hollycroft Primary School'!R16+'Langmoor Primary School'!R15+'Little Hill Primary School'!R15+'New Lubbesthorpe Primary School'!R15+'Newlands Primary School'!R15+'Ravenhurst Primary School'!R15 -> 5997.89 | T15: ='Fernvale Primary School'!T15+'Glenmere Primary School'!T15+'Hinckley Parks Primary'!T15+'Hollycroft Primary School'!T16+'Langmoor Primary School'!T15+'Little Hill Primary School'!T15+'New Lubbesthorpe Primary School'!T15+'Newlands Primary School'!T15+'Ravenhurst Primary School'!T15 -> -776983.36 | U15: ='Fernvale Primary School'!U15+'Glenmere Primary School'!U15+'Hinckley Parks Primary'!U15+'Hollycroft Primary School'!U16+'Langmoor Primary School'!U15+'Little Hill Primary School'!U15+'New Lubbesthorpe Primary School'!U15+'Newlands Primary School'!U15+'Ravenhurst Primary School'!U15 -> -785725.75 | V15: =IF('Fernvale Primary School'!V15="",0,'Fernvale Primary School'!V15)+IF('Glenmere Primary School'!V15="",0,'Glenmere Primary School'!V15)+IF('Hinckley Parks Primary'!V15="",0,'Hinckley Parks Primary'!V15)+IF('Hollycroft Primary School'!V16="",0,'Hollycroft Primary School'!V16)+IF('Langmoor Primary School'!V15="",0,'Langmoor Primary School'!V15)+IF('Little Hill Primary School'!V15="",0,'Little Hill Primary School'!V15)+IF('New Lubbesthorpe Primary School'!V15="",0,'New Lubbesthorpe Primary School'!V15)+IF('Newlands Primary School'!V15="",0,'Newlands Primary School'!V15)+IF('Ravenhurst Primary School'!V15="",0,'Ravenhurst Primary School'!V15) -> 0 | W15: ='Fernvale Primary School'!W15+'Glenmere Primary School'!W15+'Hinckley Parks Primary'!W15+'Hollycroft Primary School'!W16+'Langmoor Primary School'!W15+'Little Hill Primary School'!W15+'New Lubbesthorpe Primary School'!W15+'Newlands Primary School'!W15+'Ravenhurst Primary School'!W15 -> 0 | X15: ='Fernvale Primary School'!X15+'Glenmere Primary School'!X15+'Hinckley Parks Primary'!X15+'Hollycroft Primary School'!X16+'Langmoor Primary School'!X15+'Little Hill Primary School'!X15+'New Lubbesthorpe Primary School'!X15+'Newlands Primary School'!X15+'Ravenhurst Primary School'!X15 -> -785725.75 | Y15: ='Fernvale Primary School'!Y15+'Glenmere Primary School'!Y15+'Hinckley Parks Primary'!Y15+'Hollycroft Primary School'!Y16+'Langmoor Primary School'!Y15+'Little Hill Primary School'!Y15+'New Lubbesthorpe Primary School'!Y15+'Newlands Primary School'!Y15+'Ravenhurst Primary School'!Y15 -> 8742.39 | Z15: =IF(T15<>0, Y15/T15, 0) -> -0.011251708
C16: 510250 - IN: DfE Revenue Grants: Uni Inf FSM | D16: ='Fernvale Primary School'!D16+'Glenmere Primary School'!D16+'Hinckley Parks Primary'!D16+'Hollycroft Primary School'!D17+'Langmoor Primary School'!D16+'Little Hill Primary School'!D16+'New Lubbesthorpe Primary School'!D16+'Newlands Primary School'!D16+'Ravenhurst Primary School'!D16 -> 0 | E16: ='Fernvale Primary School'!E16+'Glenmere Primary School'!E16+'Hinckley Parks Primary'!E16+'Hollycroft Primary School'!E17+'Langmoor Primary School'!E16+'Little Hill Primary School'!E16+'New Lubbesthorpe Primary School'!E16+'Newlands Primary School'!E16+'Ravenhurst Primary School'!E16 -> 0 | F16: ='Fernvale Primary School'!F16+'Glenmere Primary School'!F16+'Hinckley Parks Primary'!F16+'Hollycroft Primary School'!F17+'Langmoor Primary School'!F16+'Little Hill Primary School'!F16+'New Lubbesthorpe Primary School'!F16+'Newlands Primary School'!F16+'Ravenhurst Primary School'!F16 -> 0 | G16: ='Fernvale Primary School'!G16+'Glenmere Primary School'!G16+'Hinckley Parks Primary'!G16+'Hollycroft Primary School'!G17+'Langmoor Primary School'!G16+'Little Hill Primary School'!G16+'New Lubbesthorpe Primary School'!G16+'Newlands Primary School'!G16+'Ravenhurst Primary School'!G16 -> 0 | H16: =IF(E16<>0, (D16+F16)/E16, 0) -> 0 | J16: ='Fernvale Primary School'!J16+'Glenmere Primary School'!J16+'Hinckley Parks Primary'!J16+'Hollycroft Primary School'!J17+'Langmoor Primary School'!J16+'Little Hill Primary School'!J16+'New Lubbesthorpe Primary School'!J16+'Newlands Primary School'!J16+'Ravenhurst Primary School'!J16 -> -390212 | K16: ='Fernvale Primary School'!K16+'Glenmere Primary School'!K16+'Hinckley Parks Primary'!K16+'Hollycroft Primary School'!K17+'Langmoor Primary School'!K16+'Little Hill Primary School'!K16+'New Lubbesthorpe Primary School'!K16+'Newlands Primary School'!K16+'Ravenhurst Primary School'!K16 -> -472157.41 | L16: ='Fernvale Primary School'!L16+'Glenmere Primary School'!L16+'Hinckley Parks Primary'!L16+'Hollycroft Primary School'!L17+'Langmoor Primary School'!L16+'Little Hill Primary School'!L16+'New Lubbesthorpe Primary School'!L16+'Newlands Primary School'!L16+'Ravenhurst Primary School'!L16 -> 0 | M16: ='Fernvale Primary School'!M16+'Glenmere Primary School'!M16+'Hinckley Parks Primary'!M16+'Hollycroft Primary School'!M17+'Langmoor Primary School'!M16+'Little Hill Primary School'!M16+'New Lubbesthorpe Primary School'!M16+'Newlands Primary School'!M16+'Ravenhurst Primary School'!M16 -> -81945.41 | N16: =IF(K16<>0, (J16+L16)/K16, 0) -> 0.82644472 | P16: ='Fernvale Primary School'!P16+'Glenmere Primary School'!P16+'Hinckley Parks Primary'!P16+'Hollycroft Primary School'!P17+'Langmoor Primary School'!P16+'Little Hill Primary School'!P16+'New Lubbesthorpe Primary School'!P16+'Newlands Primary School'!P16+'Ravenhurst Primary School'!P16 -> -493298.02 | Q16: ='Fernvale Primary School'!Q16+'Glenmere Primary School'!Q16+'Hinckley Parks Primary'!Q16+'Hollycroft Primary School'!Q17+'Langmoor Primary School'!Q16+'Little Hill Primary School'!Q16+'New Lubbesthorpe Primary School'!Q16+'Newlands Primary School'!Q16+'Ravenhurst Primary School'!Q16 -> -472157.41 | R16: ='Fernvale Primary School'!R16+'Glenmere Primary School'!R16+'Hinckley Parks Primary'!R16+'Hollycroft Primary School'!R17+'Langmoor Primary School'!R16+'Little Hill Primary School'!R16+'New Lubbesthorpe Primary School'!R16+'Newlands Primary School'!R16+'Ravenhurst Primary School'!R16 -> -21140.61 | T16: ='Fernvale Primary School'!T16+'Glenmere Primary School'!T16+'Hinckley Parks Primary'!T16+'Hollycroft Primary School'!T17+'Langmoor Primary School'!T16+'Little Hill Primary School'!T16+'New Lubbesthorpe Primary School'!T16+'Newlands Primary School'!T16+'Ravenhurst Primary School'!T16 -> -472157.41 | U16: ='Fernvale Primary School'!U16+'Glenmere Primary School'!U16+'Hinckley Parks Primary'!U16+'Hollycroft Primary School'!U17+'Langmoor Primary School'!U16+'Little Hill Primary School'!U16+'New Lubbesthorpe Primary School'!U16+'Newlands Primary School'!U16+'Ravenhurst Primary School'!U16 -> -390212 | V16: =IF('Fernvale Primary School'!V16="",0,'Fernvale Primary School'!V16)+IF('Glenmere Primary School'!V16="",0,'Glenmere Primary School'!V16)+IF('Hinckley Parks Primary'!V16="",0,'Hinckley Parks Primary'!V16)+IF('Hollycroft Primary School'!V17="",0,'Hollycroft Primary School'!V17)+IF('Langmoor Primary School'!V16="",0,'Langmoor Primary School'!V16)+IF('Little Hill Primary School'!V16="",0,'Little Hill Primary School'!V16)+IF('New Lubbesthorpe Primary School'!V16="",0,'New Lubbesthorpe Primary School'!V16)+IF('Newlands Primary School'!V16="",0,'Newlands Primary School'!V16)+IF('Ravenhurst Primary School'!V16="",0,'Ravenhurst Primary School'!V16) -> 0 | W16: ='Fernvale Primary School'!W16+'Glenmere Primary School'!W16+'Hinckley Parks Primary'!W16+'Hollycroft Primary School'!W17+'Langmoor Primary School'!W16+'Little Hill Primary School'!W16+'New Lubbesthorpe Primary School'!W16+'Newlands Primary School'!W16+'Ravenhurst Primary School'!W16 -> 0 | X16: ='Fernvale Primary School'!X16+'Glenmere Primary School'!X16+'Hinckley Parks Primary'!X16+'Hollycroft Primary School'!X17+'Langmoor Primary School'!X16+'Little Hill Primary School'!X16+'New Lubbesthorpe Primary School'!X16+'Newlands Primary School'!X16+'Ravenhurst Primary School'!X16 -> -390212 | Y16: ='Fernvale Primary School'!Y16+'Glenmere Primary School'!Y16+'Hinckley Parks Primary'!Y16+'Hollycroft Primary School'!Y17+'Langmoor Primary School'!Y16+'Little Hill Primary School'!Y16+'New Lubbesthorpe Primary School'!Y16+'Newlands Primary School'!Y16+'Ravenhurst Primary School'!Y16 -> -81945.41 | Z16: =IF(T16<>0, Y16/T16, 0) -> 0.17355528
C17: 510400 - IN: DfE Revenue Grants: PE & Sports grant | D17: ='Fernvale Primary School'!D17+'Glenmere Primary School'!D17+'Hinckley Parks Primary'!D17+'Hollycroft Primary School'!D18+'Langmoor Primary School'!D17+'Little Hill Primary School'!D17+'New Lubbesthorpe Primary School'!D17+'Newlands Primary School'!D17+'Ravenhurst Primary School'!D17 -> 0 | E17: ='Fernvale Primary School'!E17+'Glenmere Primary School'!E17+'Hinckley Parks Primary'!E17+'Hollycroft Primary School'!E18+'Langmoor Primary School'!E17+'Little Hill Primary School'!E17+'New Lubbesthorpe Primary School'!E17+'Newlands Primary School'!E17+'Ravenhurst Primary School'!E17 -> 0 | F17: ='Fernvale Primary School'!F17+'Glenmere Primary School'!F17+'Hinckley Parks Primary'!F17+'Hollycroft Primary School'!F18+'Langmoor Primary School'!F17+'Little Hill Primary School'!F17+'New Lubbesthorpe Primary School'!F17+'Newlands Primary School'!F17+'Ravenhurst Primary School'!F17 -> 0 | G17: ='Fernvale Primary School'!G17+'Glenmere Primary School'!G17+'Hinckley Parks Primary'!G17+'Hollycroft Primary School'!G18+'Langmoor Primary School'!G17+'Little Hill Primary School'!G17+'New Lubbesthorpe Primary School'!G17+'Newlands Primary School'!G17+'Ravenhurst Primary School'!G17 -> 0 | H17: =IF(E17<>0, (D17+F17)/E17, 0) -> 0 | J17: ='Fernvale Primary School'!J17+'Glenmere Primary School'!J17+'Hinckley Parks Primary'!J17+'Hollycroft Primary School'!J18+'Langmoor Primary School'!J17+'Little Hill Primary School'!J17+'New Lubbesthorpe Primary School'!J17+'Newlands Primary School'!J17+'Ravenhurst Primary School'!J17 -> -168380 | K17: ='Fernvale Primary School'!K17+'Glenmere Primary School'!K17+'Hinckley Parks Primary'!K17+'Hollycroft Primary School'!K18+'Langmoor Primary School'!K17+'Little Hill Primary School'!K17+'New Lubbesthorpe Primary School'!K17+'Newlands Primary School'!K17+'Ravenhurst Primary School'!K17 -> -168800 | L17: ='Fernvale Primary School'!L17+'Glenmere Primary School'!L17+'Hinckley Parks Primary'!L17+'Hollycroft Primary School'!L18+'Langmoor Primary School'!L17+'Little Hill Primary School'!L17+'New Lubbesthorpe Primary School'!L17+'Newlands Primary School'!L17+'Ravenhurst Primary School'!L17 -> 0 | M17: ='Fernvale Primary School'!M17+'Glenmere Primary School'!M17+'Hinckley Parks Primary'!M17+'Hollycroft Primary School'!M18+'Langmoor Primary School'!M17+'Little Hill Primary School'!M17+'New Lubbesthorpe Primary School'!M17+'Newlands Primary School'!M17+'Ravenhurst Primary School'!M17 -> -420 | N17: =IF(K17<>0, (J17+L17)/K17, 0) -> 0.99751185 | P17: ='Fernvale Primary School'!P17+'Glenmere Primary School'!P17+'Hinckley Parks Primary'!P17+'Hollycroft Primary School'!P18+'Langmoor Primary School'!P17+'Little Hill Primary School'!P17+'New Lubbesthorpe Primary School'!P17+'Newlands Primary School'!P17+'Ravenhurst Primary School'!P17 -> -169760 | Q17: ='Fernvale Primary School'!Q17+'Glenmere Primary School'!Q17+'Hinckley Parks Primary'!Q17+'Hollycroft Primary School'!Q18+'Langmoor Primary School'!Q17+'Little Hill Primary School'!Q17+'New Lubbesthorpe Primary School'!Q17+'Newlands Primary School'!Q17+'Ravenhurst Primary School'!Q17 -> -168800 | R17: ='Fernvale Primary School'!R17+'Glenmere Primary School'!R17+'Hinckley Parks Primary'!R17+'Hollycroft Primary School'!R18+'Langmoor Primary School'!R17+'Little Hill Primary School'!R17+'New Lubbesthorpe Primary School'!R17+'Newlands Primary School'!R17+'Ravenhurst Primary School'!R17 -> -960 | T17: ='Fernvale Primary School'!T17+'Glenmere Primary School'!T17+'Hinckley Parks Primary'!T17+'Hollycroft Primary School'!T18+'Langmoor Primary School'!T17+'Little Hill Primary School'!T17+'New Lubbesthorpe Primary School'!T17+'Newlands Primary School'!T17+'Ravenhurst Primary School'!T17 -> -168800 | U17: ='Fernvale Primary School'!U17+'Glenmere Primary School'!U17+'Hinckley Parks Primary'!U17+'Hollycroft Primary School'!U18+'Langmoor Primary School'!U17+'Little Hill Primary School'!U17+'New Lubbesthorpe Primary School'!U17+'Newlands Primary School'!U17+'Ravenhurst Primary School'!U17 -> -168380 | V17: =IF('Fernvale Primary School'!V17="",0,'Fernvale Primary School'!V17)+IF('Glenmere Primary School'!V17="",0,'Glenmere Primary School'!V17)+IF('Hinckley Parks Primary'!V17="",0,'Hinckley Parks Primary'!V17)+IF('Hollycroft Primary School'!V18="",0,'Hollycroft Primary School'!V18)+IF('Langmoor Primary School'!V17="",0,'Langmoor Primary School'!V17)+IF('Little Hill Primary School'!V17="",0,'Little Hill Primary School'!V17)+IF('New Lubbesthorpe Primary School'!V17="",0,'New Lubbesthorpe Primary School'!V17)+IF('Newlands Primary School'!V17="",0,'Newlands Primary School'!V17)+IF('Ravenhurst Primary School'!V17="",0,'Ravenhurst Primary School'!V17) -> 0 | W17: ='Fernvale Primary School'!W17+'Glenmere Primary School'!W17+'Hinckley Parks Primary'!W17+'Hollycroft Primary School'!W18+'Langmoor Primary School'!W17+'Little Hill Primary School'!W17+'New Lubbesthorpe Primary School'!W17+'Newlands Primary School'!W17+'Ravenhurst Primary School'!W17 -> 0 | X17: ='Fernvale Primary School'!X17+'Glenmere Primary School'!X17+'Hinckley Parks Primary'!X17+'Hollycroft Primary School'!X18+'Langmoor Primary School'!X17+'Little Hill Primary School'!X17+'New Lubbesthorpe Primary School'!X17+'Newlands Primary School'!X17+'Ravenhurst Primary School'!X17 -> -168380 | Y17: ='Fernvale Primary School'!Y17+'Glenmere Primary School'!Y17+'Hinckley Parks Primary'!Y17+'Hollycroft Primary School'!Y18+'Langmoor Primary School'!Y17+'Little Hill Primary School'!Y17+'New Lubbesthorpe Primary School'!Y17+'Newlands Primary School'!Y17+'Ravenhurst Primary School'!Y17 -> -420 | Z17: =IF(T17<>0, Y17/T17, 0) -> 0.0024881517
C18: 510950 - IN: DfE Revenue Grants: Other DfE revenue grants | D18: ='Fernvale Primary School'!D18+'Glenmere Primary School'!D18+'Hinckley Parks Primary'!D18+'Hollycroft Primary School'!D19+'Langmoor Primary School'!D18+'Little Hill Primary School'!D18+'New Lubbesthorpe Primary School'!D18+'Newlands Primary School'!D18+'Ravenhurst Primary School'!D18 -> 0 | E18: ='Fernvale Primary School'!E18+'Glenmere Primary School'!E18+'Hinckley Parks Primary'!E18+'Hollycroft Primary School'!E19+'Langmoor Primary School'!E18+'Little Hill Primary School'!E18+'New Lubbesthorpe Primary School'!E18+'Newlands Primary School'!E18+'Ravenhurst Primary School'!E18 -> 0 | F18: ='Fernvale Primary School'!F18+'Glenmere Primary School'!F18+'Hinckley Parks Primary'!F18+'Hollycroft Primary School'!F19+'Langmoor Primary School'!F18+'Little Hill Primary School'!F18+'New Lubbesthorpe Primary School'!F18+'Newlands Primary School'!F18+'Ravenhurst Primary School'!F18 -> 0 | G18: ='Fernvale Primary School'!G18+'Glenmere Primary School'!G18+'Hinckley Parks Primary'!G18+'Hollycroft Primary School'!G19+'Langmoor Primary School'!G18+'Little Hill Primary School'!G18+'New Lubbesthorpe Primary School'!G18+'Newlands Primary School'!G18+'Ravenhurst Primary School'!G18 -> 0 | H18: =IF(E18<>0, (D18+F18)/E18, 0) -> 0 | J18: ='Fernvale Primary School'!J18+'Glenmere Primary School'!J18+'Hinckley Parks Primary'!J18+'Hollycroft Primary School'!J19+'Langmoor Primary School'!J18+'Little Hill Primary School'!J18+'New Lubbesthorpe Primary School'!J18+'Newlands Primary School'!J18+'Ravenhurst Primary School'!J18 -> -440849.82 | K18: ='Fernvale Primary School'!K18+'Glenmere Primary School'!K18+'Hinckley Parks Primary'!K18+'Hollycroft Primary School'!K19+'Langmoor Primary School'!K18+'Little Hill Primary School'!K18+'New Lubbesthorpe Primary School'!K18+'Newlands Primary School'!K18+'Ravenhurst Primary School'!K18 -> -400304 | L18: ='Fernvale Primary School'!L18+'Glenmere Primary School'!L18+'Hinckley Parks Primary'!L18+'Hollycroft Primary School'!L19+'Langmoor Primary School'!L18+'Little Hill Primary School'!L18+'New Lubbesthorpe Primary School'!L18+'Newlands Primary School'!L18+'Ravenhurst Primary School'!L18 -> 0 | M18: ='Fernvale Primary School'!M18+'Glenmere Primary School'!M18+'Hinckley Parks Primary'!M18+'Hollycroft Primary School'!M19+'Langmoor Primary School'!M18+'Little Hill Primary School'!M18+'New Lubbesthorpe Primary School'!M18+'Newlands Primary School'!M18+'Ravenhurst Primary School'!M18 -> 40545.82 | N18: =IF(K18<>0, (J18+L18)/K18, 0) -> 1.1012876 | P18: ='Fernvale Primary School'!P18+'Glenmere Primary School'!P18+'Hinckley Parks Primary'!P18+'Hollycroft Primary School'!P19+'Langmoor Primary School'!P18+'Little Hill Primary School'!P18+'New Lubbesthorpe Primary School'!P18+'Newlands Primary School'!P18+'Ravenhurst Primary School'!P18 -> -293710.28 | Q18: ='Fernvale Primary School'!Q18+'Glenmere Primary School'!Q18+'Hinckley Parks Primary'!Q18+'Hollycroft Primary School'!Q19+'Langmoor Primary School'!Q18+'Little Hill Primary School'!Q18+'New Lubbesthorpe Primary School'!Q18+'Newlands Primary School'!Q18+'Ravenhurst Primary School'!Q18 -> -400304 | R18: ='Fernvale Primary School'!R18+'Glenmere Primary School'!R18+'Hinckley Parks Primary'!R18+'Hollycroft Primary School'!R19+'Langmoor Primary School'!R18+'Little Hill Primary School'!R18+'New Lubbesthorpe Primary School'!R18+'Newlands Primary School'!R18+'Ravenhurst Primary School'!R18 -> 106593.72 | T18: ='Fernvale Primary School'!T18+'Glenmere Primary School'!T18+'Hinckley Parks Primary'!T18+'Hollycroft Primary School'!T19+'Langmoor Primary School'!T18+'Little Hill Primary School'!T18+'New Lubbesthorpe Primary School'!T18+'Newlands Primary School'!T18+'Ravenhurst Primary School'!T18 -> -400304 | U18: ='Fernvale Primary School'!U18+'Glenmere Primary School'!U18+'Hinckley Parks Primary'!U18+'Hollycroft Primary School'!U19+'Langmoor Primary School'!U18+'Little Hill Primary School'!U18+'New Lubbesthorpe Primary School'!U18+'Newlands Primary School'!U18+'Ravenhurst Primary School'!U18 -> -440849.82 | V18: =IF('Fernvale Primary School'!V18="",0,'Fernvale Primary School'!V18)+IF('Glenmere Primary School'!V18="",0,'Glenmere Primary School'!V18)+IF('Hinckley Parks Primary'!V18="",0,'Hinckley Parks Primary'!V18)+IF('Hollycroft Primary School'!V19="",0,'Hollycroft Primary School'!V19)+IF('Langmoor Primary School'!V18="",0,'Langmoor Primary School'!V18)+IF('Little Hill Primary School'!V18="",0,'Little Hill Primary School'!V18)+IF('New Lubbesthorpe Primary School'!V18="",0,'New Lubbesthorpe Primary School'!V18)+IF('Newlands Primary School'!V18="",0,'Newlands Primary School'!V18)+IF('Ravenhurst Primary School'!V18="",0,'Ravenhurst Primary School'!V18) -> 0 | W18: ='Fernvale Primary School'!W18+'Glenmere Primary School'!W18+'Hinckley Parks Primary'!W18+'Hollycroft Primary School'!W19+'Langmoor Primary School'!W18+'Little Hill Primary School'!W18+'New Lubbesthorpe Primary School'!W18+'Newlands Primary School'!W18+'Ravenhurst Primary School'!W18 -> 0 | X18: ='Fernvale Primary School'!X18+'Glenmere Primary School'!X18+'Hinckley Parks Primary'!X18+'Hollycroft Primary School'!X19+'Langmoor Primary School'!X18+'Little Hill Primary School'!X18+'New Lubbesthorpe Primary School'!X18+'Newlands Primary School'!X18+'Ravenhurst Primary School'!X18 -> -440849.82 | Y18: ='Fernvale Primary School'!Y18+'Glenmere Primary School'!Y18+'Hinckley Parks Primary'!Y18+'Hollycroft Primary School'!Y19+'Langmoor Primary School'!Y18+'Little Hill Primary School'!Y18+'New Lubbesthorpe Primary School'!Y18+'Newlands Primary School'!Y18+'Ravenhurst Primary School'!Y18 -> 40545.82 | Z18: =IF(T18<>0, Y18/T18, 0) -> -0.10128757
C19: 510970 - IN: DfE Revenue Grants: Schools Budget Grant | D19: ='Fernvale Primary School'!D19+'Glenmere Primary School'!D19+'Hinckley Parks Primary'!D19+'Hollycroft Primary School'!D20+'Langmoor Primary School'!D19+'Little Hill Primary School'!D19+'New Lubbesthorpe Primary School'!D19+'Newlands Primary School'!D19+'Ravenhurst Primary School'!D19 -> 0 | E19: ='Fernvale Primary School'!E19+'Glenmere Primary School'!E19+'Hinckley Parks Primary'!E19+'Hollycroft Primary School'!E20+'Langmoor Primary School'!E19+'Little Hill Primary School'!E19+'New Lubbesthorpe Primary School'!E19+'Newlands Primary School'!E19+'Ravenhurst Primary School'!E19 -> 0 | F19: ='Fernvale Primary School'!F19+'Glenmere Primary School'!F19+'Hinckley Parks Primary'!F19+'Hollycroft Primary School'!F20+'Langmoor Primary School'!F19+'Little Hill Primary School'!F19+'New Lubbesthorpe Primary School'!F19+'Newlands Primary School'!F19+'Ravenhurst Primary School'!F19 -> 0 | G19: ='Fernvale Primary School'!G19+'Glenmere Primary School'!G19+'Hinckley Parks Primary'!G19+'Hollycroft Primary School'!G20+'Langmoor Primary School'!G19+'Little Hill Primary School'!G19+'New Lubbesthorpe Primary School'!G19+'Newlands Primary School'!G19+'Ravenhurst Primary School'!G19 -> 0 | H19: =IF(E19<>0, (D19+F19)/E19, 0) -> 0 | J19: ='Fernvale Primary School'!J19+'Glenmere Primary School'!J19+'Hinckley Parks Primary'!J19+'Hollycroft Primary School'!J20+'Langmoor Primary School'!J19+'Little Hill Primary School'!J19+'New Lubbesthorpe Primary School'!J19+'Newlands Primary School'!J19+'Ravenhurst Primary School'!J19 -> -235113 | K19: ='Fernvale Primary School'!K19+'Glenmere Primary School'!K19+'Hinckley Parks Primary'!K19+'Hollycroft Primary School'!K20+'Langmoor Primary School'!K19+'Little Hill Primary School'!K19+'New Lubbesthorpe Primary School'!K19+'Newlands Primary School'!K19+'Ravenhurst Primary School'!K19 -> -159229 | L19: ='Fernvale Primary School'!L19+'Glenmere Primary School'!L19+'Hinckley Parks Primary'!L19+'Hollycroft Primary School'!L20+'Langmoor Primary School'!L19+'Little Hill Primary School'!L19+'New Lubbesthorpe Primary School'!L19+'Newlands Primary School'!L19+'Ravenhurst Primary School'!L19 -> 0 | M19: ='Fernvale Primary School'!M19+'Glenmere Primary School'!M19+'Hinckley Parks Primary'!M19+'Hollycroft Primary School'!M20+'Langmoor Primary School'!M19+'Little Hill Primary School'!M19+'New Lubbesthorpe Primary School'!M19+'Newlands Primary School'!M19+'Ravenhurst Primary School'!M19 -> 75884 | N19: =IF(K19<>0, (J19+L19)/K19, 0) -> 1.4765715 | P19: ='Fernvale Primary School'!P19+'Glenmere Primary School'!P19+'Hinckley Parks Primary'!P19+'Hollycroft Primary School'!P20+'Langmoor Primary School'!P19+'Little Hill Primary School'!P19+'New Lubbesthorpe Primary School'!P19+'Newlands Primary School'!P19+'Ravenhurst Primary School'!P19 -> -218695 | Q19: ='Fernvale Primary School'!Q19+'Glenmere Primary School'!Q19+'Hinckley Parks Primary'!Q19+'Hollycroft Primary School'!Q20+'Langmoor Primary School'!Q19+'Little Hill Primary School'!Q19+'New Lubbesthorpe Primary School'!Q19+'Newlands Primary School'!Q19+'Ravenhurst Primary School'!Q19 -> -159229 | R19: ='Fernvale Primary School'!R19+'Glenmere Primary School'!R19+'Hinckley Parks Primary'!R19+'Hollycroft Primary School'!R20+'Langmoor Primary School'!R19+'Little Hill Primary School'!R19+'New Lubbesthorpe Primary School'!R19+'Newlands Primary School'!R19+'Ravenhurst Primary School'!R19 -> -59466 | T19: ='Fernvale Primary School'!T19+'Glenmere Primary School'!T19+'Hinckley Parks Primary'!T19+'Hollycroft Primary School'!T20+'Langmoor Primary School'!T19+'Little Hill Primary School'!T19+'New Lubbesthorpe Primary School'!T19+'Newlands Primary School'!T19+'Ravenhurst Primary School'!T19 -> -159229 | U19: ='Fernvale Primary School'!U19+'Glenmere Primary School'!U19+'Hinckley Parks Primary'!U19+'Hollycroft Primary School'!U20+'Langmoor Primary School'!U19+'Little Hill Primary School'!U19+'New Lubbesthorpe Primary School'!U19+'Newlands Primary School'!U19+'Ravenhurst Primary School'!U19 -> -235113 | V19: =IF('Fernvale Primary School'!V19="",0,'Fernvale Primary School'!V19)+IF('Glenmere Primary School'!V19="",0,'Glenmere Primary School'!V19)+IF('Hinckley Parks Primary'!V19="",0,'Hinckley Parks Primary'!V19)+IF('Hollycroft Primary School'!V20="",0,'Hollycroft Primary School'!V20)+IF('Langmoor Primary School'!V19="",0,'Langmoor Primary School'!V19)+IF('Little Hill Primary School'!V19="",0,'Little Hill Primary School'!V19)+IF('New Lubbesthorpe Primary School'!V19="",0,'New Lubbesthorpe Primary School'!V19)+IF('Newlands Primary School'!V19="",0,'Newlands Primary School'!V19)+IF('Ravenhurst Primary School'!V19="",0,'Ravenhurst Primary School'!V19) -> 0 | W19: ='Fernvale Primary School'!W19+'Glenmere Primary School'!W19+'Hinckley Parks Primary'!W19+'Hollycroft Primary School'!W20+'Langmoor Primary School'!W19+'Little Hill Primary School'!W19+'New Lubbesthorpe Primary School'!W19+'Newlands Primary School'!W19+'Ravenhurst Primary School'!W19 -> 0 | X19: ='Fernvale Primary School'!X19+'Glenmere Primary School'!X19+'Hinckley Parks Primary'!X19+'Hollycroft Primary School'!X20+'Langmoor Primary School'!X19+'Little Hill Primary School'!X19+'New Lubbesthorpe Primary School'!X19+'Newlands Primary School'!X19+'Ravenhurst Primary School'!X19 -> -235113 | Y19: ='Fernvale Primary School'!Y19+'Glenmere Primary School'!Y19+'Hinckley Parks Primary'!Y19+'Hollycroft Primary School'!Y20+'Langmoor Primary School'!Y19+'Little Hill Primary School'!Y19+'New Lubbesthorpe Primary School'!Y19+'Newlands Primary School'!Y19+'Ravenhurst Primary School'!Y19 -> 75884 | Z19: =IF(T19<>0, Y19/T19, 0) -> -0.47657148
C20: 510140 - IN: DfE Revenue Grants: Pupil number adjustment | D20: ='Hollycroft Primary School'!D14 -> 0 | E20: ='Hollycroft Primary School'!E14 -> 0 | F20: ='Hollycroft Primary School'!F14 -> 0 | G20: ='Hollycroft Primary School'!G14 -> 0 | H20: =IF(E20<>0, (D20+F20)/E20, 0) -> 0 | J20: ='Hollycroft Primary School'!J14 -> 8416.4 | K20: ='Hollycroft Primary School'!K14 -> 8416.16 | L20: ='Hollycroft Primary School'!L14 -> 0 | M20: ='Hollycroft Primary School'!M14 -> -0.24 | N20: =IF(K20<>0, (J20+L20)/K20, 0) -> 1.0000285 | P20: ='Hollycroft Primary School'!P14 -> 8416.16 | Q20: ='Hollycroft Primary School'!Q14 -> 8416.16 | R20: ='Hollycroft Primary School'!R14 -> 0 | T20: ='Hollycroft Primary School'!T14 -> 8416.16 | U20: ='Hollycroft Primary School'!U14 -> 8416.4 | V20: =IF('Hollycroft Primary School'!V14="",0,'Hollycroft Primary School'!V14) -> 0 | W20: ='Hollycroft Primary School'!W14 -> 0 | X20: ='Hollycroft Primary School'!X14 -> 8416.4 | Y20: ='Hollycroft Primary School'!Y14 -> -0.24 | Z20: =IF(T20<>0, Y20/T20, 0) -> -2.8516568e-05
B21: INGOV - Other Govt Grants | D21: =SUM(D22:D25) -> -54649.9 | E21: =SUM(E22:E25) -> -57380.09 | F21: =SUM(F22:F25) -> 0 | G21: =SUM(G22:G25) -> -2730.19 | H21: =IF(E21<>0, (D21+F21)/E21, 0) -> 0.95241921 | J21: =SUM(J22:J25) -> -1278103.2 | K21: =SUM(K22:K25) -> -1157044 | L21: =SUM(L22:L25) -> 0 | M21: =SUM(M22:M25) -> 121059.17 | N21: =IF(K21<>0, (J21+L21)/K21, 0) -> 1.104628 | P21: =SUM(P22:P25) -> -1032864.8 | Q21: =SUM(Q22:Q25) -> -1157044 | R21: =SUM(R22:R25) -> 124179.19 | T21: =SUM(T22:T25) -> -1157044 | U21: =SUM(U22:U25) -> -1278103.2 | V21: =SUM(V22:V25) -> 0 | W21: =SUM(W22:W25) -> 0 | X21: =SUM(X22:X25) -> -1278103.2 | Y21: =SUM(Y22:Y25) -> 121059.17 | Z21: =IF(T21<>0, Y21/T21, 0) -> -0.10462797
C22: 520100 - IN: Other Grants: LA - SEN | D22: ='Fernvale Primary School'!D21+'Glenmere Primary School'!D21+'Hinckley Parks Primary'!D21+'Hollycroft Primary School'!D22+'Langmoor Primary School'!D21+'Little Hill Primary School'!D21+'New Lubbesthorpe Primary School'!D21+'Newlands Primary School'!D21+'Ravenhurst Primary School'!D21 -> -46899.9 | E22: ='Fernvale Primary School'!E21+'Glenmere Primary School'!E21+'Hinckley Parks Primary'!E21+'Hollycroft Primary School'!E22+'Langmoor Primary School'!E21+'Little Hill Primary School'!E21+'New Lubbesthorpe Primary School'!E21+'Newlands Primary School'!E21+'Ravenhurst Primary School'!E21 -> -1830.09 | F22: ='Fernvale Primary School'!F21+'Glenmere Primary School'!F21+'Hinckley Parks Primary'!F21+'Hollycroft Primary School'!F22+'Langmoor Primary School'!F21+'Little Hill Primary School'!F21+'New Lubbesthorpe Primary School'!F21+'Newlands Primary School'!F21+'Ravenhurst Primary School'!F21 -> 0 | G22: ='Fernvale Primary School'!G21+'Glenmere Primary School'!G21+'Hinckley Parks Primary'!G21+'Hollycroft Primary School'!G22+'Langmoor Primary School'!G21+'Little Hill Primary School'!G21+'New Lubbesthorpe Primary School'!G21+'Newlands Primary School'!G21+'Ravenhurst Primary School'!G21 -> 45069.81 | H22: =IF(E22<>0, (D22+F22)/E22, 0) -> 25.6271 | J22: ='Fernvale Primary School'!J21+'Glenmere Primary School'!J21+'Hinckley Parks Primary'!J21+'Hollycroft Primary School'!J22+'Langmoor Primary School'!J21+'Little Hill Primary School'!J21+'New Lubbesthorpe Primary School'!J21+'Newlands Primary School'!J21+'Ravenhurst Primary School'!J21 -> -1177721.6 | K22: ='Fernvale Primary School'!K21+'Glenmere Primary School'!K21+'Hinckley Parks Primary'!K21+'Hollycroft Primary School'!K22+'Langmoor Primary School'!K21+'Little Hill Primary School'!K21+'New Lubbesthorpe Primary School'!K21+'Newlands Primary School'!K21+'Ravenhurst Primary School'!K21 -> -1069344 | L22: ='Fernvale Primary School'!L21+'Glenmere Primary School'!L21+'Hinckley Parks Primary'!L21+'Hollycroft Primary School'!L22+'Langmoor Primary School'!L21+'Little Hill Primary School'!L21+'New Lubbesthorpe Primary School'!L21+'Newlands Primary School'!L21+'Ravenhurst Primary School'!L21 -> 0 | M22: ='Fernvale Primary School'!M21+'Glenmere Primary School'!M21+'Hinckley Parks Primary'!M21+'Hollycroft Primary School'!M22+'Langmoor Primary School'!M21+'Little Hill Primary School'!M21+'New Lubbesthorpe Primary School'!M21+'Newlands Primary School'!M21+'Ravenhurst Primary School'!M21 -> 108377.56 | N22: =IF(K22<>0, (J22+L22)/K22, 0) -> 1.1013496 | P22: ='Fernvale Primary School'!P21+'Glenmere Primary School'!P21+'Hinckley Parks Primary'!P21+'Hollycroft Primary School'!P22+'Langmoor Primary School'!P21+'Little Hill Primary School'!P21+'New Lubbesthorpe Primary School'!P21+'Newlands Primary School'!P21+'Ravenhurst Primary School'!P21 -> -943144.81 | Q22: ='Fernvale Primary School'!Q21+'Glenmere Primary School'!Q21+'Hinckley Parks Primary'!Q21+'Hollycroft Primary School'!Q22+'Langmoor Primary School'!Q21+'Little Hill Primary School'!Q21+'New Lubbesthorpe Primary School'!Q21+'Newlands Primary School'!Q21+'Ravenhurst Primary School'!Q21 -> -1069344 | R22: ='Fernvale Primary School'!R21+'Glenmere Primary School'!R21+'Hinckley Parks Primary'!R21+'Hollycroft Primary School'!R22+'Langmoor Primary School'!R21+'Little Hill Primary School'!R21+'New Lubbesthorpe Primary School'!R21+'Newlands Primary School'!R21+'Ravenhurst Primary School'!R21 -> 126199.19 | T22: ='Fernvale Primary School'!T21+'Glenmere Primary School'!T21+'Hinckley Parks Primary'!T21+'Hollycroft Primary School'!T22+'Langmoor Primary School'!T21+'Little Hill Primary School'!T21+'New Lubbesthorpe Primary School'!T21+'Newlands Primary School'!T21+'Ravenhurst Primary School'!T21 -> -1069344 | U22: ='Fernvale Primary School'!U21+'Glenmere Primary School'!U21+'Hinckley Parks Primary'!U21+'Hollycroft Primary School'!U22+'Langmoor Primary School'!U21+'Little Hill Primary School'!U21+'New Lubbesthorpe Primary School'!U21+'Newlands Primary School'!U21+'Ravenhurst Primary School'!U21 -> -1177721.6 | V22: =IF('Fernvale Primary School'!V21="",0,'Fernvale Primary School'!V21)+IF('Glenmere Primary School'!V21="",0,'Glenmere Primary School'!V21)+IF('Hinckley Parks Primary'!V21="",0,'Hinckley Parks Primary'!V21)+IF('Hollycroft Primary School'!V22="",0,'Hollycroft Primary School'!V22)+IF('Langmoor Primary School'!V21="",0,'Langmoor Primary School'!V21)+IF('Little Hill Primary School'!V21="",0,'Little Hill Primary School'!V21)+IF('New Lubbesthorpe Primary School'!V21="",0,'New Lubbesthorpe Primary School'!V21)+IF('Newlands Primary School'!V21="",0,'Newlands Primary School'!V21)+IF('Ravenhurst Primary School'!V21="",0,'Ravenhurst Primary School'!V21) -> 0 | W22: ='Fernvale Primary School'!W21+'Glenmere Primary School'!W21+'Hinckley Parks Primary'!W21+'Hollycroft Primary School'!W22+'Langmoor Primary School'!W21+'Little Hill Primary School'!W21+'New Lubbesthorpe Primary School'!W21+'Newlands Primary School'!W21+'Ravenhurst Primary School'!W21 -> 0 | X22: ='Fernvale Primary School'!X21+'Glenmere Primary School'!X21+'Hinckley Parks Primary'!X21+'Hollycroft Primary School'!X22+'Langmoor Primary School'!X21+'Little Hill Primary School'!X21+'New Lubbesthorpe Primary School'!X21+'Newlands Primary School'!X21+'Ravenhurst Primary School'!X21 -> -1177721.6 | Y22: ='Fernvale Primary School'!Y21+'Glenmere Primary School'!Y21+'Hinckley Parks Primary'!Y21+'Hollycroft Primary School'!Y22+'Langmoor Primary School'!Y21+'Little Hill Primary School'!Y21+'New Lubbesthorpe Primary School'!Y21+'Newlands Primary School'!Y21+'Ravenhurst Primary School'!Y21 -> 108377.56 | Z22: =IF(T22<>0, Y22/T22, 0) -> -0.10134958
C23: 520200 - IN: Other Grants: LA - Other grants | D23: ='Hinckley Parks Primary'!D22+'Hollycroft Primary School'!D23+'Langmoor Primary School'!D22+'Little Hill Primary School'!D22+'New Lubbesthorpe Primary School'!D22+'Newlands Primary School'!D22+'Ravenhurst Primary School'!D22 -> -750 | E23: ='Hinckley Parks Primary'!E22+'Hollycroft Primary School'!E23+'Langmoor Primary School'!E22+'Little Hill Primary School'!E22+'New Lubbesthorpe Primary School'!E22+'Newlands Primary School'!E22+'Ravenhurst Primary School'!E22 -> -55500 | F23: ='Hinckley Parks Primary'!F22+'Hollycroft Primary School'!F23+'Langmoor Primary School'!F22+'Little Hill Primary School'!F22+'New Lubbesthorpe Primary School'!F22+'Newlands Primary School'!F22+'Ravenhurst Primary School'!F22 -> 0 | G23: ='Hinckley Parks Primary'!G22+'Hollycroft Primary School'!G23+'Langmoor Primary School'!G22+'Little Hill Primary School'!G22+'New Lubbesthorpe Primary School'!G22+'Newlands Primary School'!G22+'Ravenhurst Primary School'!G22 -> -54750 | H23: =IF(E23<>0, (D23+F23)/E23, 0) -> 0.013513514 | J23: ='Hinckley Parks Primary'!J22+'Hollycroft Primary School'!J23+'Langmoor Primary School'!J22+'Little Hill Primary School'!J22+'New Lubbesthorpe Primary School'!J22+'Newlands Primary School'!J22+'Ravenhurst Primary School'!J22 -> -82381.61 | K23: ='Hinckley Parks Primary'!K22+'Hollycroft Primary School'!K23+'Langmoor Primary School'!K22+'Little Hill Primary School'!K22+'New Lubbesthorpe Primary School'!K22+'Newlands Primary School'!K22+'Ravenhurst Primary School'!K22 -> -76600 | L23: ='Hinckley Parks Primary'!L22+'Hollycroft Primary School'!L23+'Langmoor Primary School'!L22+'Little Hill Primary School'!L22+'New Lubbesthorpe Primary School'!L22+'Newlands Primary School'!L22+'Ravenhurst Primary School'!L22 -> 0 | M23: ='Hinckley Parks Primary'!M22+'Hollycroft Primary School'!M23+'Langmoor Primary School'!M22+'Little Hill Primary School'!M22+'New Lubbesthorpe Primary School'!M22+'Newlands Primary School'!M22+'Ravenhurst Primary School'!M22 -> 5781.61 | N23: =IF(K23<>0, (J23+L23)/K23, 0) -> 1.0754779 | P23: ='Hinckley Parks Primary'!P22+'Hollycroft Primary School'!P23+'Langmoor Primary School'!P22+'Little Hill Primary School'!P22+'New Lubbesthorpe Primary School'!P22+'Newlands Primary School'!P22+'Ravenhurst Primary School'!P22 -> -79220 | Q23: ='Hinckley Parks Primary'!Q22+'Hollycroft Primary School'!Q23+'Langmoor Primary School'!Q22+'Little Hill Primary School'!Q22+'New Lubbesthorpe Primary School'!Q22+'Newlands Primary School'!Q22+'Ravenhurst Primary School'!Q22 -> -76600 | R23: ='Hinckley Parks Primary'!R22+'Hollycroft Primary School'!R23+'Langmoor Primary School'!R22+'Little Hill Primary School'!R22+'New Lubbesthorpe Primary School'!R22+'Newlands Primary School'!R22+'Ravenhurst Primary School'!R22 -> -2620 | T23: ='Hinckley Parks Primary'!T22+'Hollycroft Primary School'!T23+'Langmoor Primary School'!T22+'Little Hill Primary School'!T22+'New Lubbesthorpe Primary School'!T22+'Newlands Primary School'!T22+'Ravenhurst Primary School'!T22 -> -76600 | U23: ='Hinckley Parks Primary'!U22+'Hollycroft Primary School'!U23+'Langmoor Primary School'!U22+'Little Hill Primary School'!U22+'New Lubbesthorpe Primary School'!U22+'Newlands Primary School'!U22+'Ravenhurst Primary School'!U22 -> -82381.61 | V23: =IF('Hinckley Parks Primary'!V22="",0,'Hinckley Parks Primary'!V22)+IF('Hollycroft Primary School'!V23="",0,'Hollycroft Primary School'!V23)+IF('Langmoor Primary School'!V22="",0,'Langmoor Primary School'!V22)+IF('Little Hill Primary School'!V22="",0,'Little Hill Primary School'!V22)+IF('New Lubbesthorpe Primary School'!V22="",0,'New Lubbesthorpe Primary School'!V22)+IF('Newlands Primary School'!V22="",0,'Newlands Primary School'!V22)+IF('Ravenhurst Primary School'!V22="",0,'Ravenhurst Primary School'!V22) -> 0 | W23: ='Hinckley Parks Primary'!W22+'Hollycroft Primary School'!W23+'Langmoor Primary School'!W22+'Little Hill Primary School'!W22+'New Lubbesthorpe Primary School'!W22+'Newlands Primary School'!W22+'Ravenhurst Primary School'!W22 -> 0 | X23: ='Hinckley Parks Primary'!X22+'Hollycroft Primary School'!X23+'Langmoor Primary School'!X22+'Little Hill Primary School'!X22+'New Lubbesthorpe Primary School'!X22+'Newlands Primary School'!X22+'Ravenhurst Primary School'!X22 -> -82381.61 | Y23: ='Hinckley Parks Primary'!Y22+'Hollycroft Primary School'!Y23+'Langmoor Primary School'!Y22+'Little Hill Primary School'!Y22+'New Lubbesthorpe Primary School'!Y22+'Newlands Primary School'!Y22+'Ravenhurst Primary School'!Y22 -> 5781.61 | Z23: =IF(T23<>0, Y23/T23, 0) -> -0.075477937
C24: 520355 - IN: Other Grants: Other revenue grants | D24: ='Hinckley Parks Primary'!D23 -> -7000 | E24: ='Hinckley Parks Primary'!E23 -> 0 | F24: ='Hinckley Parks Primary'!F23 -> 0 | G24: ='Hinckley Parks Primary'!G23 -> 7000 | H24: =IF(E24<>0, (D24+F24)/E24, 0) -> 0 | J24: ='Hinckley Parks Primary'!J23 -> -7500 | K24: ='Hinckley Parks Primary'!K23 -> 0 | L24: ='Hinckley Parks Primary'!L23 -> 0 | M24: ='Hinckley Parks Primary'!M23 -> 7500 | N24: =IF(K24<>0, (J24+L24)/K24, 0) -> 0 | P24: ='Hinckley Parks Primary'!P23 -> 0 | Q24: ='Hinckley Parks Primary'!Q23 -> 0 | R24: ='Hinckley Parks Primary'!R23 -> 0 | T24: ='Hinckley Parks Primary'!T23 -> 0 | U24: ='Hinckley Parks Primary'!U23 -> -7500 | V24: =IF('Hinckley Parks Primary'!V23="",0,'Hinckley Parks Primary'!V23) -> 0 | W24: ='Hinckley Parks Primary'!W23 -> 0 | X24: ='Hinckley Parks Primary'!X23 -> -7500 | Y24: ='Hinckley Parks Primary'!Y23 -> 7500 | Z24: =IF(T24<>0, Y24/T24, 0) -> 0
C25: 520300 - IN: Other Grants: Government grant - not DfE | D25: ='Newlands Primary School'!D23+'OWLS Academy Trust'!D12 -> 0 | E25: ='Newlands Primary School'!E23+'OWLS Academy Trust'!E12 -> -50 | F25: ='Newlands Primary School'!F23+'OWLS Academy Trust'!F12 -> 0 | G25: ='Newlands Primary School'!G23+'OWLS Academy Trust'!G12 -> -50 | H25: =IF(E25<>0, (D25+F25)/E25, 0) -> 0 | J25: ='Newlands Primary School'!J23+'OWLS Academy Trust'!J12 -> -10500 | K25: ='Newlands Primary School'!K23+'OWLS Academy Trust'!K12 -> -11100 | L25: ='Newlands Primary School'!L23+'OWLS Academy Trust'!L12 -> 0 | M25: ='Newlands Primary School'!M23+'OWLS Academy Trust'!M12 -> -600 | N25: =IF(K25<>0, (J25+L25)/K25, 0) -> 0.94594595 | P25: ='Newlands Primary School'!P23+'OWLS Academy Trust'!P12 -> -10500 | Q25: ='Newlands Primary School'!Q23+'OWLS Academy Trust'!Q12 -> -11100 | R25: ='Newlands Primary School'!R23+'OWLS Academy Trust'!R12 -> 600 | T25: ='Newlands Primary School'!T23+'OWLS Academy Trust'!T12 -> -11100 | U25: ='Newlands Primary School'!U23+'OWLS Academy Trust'!U12 -> -10500 | V25: =IF('Newlands Primary School'!V23="",0,'Newlands Primary School'!V23)+IF('OWLS Academy Trust'!V12="",0,'OWLS Academy Trust'!V12) -> 0 | W25: ='Newlands Primary School'!W23+'OWLS Academy Trust'!W12 -> 0 | X25: ='Newlands Primary School'!X23+'OWLS Academy Trust'!X12 -> -10500 | Y25: ='Newlands Primary School'!Y23+'OWLS Academy Trust'!Y12 -> -600 | Z25: =IF(T25<>0, Y25/T25, 0) -> 0.054054054
B26: INTOP - Top Slice Income | D26: =SUM(D27:D27) -> -59375.77 | E26: =SUM(E27:E27) -> -59363.35 | F26: =SUM(F27:F27) -> 0 | G26: =SUM(G27:G27) -> 12.42 | H26: =IF(E26<>0, (D26+F26)/E26, 0) -> 1.0002092 | J26: =SUM(J27:J27) -> -712361.11 | K26: =SUM(K27:K27) -> -712360.23 | L26: =SUM(L27:L27) -> 0 | M26: =SUM(M27:M27) -> 0.88 | N26: =IF(K26<>0, (J26+L26)/K26, 0) -> 1.0000012 | P26: =SUM(P27:P27) -> -712360.23 | Q26: =SUM(Q27:Q27) -> -712360.23 | R26: =SUM(R27:R27) -> 0 | T26: =SUM(T27:T27) -> -712360.23 | U26: =SUM(U27:U27) -> -712361.11 | V26: =SUM(V27:V27) -> 0 | W26: =SUM(W27:W27) -> 0 | X26: =SUM(X27:X27) -> -712361.11 | Y26: =SUM(Y27:Y27) -> 0.88 | Z26: =IF(T26<>0, Y26/T26, 0) -> -1.2353301e-06
C27: 530990 - IN: Trading Income: Trust Cont. from academy | D27: ='OWLS Academy Trust'!D21 -> -59375.77 | E27: ='OWLS Academy Trust'!E21 -> -59363.35 | F27: ='OWLS Academy Trust'!F21 -> 0 | G27: ='OWLS Academy Trust'!G21 -> 12.42 | H27: =IF(E27<>0, (D27+F27)/E27, 0) -> 1.0002092 | J27: ='OWLS Academy Trust'!J21 -> -712361.11 | K27: ='OWLS Academy Trust'!K21 -> -712360.23 | L27: ='OWLS Academy Trust'!L21 -> 0 | M27: ='OWLS Academy Trust'!M21 -> 0.88 | N27: =IF(K27<>0, (J27+L27)/K27, 0) -> 1.0000012 | P27: ='OWLS Academy Trust'!P21 -> -712360.23 | Q27: ='OWLS Academy Trust'!Q21 -> -712360.23 | R27: ='OWLS Academy Trust'!R21 -> 0 | T27: ='OWLS Academy Trust'!T21 -> -712360.23 | U27: ='OWLS Academy Trust'!U21 -> -712361.11 | V27: =IF('OWLS Academy Trust'!V21="",0,'OWLS Academy Trust'!V21) -> 0 | W27: ='OWLS Academy Trust'!W21 -> 0 | X27: ='OWLS Academy Trust'!X21 -> -712361.11 | Y27: ='OWLS Academy Trust'!Y21 -> 0.88 | Z27: =IF(T27<>0, Y27/T27, 0) -> -1.2353301e-06
B28: INOTH - Other Income | D28: =SUM(D29:D51) -> -33570.23 | E28: =SUM(E29:E51) -> 43887.43 | F28: =SUM(F29:F51) -> 0 | G28: =SUM(G29:G51) -> 77457.66 | H28: =IF(E28<>0, (D28+F28)/E28, 0) -> -0.76491674 | J28: =SUM(J29:J51) -> -933590.61 | K28: =SUM(K29:K51) -> -785190.22 | L28: =SUM(L29:L51) -> 0 | M28: =SUM(M29:M51) -> 148400.39 | N28: =IF(K28<>0, (J28+L28)/K28, 0) -> 1.1889993 | P28: =SUM(P29:P51) -> -742058.36 | Q28: =SUM(Q29:Q51) -> -785190.22 | R28: =SUM(R29:R51) -> 43131.86 | T28: =SUM(T29:T51) -> -785190.22 | U28: =SUM(U29:U51) -> -933590.61 | V28: =SUM(V29:V51) -> 0 | W28: =SUM(W29:W51) -> 0 | X28: =SUM(X29:X51) -> -933590.61 | Y28: =SUM(Y29:Y51) -> 148400.39 | Z28: =IF(T28<>0, Y28/T28, 0) -> -0.18899928
C29: 525205 - IN: Other Income: Non-govt revenue | D29: ='Fernvale Primary School'!D23+'Glenmere Primary School'!D23+'Hinckley Parks Primary'!D26+'Hollycroft Primary School'!D25+'Langmoor Primary School'!D24+'New Lubbesthorpe Primary School'!D25+'Newlands Primary School'!D25+'OWLS Academy Trust'!D15+'Ravenhurst Primary School'!D24 -> -2253.43 | E29: ='Fernvale Primary School'!E23+'Glenmere Primary School'!E23+'Hinckley Parks Primary'!E26+'Hollycroft Primary School'!E25+'Langmoor Primary School'!E24+'New Lubbesthorpe Primary School'!E25+'Newlands Primary School'!E25+'OWLS Academy Trust'!E15+'Ravenhurst Primary School'!E24 -> -322.33 | F29: ='Fernvale Primary School'!F23+'Glenmere Primary School'!F23+'Hinckley Parks Primary'!F26+'Hollycroft Primary School'!F25+'Langmoor Primary School'!F24+'New Lubbesthorpe Primary School'!F25+'Newlands Primary School'!F25+'OWLS Academy Trust'!F15+'Ravenhurst Primary School'!F24 -> 0 | G29: ='Fernvale Primary School'!G23+'Glenmere Primary School'!G23+'Hinckley Parks Primary'!G26+'Hollycroft Primary School'!G25+'Langmoor Primary School'!G24+'New Lubbesthorpe Primary School'!G25+'Newlands Primary School'!G25+'OWLS Academy Trust'!G15+'Ravenhurst Primary School'!G24 -> 1931.1 | H29: =IF(E29<>0, (D29+F29)/E29, 0) -> 6.9910651 | J29: ='Fernvale Primary School'!J23+'Glenmere Primary School'!J23+'Hinckley Parks Primary'!J26+'Hollycroft Primary School'!J25+'Langmoor Primary School'!J24+'New Lubbesthorpe Primary School'!J25+'Newlands Primary School'!J25+'OWLS Academy Trust'!J15+'Ravenhurst Primary School'!J24 -> -13282.04 | K29: ='Fernvale Primary School'!K23+'Glenmere Primary School'!K23+'Hinckley Parks Primary'!K26+'Hollycroft Primary School'!K25+'Langmoor Primary School'!K24+'New Lubbesthorpe Primary School'!K25+'Newlands Primary School'!K25+'OWLS Academy Trust'!K15+'Ravenhurst Primary School'!K24 -> -6218.02 | L29: ='Fernvale Primary School'!L23+'Glenmere Primary School'!L23+'Hinckley Parks Primary'!L26+'Hollycroft Primary School'!L25+'Langmoor Primary School'!L24+'New Lubbesthorpe Primary School'!L25+'Newlands Primary School'!L25+'OWLS Academy Trust'!L15+'Ravenhurst Primary School'!L24 -> 0 | M29: ='Fernvale Primary School'!M23+'Glenmere Primary School'!M23+'Hinckley Parks Primary'!M26+'Hollycroft Primary School'!M25+'Langmoor Primary School'!M24+'New Lubbesthorpe Primary School'!M25+'Newlands Primary School'!M25+'OWLS Academy Trust'!M15+'Ravenhurst Primary School'!M24 -> 7064.02 | N29: =IF(K29<>0, (J29+L29)/K29, 0) -> 2.1360562 | P29: ='Fernvale Primary School'!P23+'Glenmere Primary School'!P23+'Hinckley Parks Primary'!P26+'Hollycroft Primary School'!P25+'Langmoor Primary School'!P24+'New Lubbesthorpe Primary School'!P25+'Newlands Primary School'!P25+'OWLS Academy Trust'!P15+'Ravenhurst Primary School'!P24 -> -5100.09 | Q29: ='Fernvale Primary School'!Q23+'Glenmere Primary School'!Q23+'Hinckley Parks Primary'!Q26+'Hollycroft Primary School'!Q25+'Langmoor Primary School'!Q24+'New Lubbesthorpe Primary School'!Q25+'Newlands Primary School'!Q25+'OWLS Academy Trust'!Q15+'Ravenhurst Primary School'!Q24 -> -6218.02 | R29: ='Fernvale Primary School'!R23+'Glenmere Primary School'!R23+'Hinckley Parks Primary'!R26+'Hollycroft Primary School'!R25+'Langmoor Primary School'!R24+'New Lubbesthorpe Primary School'!R25+'Newlands Primary School'!R25+'OWLS Academy Trust'!R15+'Ravenhurst Primary School'!R24 -> 1117.93 | T29: ='Fernvale Primary School'!T23+'Glenmere Primary School'!T23+'Hinckley Parks Primary'!T26+'Hollycroft Primary School'!T25+'Langmoor Primary School'!T24+'New Lubbesthorpe Primary School'!T25+'Newlands Primary School'!T25+'OWLS Academy Trust'!T15+'Ravenhurst Primary School'!T24 -> -6218.02 | U29: ='Fernvale Primary School'!U23+'Glenmere Primary School'!U23+'Hinckley Parks Primary'!U26+'Hollycroft Primary School'!U25+'Langmoor Primary School'!U24+'New Lubbesthorpe Primary School'!U25+'Newlands Primary School'!U25+'OWLS Academy Trust'!U15+'Ravenhurst Primary School'!U24 -> -13282.04 | V29: =IF('Fernvale Primary School'!V23="",0,'Fernvale Primary School'!V23)+IF('Glenmere Primary School'!V23="",0,'Glenmere Primary School'!V23)+IF('Hinckley Parks Primary'!V26="",0,'Hinckley Parks Primary'!V26)+IF('Hollycroft Primary School'!V25="",0,'Hollycroft Primary School'!V25)+IF('Langmoor Primary School'!V24="",0,'Langmoor Primary School'!V24)+IF('New Lubbesthorpe Primary School'!V25="",0,'New Lubbesthorpe Primary School'!V25)+IF('Newlands Primary School'!V25="",0,'Newlands Primary School'!V25)+IF('OWLS Academy Trust'!V15="",0,'OWLS Academy Trust'!V15)+IF('Ravenhurst Primary School'!V24="",0,'Ravenhurst Primary School'!V24) -> 0 | W29: ='Fernvale Primary School'!W23+'Glenmere Primary School'!W23+'Hinckley Parks Primary'!W26+'Hollycroft Primary School'!W25+'Langmoor Primary School'!W24+'New Lubbesthorpe Primary School'!W25+'Newlands Primary School'!W25+'OWLS Academy Trust'!W15+'Ravenhurst Primary School'!W24 -> 0 | X29: ='Fernvale Primary School'!X23+'Glenmere Primary School'!X23+'Hinckley Parks Primary'!X26+'Hollycroft Primary School'!X25+'Langmoor Primary School'!X24+'New Lubbesthorpe Primary School'!X25+'Newlands Primary School'!X25+'OWLS Academy Trust'!X15+'Ravenhurst Primary School'!X24 -> -13282.04 | Y29: ='Fernvale Primary School'!Y23+'Glenmere Primary School'!Y23+'Hinckley Parks Primary'!Y26+'Hollycroft Primary School'!Y25+'Langmoor Primary School'!Y24+'New Lubbesthorpe Primary School'!Y25+'Newlands Primary School'!Y25+'OWLS Academy Trust'!Y15+'Ravenhurst Primary School'!Y24 -> 7064.02 | Z29: =IF(T29<>0, Y29/T29, 0) -> -1.1360562
C30: 525300 - IN: Other Income: Catering income from pupils | D30: ='Fernvale Primary School'!D24+'Glenmere Primary School'!D24+'Hinckley Parks Primary'!D27+'Hollycroft Primary School'!D26+'Langmoor Primary School'!D25+'Little Hill Primary School'!D25+'New Lubbesthorpe Primary School'!D27+'Newlands Primary School'!D26+'Ravenhurst Primary School'!D25 -> -771.42 | E30: ='Fernvale Primary School'!E24+'Glenmere Primary School'!E24+'Hinckley Parks Primary'!E27+'Hollycroft Primary School'!E26+'Langmoor Primary School'!E25+'Little Hill Primary School'!E25+'New Lubbesthorpe Primary School'!E27+'Newlands Primary School'!E26+'Ravenhurst Primary School'!E25 -> 0 | F30: ='Fernvale Primary School'!F24+'Glenmere Primary School'!F24+'Hinckley Parks Primary'!F27+'Hollycroft Primary School'!F26+'Langmoor Primary School'!F25+'Little Hill Primary School'!F25+'New Lubbesthorpe Primary School'!F27+'Newlands Primary School'!F26+'Ravenhurst Primary School'!F25 -> 0 | G30: ='Fernvale Primary School'!G24+'Glenmere Primary School'!G24+'Hinckley Parks Primary'!G27+'Hollycroft Primary School'!G26+'Langmoor Primary School'!G25+'Little Hill Primary School'!G25+'New Lubbesthorpe Primary School'!G27+'Newlands Primary School'!G26+'Ravenhurst Primary School'!G25 -> 771.42 | H30: =IF(E30<>0, (D30+F30)/E30, 0) -> 0 | J30: ='Fernvale Primary School'!J24+'Glenmere Primary School'!J24+'Hinckley Parks Primary'!J27+'Hollycroft Primary School'!J26+'Langmoor Primary School'!J25+'Little Hill Primary School'!J25+'New Lubbesthorpe Primary School'!J27+'Newlands Primary School'!J26+'Ravenhurst Primary School'!J25 -> -174547.15 | K30: ='Fernvale Primary School'!K24+'Glenmere Primary School'!K24+'Hinckley Parks Primary'!K27+'Hollycroft Primary School'!K26+'Langmoor Primary School'!K25+'Little Hill Primary School'!K25+'New Lubbesthorpe Primary School'!K27+'Newlands Primary School'!K26+'Ravenhurst Primary School'!K25 -> -203021.95 | L30: ='Fernvale Primary School'!L24+'Glenmere Primary School'!L24+'Hinckley Parks Primary'!L27+'Hollycroft Primary School'!L26+'Langmoor Primary School'!L25+'Little Hill Primary School'!L25+'New Lubbesthorpe Primary School'!L27+'Newlands Primary School'!L26+'Ravenhurst Primary School'!L25 -> 0 | M30: ='Fernvale Primary School'!M24+'Glenmere Primary School'!M24+'Hinckley Parks Primary'!M27+'Hollycroft Primary School'!M26+'Langmoor Primary School'!M25+'Little Hill Primary School'!M25+'New Lubbesthorpe Primary School'!M27+'Newlands Primary School'!M26+'Ravenhurst Primary School'!M25 -> -28474.8 | N30: =IF(K30<>0, (J30+L30)/K30, 0) -> 0.85974521 | P30: ='Fernvale Primary School'!P24+'Glenmere Primary School'!P24+'Hinckley Parks Primary'!P27+'Hollycroft Primary School'!P26+'Langmoor Primary School'!P25+'Little Hill Primary School'!P25+'New Lubbesthorpe Primary School'!P27+'Newlands Primary School'!P26+'Ravenhurst Primary School'!P25 -> -200791.95 | Q30: ='Fernvale Primary School'!Q24+'Glenmere Primary School'!Q24+'Hinckley Parks Primary'!Q27+'Hollycroft Primary School'!Q26+'Langmoor Primary School'!Q25+'Little Hill Primary School'!Q25+'New Lubbesthorpe Primary School'!Q27+'Newlands Primary School'!Q26+'Ravenhurst Primary School'!Q25 -> -203021.95 | R30: ='Fernvale Primary School'!R24+'Glenmere Primary School'!R24+'Hinckley Parks Primary'!R27+'Hollycroft Primary School'!R26+'Langmoor Primary School'!R25+'Little Hill Primary School'!R25+'New Lubbesthorpe Primary School'!R27+'Newlands Primary School'!R26+'Ravenhurst Primary School'!R25 -> 2230 | T30: ='Fernvale Primary School'!T24+'Glenmere Primary School'!T24+'Hinckley Parks Primary'!T27+'Hollycroft Primary School'!T26+'Langmoor Primary School'!T25+'Little Hill Primary School'!T25+'New Lubbesthorpe Primary School'!T27+'Newlands Primary School'!T26+'Ravenhurst Primary School'!T25 -> -203021.95 | U30: ='Fernvale Primary School'!U24+'Glenmere Primary School'!U24+'Hinckley Parks Primary'!U27+'Hollycroft Primary School'!U26+'Langmoor Primary School'!U25+'Little Hill Primary School'!U25+'New Lubbesthorpe Primary School'!U27+'Newlands Primary School'!U26+'Ravenhurst Primary School'!U25 -> -174547.15 | V30: =IF('Fernvale Primary School'!V24="",0,'Fernvale Primary School'!V24)+IF('Glenmere Primary School'!V24="",0,'Glenmere Primary School'!V24)+IF('Hinckley Parks Primary'!V27="",0,'Hinckley Parks Primary'!V27)+IF('Hollycroft Primary School'!V26="",0,'Hollycroft Primary School'!V26)+IF('Langmoor Primary School'!V25="",0,'Langmoor Primary School'!V25)+IF('Little Hill Primary School'!V25="",0,'Little Hill Primary School'!V25)+IF('New Lubbesthorpe Primary School'!V27="",0,'New Lubbesthorpe Primary School'!V27)+IF('Newlands Primary School'!V26="",0,'Newlands Primary School'!V26)+IF('Ravenhurst Primary School'!V25="",0,'Ravenhurst Primary School'!V25) -> 0 | W30: ='Fernvale Primary School'!W24+'Glenmere Primary School'!W24+'Hinckley Parks Primary'!W27+'Hollycroft Primary School'!W26+'Langmoor Primary School'!W25+'Little Hill Primary School'!W25+'New Lubbesthorpe Primary School'!W27+'Newlands Primary School'!W26+'Ravenhurst Primary School'!W25 -> 0 | X30: ='Fernvale Primary School'!X24+'Glenmere Primary School'!X24+'Hinckley Parks Primary'!X27+'Hollycroft Primary School'!X26+'Langmoor Primary School'!X25+'Little Hill Primary School'!X25+'New Lubbesthorpe Primary School'!X27+'Newlands Primary School'!X26+'Ravenhurst Primary School'!X25 -> -174547.15 | Y30: ='Fernvale Primary School'!Y24+'Glenmere Primary School'!Y24+'Hinckley Parks Primary'!Y27+'Hollycroft Primary School'!Y26+'Langmoor Primary School'!Y25+'Little Hill Primary School'!Y25+'New Lubbesthorpe Primary School'!Y27+'Newlands Primary School'!Y26+'Ravenhurst Primary School'!Y25 -> -28474.8 | Z30: =IF(T30<>0, Y30/T30, 0) -> 0.14025479
C31: 525400 - IN: Other Income: Educational trips & visits | D31: ='Fernvale Primary School'!D25+'Glenmere Primary School'!D25+'Hinckley Parks Primary'!D28+'Hollycroft Primary School'!D27+'Langmoor Primary School'!D26+'Little Hill Primary School'!D26+'New Lubbesthorpe Primary School'!D28+'Newlands Primary School'!D27+'Ravenhurst Primary School'!D26 -> -2689.21 | E31: ='Fernvale Primary School'!E25+'Glenmere Primary School'!E25+'Hinckley Parks Primary'!E28+'Hollycroft Primary School'!E27+'Langmoor Primary School'!E26+'Little Hill Primary School'!E26+'New Lubbesthorpe Primary School'!E28+'Newlands Primary School'!E27+'Ravenhurst Primary School'!E26 -> 0 | F31: ='Fernvale Primary School'!F25+'Glenmere Primary School'!F25+'Hinckley Parks Primary'!F28+'Hollycroft Primary School'!F27+'Langmoor Primary School'!F26+'Little Hill Primary School'!F26+'New Lubbesthorpe Primary School'!F28+'Newlands Primary School'!F27+'Ravenhurst Primary School'!F26 -> 0 | G31: ='Fernvale Primary School'!G25+'Glenmere Primary School'!G25+'Hinckley Parks Primary'!G28+'Hollycroft Primary School'!G27+'Langmoor Primary School'!G26+'Little Hill Primary School'!G26+'New Lubbesthorpe Primary School'!G28+'Newlands Primary School'!G27+'Ravenhurst Primary School'!G26 -> 2689.21 | H31: =IF(E31<>0, (D31+F31)/E31, 0) -> 0 | J31: ='Fernvale Primary School'!J25+'Glenmere Primary School'!J25+'Hinckley Parks Primary'!J28+'Hollycroft Primary School'!J27+'Langmoor Primary School'!J26+'Little Hill Primary School'!J26+'New Lubbesthorpe Primary School'!J28+'Newlands Primary School'!J27+'Ravenhurst Primary School'!J26 -> -264221.25 | K31: ='Fernvale Primary School'!K25+'Glenmere Primary School'!K25+'Hinckley Parks Primary'!K28+'Hollycroft Primary School'!K27+'Langmoor Primary School'!K26+'Little Hill Primary School'!K26+'New Lubbesthorpe Primary School'!K28+'Newlands Primary School'!K27+'Ravenhurst Primary School'!K26 -> -175666.1 | L31: ='Fernvale Primary School'!L25+'Glenmere Primary School'!L25+'Hinckley Parks Primary'!L28+'Hollycroft Primary School'!L27+'Langmoor Primary School'!L26+'Little Hill Primary School'!L26+'New Lubbesthorpe Primary School'!L28+'Newlands Primary School'!L27+'Ravenhurst Primary School'!L26 -> 0 | M31: ='Fernvale Primary School'!M25+'Glenmere Primary School'!M25+'Hinckley Parks Primary'!M28+'Hollycroft Primary School'!M27+'Langmoor Primary School'!M26+'Little Hill Primary School'!M26+'New Lubbesthorpe Primary School'!M28+'Newlands Primary School'!M27+'Ravenhurst Primary School'!M26 -> 88555.15 | N31: =IF(K31<>0, (J31+L31)/K31, 0) -> 1.5041106 | P31: ='Fernvale Primary School'!P25+'Glenmere Primary School'!P25+'Hinckley Parks Primary'!P28+'Hollycroft Primary School'!P27+'Langmoor Primary School'!P26+'Little Hill Primary School'!P26+'New Lubbesthorpe Primary School'!P28+'Newlands Primary School'!P27+'Ravenhurst Primary School'!P26 -> -168806.1 | Q31: ='Fernvale Primary School'!Q25+'Glenmere Primary School'!Q25+'Hinckley Parks Primary'!Q28+'Hollycroft Primary School'!Q27+'Langmoor Primary School'!Q26+'Little Hill Primary School'!Q26+'New Lubbesthorpe Primary School'!Q28+'Newlands Primary School'!Q27+'Ravenhurst Primary School'!Q26 -> -175666.1 | R31: ='Fernvale Primary School'!R25+'Glenmere Primary School'!R25+'Hinckley Parks Primary'!R28+'Hollycroft Primary School'!R27+'Langmoor Primary School'!R26+'Little Hill Primary School'!R26+'New Lubbesthorpe Primary School'!R28+'Newlands Primary School'!R27+'Ravenhurst Primary School'!R26 -> 6860 | T31: ='Fernvale Primary School'!T25+'Glenmere Primary School'!T25+'Hinckley Parks Primary'!T28+'Hollycroft Primary School'!T27+'Langmoor Primary School'!T26+'Little Hill Primary School'!T26+'New Lubbesthorpe Primary School'!T28+'Newlands Primary School'!T27+'Ravenhurst Primary School'!T26 -> -175666.1 | U31: ='Fernvale Primary School'!U25+'Glenmere Primary School'!U25+'Hinckley Parks Primary'!U28+'Hollycroft Primary School'!U27+'Langmoor Primary School'!U26+'Little Hill Primary School'!U26+'New Lubbesthorpe Primary School'!U28+'Newlands Primary School'!U27+'Ravenhurst Primary School'!U26 -> -264221.25 | V31: =IF('Fernvale Primary School'!V25="",0,'Fernvale Primary School'!V25)+IF('Glenmere Primary School'!V25="",0,'Glenmere Primary School'!V25)+IF('Hinckley Parks Primary'!V28="",0,'Hinckley Parks Primary'!V28)+IF('Hollycroft Primary School'!V27="",0,'Hollycroft Primary School'!V27)+IF('Langmoor Primary School'!V26="",0,'Langmoor Primary School'!V26)+IF('Little Hill Primary School'!V26="",0,'Little Hill Primary School'!V26)+IF('New Lubbesthorpe Primary School'!V28="",0,'New Lubbesthorpe Primary School'!V28)+IF('Newlands Primary School'!V27="",0,'Newlands Primary School'!V27)+IF('Ravenhurst Primary School'!V26="",0,'Ravenhurst Primary School'!V26) -> 0 | W31: ='Fernvale Primary School'!W25+'Glenmere Primary School'!W25+'Hinckley Parks Primary'!W28+'Hollycroft Primary School'!W27+'Langmoor Primary School'!W26+'Little Hill Primary School'!W26+'New Lubbesthorpe Primary School'!W28+'Newlands Primary School'!W27+'Ravenhurst Primary School'!W26 -> 0 | X31: ='Fernvale Primary School'!X25+'Glenmere Primary School'!X25+'Hinckley Parks Primary'!X28+'Hollycroft Primary School'!X27+'Langmoor Primary School'!X26+'Little Hill Primary School'!X26+'New Lubbesthorpe Primary School'!X28+'Newlands Primary School'!X27+'Ravenhurst Primary School'!X26 -> -264221.25 | Y31: ='Fernvale Primary School'!Y25+'Glenmere Primary School'!Y25+'Hinckley Parks Primary'!Y28+'Hollycroft Primary School'!Y27+'Langmoor Primary School'!Y26+'Little Hill Primary School'!Y26+'New Lubbesthorpe Primary School'!Y28+'Newlands Primary School'!Y27+'Ravenhurst Primary School'!Y26 -> 88555.15 | Z31: =IF(T31<>0, Y31/T31, 0) -> -0.50411064
C32: 525750 - IN: Other Income: Investment income | D32: ='Fernvale Primary School'!D26+'Glenmere Primary School'!D27+'Hinckley Parks Primary'!D29+'Hollycroft Primary School'!D28+'Langmoor Primary School'!D27+'Little Hill Primary School'!D28+'New Lubbesthorpe Primary School'!D29+'Newlands Primary School'!D28+'OWLS Academy Trust'!D16+'Ravenhurst Primary School'!D28 -> -3356.21 | E32: ='Fernvale Primary School'!E26+'Glenmere Primary School'!E27+'Hinckley Parks Primary'!E29+'Hollycroft Primary School'!E28+'Langmoor Primary School'!E27+'Little Hill Primary School'!E28+'New Lubbesthorpe Primary School'!E29+'Newlands Primary School'!E28+'OWLS Academy Trust'!E16+'Ravenhurst Primary School'!E28 -> -721.83 | F32: ='Fernvale Primary School'!F26+'Glenmere Primary School'!F27+'Hinckley Parks Primary'!F29+'Hollycroft Primary School'!F28+'Langmoor Primary School'!F27+'Little Hill Primary School'!F28+'New Lubbesthorpe Primary School'!F29+'Newlands Primary School'!F28+'OWLS Academy Trust'!F16+'Ravenhurst Primary School'!F28 -> 0 | G32: ='Fernvale Primary School'!G26+'Glenmere Primary School'!G27+'Hinckley Parks Primary'!G29+'Hollycroft Primary School'!G28+'Langmoor Primary School'!G27+'Little Hill Primary School'!G28+'New Lubbesthorpe Primary School'!G29+'Newlands Primary School'!G28+'OWLS Academy Trust'!G16+'Ravenhurst Primary School'!G28 -> 2634.38 | H32: =IF(E32<>0, (D32+F32)/E32, 0) -> 4.6495851 | J32: ='Fernvale Primary School'!J26+'Glenmere Primary School'!J27+'Hinckley Parks Primary'!J29+'Hollycroft Primary School'!J28+'Langmoor Primary School'!J27+'Little Hill Primary School'!J28+'New Lubbesthorpe Primary School'!J29+'Newlands Primary School'!J28+'OWLS Academy Trust'!J16+'Ravenhurst Primary School'!J28 -> -21723.81 | K32: ='Fernvale Primary School'!K26+'Glenmere Primary School'!K27+'Hinckley Parks Primary'!K29+'Hollycroft Primary School'!K28+'Langmoor Primary School'!K27+'Little Hill Primary School'!K28+'New Lubbesthorpe Primary School'!K29+'Newlands Primary School'!K28+'OWLS Academy Trust'!K16+'Ravenhurst Primary School'!K28 -> -8661.99 | L32: ='Fernvale Primary School'!L26+'Glenmere Primary School'!L27+'Hinckley Parks Primary'!L29+'Hollycroft Primary School'!L28+'Langmoor Primary School'!L27+'Little Hill Primary School'!L28+'New Lubbesthorpe Primary School'!L29+'Newlands Primary School'!L28+'OWLS Academy Trust'!L16+'Ravenhurst Primary School'!L28 -> 0 | M32: ='Fernvale Primary School'!M26+'Glenmere Primary School'!M27+'Hinckley Parks Primary'!M29+'Hollycroft Primary School'!M28+'Langmoor Primary School'!M27+'Little Hill Primary School'!M28+'New Lubbesthorpe Primary School'!M29+'Newlands Primary School'!M28+'OWLS Academy Trust'!M16+'Ravenhurst Primary School'!M28 -> 13061.82 | N32: =IF(K32<>0, (J32+L32)/K32, 0) -> 2.5079468 | P32: ='Fernvale Primary School'!P26+'Glenmere Primary School'!P27+'Hinckley Parks Primary'!P29+'Hollycroft Primary School'!P28+'Langmoor Primary School'!P27+'Little Hill Primary School'!P28+'New Lubbesthorpe Primary School'!P29+'Newlands Primary School'!P28+'OWLS Academy Trust'!P16+'Ravenhurst Primary School'!P28 -> -7441.94 | Q32: ='Fernvale Primary School'!Q26+'Glenmere Primary School'!Q27+'Hinckley Parks Primary'!Q29+'Hollycroft Primary School'!Q28+'Langmoor Primary School'!Q27+'Little Hill Primary School'!Q28+'New Lubbesthorpe Primary School'!Q29+'Newlands Primary School'!Q28+'OWLS Academy Trust'!Q16+'Ravenhurst Primary School'!Q28 -> -8661.99 | R32: ='Fernvale Primary School'!R26+'Glenmere Primary School'!R27+'Hinckley Parks Primary'!R29+'Hollycroft Primary School'!R28+'Langmoor Primary School'!R27+'Little Hill Primary School'!R28+'New Lubbesthorpe Primary School'!R29+'Newlands Primary School'!R28+'OWLS Academy Trust'!R16+'Ravenhurst Primary School'!R28 -> 1220.05 | T32: ='Fernvale Primary School'!T26+'Glenmere Primary School'!T27+'Hinckley Parks Primary'!T29+'Hollycroft Primary School'!T28+'Langmoor Primary School'!T27+'Little Hill Primary School'!T28+'New Lubbesthorpe Primary School'!T29+'Newlands Primary School'!T28+'OWLS Academy Trust'!T16+'Ravenhurst Primary School'!T28 -> -8661.99 | U32: ='Fernvale Primary School'!U26+'Glenmere Primary School'!U27+'Hinckley Parks Primary'!U29+'Hollycroft Primary School'!U28+'Langmoor Primary School'!U27+'Little Hill Primary School'!U28+'New Lubbesthorpe Primary School'!U29+'Newlands Primary School'!U28+'OWLS Academy Trust'!U16+'Ravenhurst Primary School'!U28 -> -21723.81 | V32: =IF('Fernvale Primary School'!V26="",0,'Fernvale Primary School'!V26)+IF('Glenmere Primary School'!V27="",0,'Glenmere Primary School'!V27)+IF('Hinckley Parks Primary'!V29="",0,'Hinckley Parks Primary'!V29)+IF('Hollycroft Primary School'!V28="",0,'Hollycroft Primary School'!V28)+IF('Langmoor Primary School'!V27="",0,'Langmoor Primary School'!V27)+IF('Little Hill Primary School'!V28="",0,'Little Hill Primary School'!V28)+IF('New Lubbesthorpe Primary School'!V29="",0,'New Lubbesthorpe Primary School'!V29)+IF('Newlands Primary School'!V28="",0,'Newlands Primary School'!V28)+IF('OWLS Academy Trust'!V16="",0,'OWLS Academy Trust'!V16)+IF('Ravenhurst Primary School'!V28="",0,'Ravenhurst Primary School'!V28) -> 0 | W32: ='Fernvale Primary School'!W26+'Glenmere Primary School'!W27+'Hinckley Parks Primary'!W29+'Hollycroft Primary School'!W28+'Langmoor Primary School'!W27+'Little Hill Primary School'!W28+'New Lubbesthorpe Primary School'!W29+'Newlands Primary School'!W28+'OWLS Academy Trust'!W16+'Ravenhurst Primary School'!W28 -> 0 | X32: ='Fernvale Primary School'!X26+'Glenmere Primary School'!X27+'Hinckley Parks Primary'!X29+'Hollycroft Primary School'!X28+'Langmoor Primary School'!X27+'Little Hill Primary School'!X28+'New Lubbesthorpe Primary School'!X29+'Newlands Primary School'!X28+'OWLS Academy Trust'!X16+'Ravenhurst Primary School'!X28 -> -21723.81 | Y32: ='Fernvale Primary School'!Y26+'Glenmere Primary School'!Y27+'Hinckley Parks Primary'!Y29+'Hollycroft Primary School'!Y28+'Langmoor Primary School'!Y27+'Little Hill Primary School'!Y28+'New Lubbesthorpe Primary School'!Y29+'Newlands Primary School'!Y28+'OWLS Academy Trust'!Y16+'Ravenhurst Primary School'!Y28 -> 13061.82 | Z32: =IF(T32<>0, Y32/T32, 0) -> -1.5079468
C33: 530200 - IN Trading Income Catering (visitors & staff) | D33: ='Fernvale Primary School'!D27+'Glenmere Primary School'!D28+'Langmoor Primary School'!D28+'Little Hill Primary School'!D30+'New Lubbesthorpe Primary School'!D31+'Newlands Primary School'!D30+'Ravenhurst Primary School'!D30 -> -3.25 | E33: ='Fernvale Primary School'!E27+'Glenmere Primary School'!E28+'Langmoor Primary School'!E28+'Little Hill Primary School'!E30+'New Lubbesthorpe Primary School'!E31+'Newlands Primary School'!E30+'Ravenhurst Primary School'!E30 -> 0 | F33: ='Fernvale Primary School'!F27+'Glenmere Primary School'!F28+'Langmoor Primary School'!F28+'Little Hill Primary School'!F30+'New Lubbesthorpe Primary School'!F31+'Newlands Primary School'!F30+'Ravenhurst Primary School'!F30 -> 0 | G33: ='Fernvale Primary School'!G27+'Glenmere Primary School'!G28+'Langmoor Primary School'!G28+'Little Hill Primary School'!G30+'New Lubbesthorpe Primary School'!G31+'Newlands Primary School'!G30+'Ravenhurst Primary School'!G30 -> 3.25 | H33: =IF(E33<>0, (D33+F33)/E33, 0) -> 0 | J33: ='Fernvale Primary School'!J27+'Glenmere Primary School'!J28+'Langmoor Primary School'!J28+'Little Hill Primary School'!J30+'New Lubbesthorpe Primary School'!J31+'Newlands Primary School'!J30+'Ravenhurst Primary School'!J30 -> -1808.78 | K33: ='Fernvale Primary School'!K27+'Glenmere Primary School'!K28+'Langmoor Primary School'!K28+'Little Hill Primary School'!K30+'New Lubbesthorpe Primary School'!K31+'Newlands Primary School'!K30+'Ravenhurst Primary School'!K30 -> -100 | L33: ='Fernvale Primary School'!L27+'Glenmere Primary School'!L28+'Langmoor Primary School'!L28+'Little Hill Primary School'!L30+'New Lubbesthorpe Primary School'!L31+'Newlands Primary School'!L30+'Ravenhurst Primary School'!L30 -> 0 | M33: ='Fernvale Primary School'!M27+'Glenmere Primary School'!M28+'Langmoor Primary School'!M28+'Little Hill Primary School'!M30+'New Lubbesthorpe Primary School'!M31+'Newlands Primary School'!M30+'Ravenhurst Primary School'!M30 -> 1708.78 | N33: =IF(K33<>0, (J33+L33)/K33, 0) -> 18.0878 | P33: ='Fernvale Primary School'!P27+'Glenmere Primary School'!P28+'Langmoor Primary School'!P28+'Little Hill Primary School'!P30+'New Lubbesthorpe Primary School'!P31+'Newlands Primary School'!P30+'Ravenhurst Primary School'!P30 -> -100 | Q33: ='Fernvale Primary School'!Q27+'Glenmere Primary School'!Q28+'Langmoor Primary School'!Q28+'Little Hill Primary School'!Q30+'New Lubbesthorpe Primary School'!Q31+'Newlands Primary School'!Q30+'Ravenhurst Primary School'!Q30 -> -100 | R33: ='Fernvale Primary School'!R27+'Glenmere Primary School'!R28+'Langmoor Primary School'!R28+'Little Hill Primary School'!R30+'New Lubbesthorpe Primary School'!R31+'Newlands Primary School'!R30+'Ravenhurst Primary School'!R30 -> 0 | T33: ='Fernvale Primary School'!T27+'Glenmere Primary School'!T28+'Langmoor Primary School'!T28+'Little Hill Primary School'!T30+'New Lubbesthorpe Primary School'!T31+'Newlands Primary School'!T30+'Ravenhurst Primary School'!T30 -> -100 | U33: ='Fernvale Primary School'!U27+'Glenmere Primary School'!U28+'Langmoor Primary School'!U28+'Little Hill Primary School'!U30+'New Lubbesthorpe Primary School'!U31+'Newlands Primary School'!U30+'Ravenhurst Primary School'!U30 -> -1808.78 | V33: =IF('Fernvale Primary School'!V27="",0,'Fernvale Primary School'!V27)+IF('Glenmere Primary School'!V28="",0,'Glenmere Primary School'!V28)+IF('Langmoor Primary School'!V28="",0,'Langmoor Primary School'!V28)+IF('Little Hill Primary School'!V30="",0,'Little Hill Primary School'!V30)+IF('New Lubbesthorpe Primary School'!V31="",0,'New Lubbesthorpe Primary School'!V31)+IF('Newlands Primary School'!V30="",0,'Newlands Primary School'!V30)+IF('Ravenhurst Primary School'!V30="",0,'Ravenhurst Primary School'!V30) -> 0 | W33: ='Fernvale Primary School'!W27+'Glenmere Primary School'!W28+'Langmoor Primary School'!W28+'Little Hill Primary School'!W30+'New Lubbesthorpe Primary School'!W31+'Newlands Primary School'!W30+'Ravenhurst Primary School'!W30 -> 0 | X33: ='Fernvale Primary School'!X27+'Glenmere Primary School'!X28+'Langmoor Primary School'!X28+'Little Hill Primary School'!X30+'New Lubbesthorpe Primary School'!X31+'Newlands Primary School'!X30+'Ravenhurst Primary School'!X30 -> -1808.78 | Y33: ='Fernvale Primary School'!Y27+'Glenmere Primary School'!Y28+'Langmoor Primary School'!Y28+'Little Hill Primary School'!Y30+'New Lubbesthorpe Primary School'!Y31+'Newlands Primary School'!Y30+'Ravenhurst Primary School'!Y30 -> 1708.78 | Z33: =IF(T33<>0, Y33/T33, 0) -> -17.0878
C34: 530255 - IN: Trading Income: Rental Income | D34: ='Fernvale Primary School'!D28+'Glenmere Primary School'!D29+'Hinckley Parks Primary'!D31+'Langmoor Primary School'!D29+'Little Hill Primary School'!D31+'New Lubbesthorpe Primary School'!D32+'Newlands Primary School'!D31+'Ravenhurst Primary School'!D31 -> -6072.99 | E34: ='Fernvale Primary School'!E28+'Glenmere Primary School'!E29+'Hinckley Parks Primary'!E31+'Langmoor Primary School'!E29+'Little Hill Primary School'!E31+'New Lubbesthorpe Primary School'!E32+'Newlands Primary School'!E31+'Ravenhurst Primary School'!E31 -> -2141.91 | F34: ='Fernvale Primary School'!F28+'Glenmere Primary School'!F29+'Hinckley Parks Primary'!F31+'Langmoor Primary School'!F29+'Little Hill Primary School'!F31+'New Lubbesthorpe Primary School'!F32+'Newlands Primary School'!F31+'Ravenhurst Primary School'!F31 -> 0 | G34: ='Fernvale Primary School'!G28+'Glenmere Primary School'!G29+'Hinckley Parks Primary'!G31+'Langmoor Primary School'!G29+'Little Hill Primary School'!G31+'New Lubbesthorpe Primary School'!G32+'Newlands Primary School'!G31+'Ravenhurst Primary School'!G31 -> 3931.08 | H34: =IF(E34<>0, (D34+F34)/E34, 0) -> 2.8353152 | J34: ='Fernvale Primary School'!J28+'Glenmere Primary School'!J29+'Hinckley Parks Primary'!J31+'Langmoor Primary School'!J29+'Little Hill Primary School'!J31+'New Lubbesthorpe Primary School'!J32+'Newlands Primary School'!J31+'Ravenhurst Primary School'!J31 -> -90051.95 | K34: ='Fernvale Primary School'!K28+'Glenmere Primary School'!K29+'Hinckley Parks Primary'!K31+'Langmoor Primary School'!K29+'Little Hill Primary School'!K31+'New Lubbesthorpe Primary School'!K32+'Newlands Primary School'!K31+'Ravenhurst Primary School'!K31 -> -73524.19 | L34: ='Fernvale Primary School'!L28+'Glenmere Primary School'!L29+'Hinckley Parks Primary'!L31+'Langmoor Primary School'!L29+'Little Hill Primary School'!L31+'New Lubbesthorpe Primary School'!L32+'Newlands Primary School'!L31+'Ravenhurst Primary School'!L31 -> 0 | M34: ='Fernvale Primary School'!M28+'Glenmere Primary School'!M29+'Hinckley Parks Primary'!M31+'Langmoor Primary School'!M29+'Little Hill Primary School'!M31+'New Lubbesthorpe Primary School'!M32+'Newlands Primary School'!M31+'Ravenhurst Primary School'!M31 -> 16527.76 | N34: =IF(K34<>0, (J34+L34)/K34, 0) -> 1.2247935 | P34: ='Fernvale Primary School'!P28+'Glenmere Primary School'!P29+'Hinckley Parks Primary'!P31+'Langmoor Primary School'!P29+'Little Hill Primary School'!P31+'New Lubbesthorpe Primary School'!P32+'Newlands Primary School'!P31+'Ravenhurst Primary School'!P31 -> -69669.86 | Q34: ='Fernvale Primary School'!Q28+'Glenmere Primary School'!Q29+'Hinckley Parks Primary'!Q31+'Langmoor Primary School'!Q29+'Little Hill Primary School'!Q31+'New Lubbesthorpe Primary School'!Q32+'Newlands Primary School'!Q31+'Ravenhurst Primary School'!Q31 -> -73524.19 | R34: ='Fernvale Primary School'!R28+'Glenmere Primary School'!R29+'Hinckley Parks Primary'!R31+'Langmoor Primary School'!R29+'Little Hill Primary School'!R31+'New Lubbesthorpe Primary School'!R32+'Newlands Primary School'!R31+'Ravenhurst Primary School'!R31 -> 3854.33 | T34: ='Fernvale Primary School'!T28+'Glenmere Primary School'!T29+'Hinckley Parks Primary'!T31+'Langmoor Primary School'!T29+'Little Hill Primary School'!T31+'New Lubbesthorpe Primary School'!T32+'Newlands Primary School'!T31+'Ravenhurst Primary School'!T31 -> -73524.19 | U34: ='Fernvale Primary School'!U28+'Glenmere Primary School'!U29+'Hinckley Parks Primary'!U31+'Langmoor Primary School'!U29+'Little Hill Primary School'!U31+'New Lubbesthorpe Primary School'!U32+'Newlands Primary School'!U31+'Ravenhurst Primary School'!U31 -> -90051.95 | V34: =IF('Fernvale Primary School'!V28="",0,'Fernvale Primary School'!V28)+IF('Glenmere Primary School'!V29="",0,'Glenmere Primary School'!V29)+IF('Hinckley Parks Primary'!V31="",0,'Hinckley Parks Primary'!V31)+IF('Langmoor Primary School'!V29="",0,'Langmoor Primary School'!V29)+IF('Little Hill Primary School'!V31="",0,'Little Hill Primary School'!V31)+IF('New Lubbesthorpe Primary School'!V32="",0,'New Lubbesthorpe Primary School'!V32)+IF('Newlands Primary School'!V31="",0,'Newlands Primary School'!V31)+IF('Ravenhurst Primary School'!V31="",0,'Ravenhurst Primary School'!V31) -> 0 | W34: ='Fernvale Primary School'!W28+'Glenmere Primary School'!W29+'Hinckley Parks Primary'!W31+'Langmoor Primary School'!W29+'Little Hill Primary School'!W31+'New Lubbesthorpe Primary School'!W32+'Newlands Primary School'!W31+'Ravenhurst Primary School'!W31 -> 0 | X34: ='Fernvale Primary School'!X28+'Glenmere Primary School'!X29+'Hinckley Parks Primary'!X31+'Langmoor Primary School'!X29+'Little Hill Primary School'!X31+'New Lubbesthorpe Primary School'!X32+'Newlands Primary School'!X31+'Ravenhurst Primary School'!X31 -> -90051.95 | Y34: ='Fernvale Primary School'!Y28+'Glenmere Primary School'!Y29+'Hinckley Parks Primary'!Y31+'Langmoor Primary School'!Y29+'Little Hill Primary School'!Y31+'New Lubbesthorpe Primary School'!Y32+'Newlands Primary School'!Y31+'Ravenhurst Primary School'!Y31 -> 16527.76 | Z34: =IF(T34<>0, Y34/T34, 0) -> -0.2247935
C35: 530351 - IN: Trading Income: Insurance Claim | D35: ='Fernvale Primary School'!D29+'New Lubbesthorpe Primary School'!D34 -> -6129.3 | E35: ='Fernvale Primary School'!E29+'New Lubbesthorpe Primary School'!E34 -> 0 | F35: ='Fernvale Primary School'!F29+'New Lubbesthorpe Primary School'!F34 -> 0 | G35: ='Fernvale Primary School'!G29+'New Lubbesthorpe Primary School'!G34 -> 6129.3 | H35: =IF(E35<>0, (D35+F35)/E35, 0) -> 0 | J35: ='Fernvale Primary School'!J29+'New Lubbesthorpe Primary School'!J34 -> -14906.6 | K35: ='Fernvale Primary School'!K29+'New Lubbesthorpe Primary School'!K34 -> -12495 | L35: ='Fernvale Primary School'!L29+'New Lubbesthorpe Primary School'!L34 -> 0 | M35: ='Fernvale Primary School'!M29+'New Lubbesthorpe Primary School'!M34 -> 2411.6 | N35: =IF(K35<>0, (J35+L35)/K35, 0) -> 1.1930052 | P35: ='Fernvale Primary School'!P29+'New Lubbesthorpe Primary School'!P34 -> 0 | Q35: ='Fernvale Primary School'!Q29+'New Lubbesthorpe Primary School'!Q34 -> -12495 | R35: ='Fernvale Primary School'!R29+'New Lubbesthorpe Primary School'!R34 -> 12495 | T35: ='Fernvale Primary School'!T29+'New Lubbesthorpe Primary School'!T34 -> -12495 | U35: ='Fernvale Primary School'!U29+'New Lubbesthorpe Primary School'!U34 -> -14906.6 | V35: =IF('Fernvale Primary School'!V29="",0,'Fernvale Primary School'!V29)+IF('New Lubbesthorpe Primary School'!V34="",0,'New Lubbesthorpe Primary School'!V34) -> 0 | W35: ='Fernvale Primary School'!W29+'New Lubbesthorpe Primary School'!W34 -> 0 | X35: ='Fernvale Primary School'!X29+'New Lubbesthorpe Primary School'!X34 -> -14906.6 | Y35: ='Fernvale Primary School'!Y29+'New Lubbesthorpe Primary School'!Y34 -> 2411.6 | Z35: =IF(T35<>0, Y35/T35, 0) -> -0.1930052
C36: 530580 - IN: Trading Income: Parent inc for wraparound care | D36: ='Fernvale Primary School'!D30+'Hollycroft Primary School'!D31+'New Lubbesthorpe Primary School'!D37+'Newlands Primary School'!D34 -> -7864.48 | E36: ='Fernvale Primary School'!E30+'Hollycroft Primary School'!E31+'New Lubbesthorpe Primary School'!E37+'Newlands Primary School'!E34 -> 0 | F36: ='Fernvale Primary School'!F30+'Hollycroft Primary School'!F31+'New Lubbesthorpe Primary School'!F37+'Newlands Primary School'!F34 -> 0 | G36: ='Fernvale Primary School'!G30+'Hollycroft Primary School'!G31+'New Lubbesthorpe Primary School'!G37+'Newlands Primary School'!G34 -> 7864.48 | H36: =IF(E36<>0, (D36+F36)/E36, 0) -> 0 | J36: ='Fernvale Primary School'!J30+'Hollycroft Primary School'!J31+'New Lubbesthorpe Primary School'!J37+'Newlands Primary School'!J34 -> -181659.15 | K36: ='Fernvale Primary School'!K30+'Hollycroft Primary School'!K31+'New Lubbesthorpe Primary School'!K37+'Newlands Primary School'!K34 -> -156500 | L36: ='Fernvale Primary School'!L30+'Hollycroft Primary School'!L31+'New Lubbesthorpe Primary School'!L37+'Newlands Primary School'!L34 -> 0 | M36: ='Fernvale Primary School'!M30+'Hollycroft Primary School'!M31+'New Lubbesthorpe Primary School'!M37+'Newlands Primary School'!M34 -> 25159.15 | N36: =IF(K36<>0, (J36+L36)/K36, 0) -> 1.1607613 | P36: ='Fernvale Primary School'!P30+'Hollycroft Primary School'!P31+'New Lubbesthorpe Primary School'!P37+'Newlands Primary School'!P34 -> -146489.98 | Q36: ='Fernvale Primary School'!Q30+'Hollycroft Primary School'!Q31+'New Lubbesthorpe Primary School'!Q37+'Newlands Primary School'!Q34 -> -156500 | R36: ='Fernvale Primary School'!R30+'Hollycroft Primary School'!R31+'New Lubbesthorpe Primary School'!R37+'Newlands Primary School'!R34 -> 10010.02 | T36: ='Fernvale Primary School'!T30+'Hollycroft Primary School'!T31+'New Lubbesthorpe Primary School'!T37+'Newlands Primary School'!T34 -> -156500 | U36: ='Fernvale Primary School'!U30+'Hollycroft Primary School'!U31+'New Lubbesthorpe Primary School'!U37+'Newlands Primary School'!U34 -> -181659.15 | V36: =IF('Fernvale Primary School'!V30="",0,'Fernvale Primary School'!V30)+IF('Hollycroft Primary School'!V31="",0,'Hollycroft Primary School'!V31)+IF('New Lubbesthorpe Primary School'!V37="",0,'New Lubbesthorpe Primary School'!V37)+IF('Newlands Primary School'!V34="",0,'Newlands Primary School'!V34) -> 0 | W36: ='Fernvale Primary School'!W30+'Hollycroft Primary School'!W31+'New Lubbesthorpe Primary School'!W37+'Newlands Primary School'!W34 -> 0 | X36: ='Fernvale Primary School'!X30+'Hollycroft Primary School'!X31+'New Lubbesthorpe Primary School'!X37+'Newlands Primary School'!X34 -> -181659.15 | Y36: ='Fernvale Primary School'!Y30+'Hollycroft Primary School'!Y31+'New Lubbesthorpe Primary School'!Y37+'Newlands Primary School'!Y34 -> 25159.15 | Z36: =IF(T36<>0, Y36/T36, 0) -> -0.16076134
C37: 530650 - IN: Trading Income: Sale of goods or services | D37: ='Fernvale Primary School'!D31+'Glenmere Primary School'!D32+'Hinckley Parks Primary'!D33+'Hollycroft Primary School'!D32+'Langmoor Primary School'!D32+'Little Hill Primary School'!D35+'New Lubbesthorpe Primary School'!D38+'OWLS Academy Trust'!D18+'Ravenhurst Primary School'!D33 -> -84.98 | E37: ='Fernvale Primary School'!E31+'Glenmere Primary School'!E32+'Hinckley Parks Primary'!E33+'Hollycroft Primary School'!E32+'Langmoor Primary School'!E32+'Little Hill Primary School'!E35+'New Lubbesthorpe Primary School'!E38+'OWLS Academy Trust'!E18+'Ravenhurst Primary School'!E33 -> -175 | F37: ='Fernvale Primary School'!F31+'Glenmere Primary School'!F32+'Hinckley Parks Primary'!F33+'Hollycroft Primary School'!F32+'Langmoor Primary School'!F32+'Little Hill Primary School'!F35+'New Lubbesthorpe Primary School'!F38+'OWLS Academy Trust'!F18+'Ravenhurst Primary School'!F33 -> 0 | G37: ='Fernvale Primary School'!G31+'Glenmere Primary School'!G32+'Hinckley Parks Primary'!G33+'Hollycroft Primary School'!G32+'Langmoor Primary School'!G32+'Little Hill Primary School'!G35+'New Lubbesthorpe Primary School'!G38+'OWLS Academy Trust'!G18+'Ravenhurst Primary School'!G33 -> -90.02 | H37: =IF(E37<>0, (D37+F37)/E37, 0) -> 0.4856 | J37: ='Fernvale Primary School'!J31+'Glenmere Primary School'!J32+'Hinckley Parks Primary'!J33+'Hollycroft Primary School'!J32+'Langmoor Primary School'!J32+'Little Hill Primary School'!J35+'New Lubbesthorpe Primary School'!J38+'OWLS Academy Trust'!J18+'Ravenhurst Primary School'!J33 -> -14100.51 | K37: ='Fernvale Primary School'!K31+'Glenmere Primary School'!K32+'Hinckley Parks Primary'!K33+'Hollycroft Primary School'!K32+'Langmoor Primary School'!K32+'Little Hill Primary School'!K35+'New Lubbesthorpe Primary School'!K38+'OWLS Academy Trust'!K18+'Ravenhurst Primary School'!K33 -> -6720.1 | L37: ='Fernvale Primary School'!L31+'Glenmere Primary School'!L32+'Hinckley Parks Primary'!L33+'Hollycroft Primary School'!L32+'Langmoor Primary School'!L32+'Little Hill Primary School'!L35+'New Lubbesthorpe Primary School'!L38+'OWLS Academy Trust'!L18+'Ravenhurst Primary School'!L33 -> 0 | M37: ='Fernvale Primary School'!M31+'Glenmere Primary School'!M32+'Hinckley Parks Primary'!M33+'Hollycroft Primary School'!M32+'Langmoor Primary School'!M32+'Little Hill Primary School'!M35+'New Lubbesthorpe Primary School'!M38+'OWLS Academy Trust'!M18+'Ravenhurst Primary School'!M33 -> 7380.41 | N37: =IF(K37<>0, (J37+L37)/K37, 0) -> 2.098259 | P37: ='Fernvale Primary School'!P31+'Glenmere Primary School'!P32+'Hinckley Parks Primary'!P33+'Hollycroft Primary School'!P32+'Langmoor Primary School'!P32+'Little Hill Primary School'!P35+'New Lubbesthorpe Primary School'!P38+'OWLS Academy Trust'!P18+'Ravenhurst Primary School'!P33 -> -3870.1 | Q37: ='Fernvale Primary School'!Q31+'Glenmere Primary School'!Q32+'Hinckley Parks Primary'!Q33+'Hollycroft Primary School'!Q32+'Langmoor Primary School'!Q32+'Little Hill Primary School'!Q35+'New Lubbesthorpe Primary School'!Q38+'OWLS Academy Trust'!Q18+'Ravenhurst Primary School'!Q33 -> -6720.1 | R37: ='Fernvale Primary School'!R31+'Glenmere Primary School'!R32+'Hinckley Parks Primary'!R33+'Hollycroft Primary School'!R32+'Langmoor Primary School'!R32+'Little Hill Primary School'!R35+'New Lubbesthorpe Primary School'!R38+'OWLS Academy Trust'!R18+'Ravenhurst Primary School'!R33 -> 2850 | T37: ='Fernvale Primary School'!T31+'Glenmere Primary School'!T32+'Hinckley Parks Primary'!T33+'Hollycroft Primary School'!T32+'Langmoor Primary School'!T32+'Little Hill Primary School'!T35+'New Lubbesthorpe Primary School'!T38+'OWLS Academy Trust'!T18+'Ravenhurst Primary School'!T33 -> -6720.1 | U37: ='Fernvale Primary School'!U31+'Glenmere Primary School'!U32+'Hinckley Parks Primary'!U33+'Hollycroft Primary School'!U32+'Langmoor Primary School'!U32+'Little Hill Primary School'!U35+'New Lubbesthorpe Primary School'!U38+'OWLS Academy Trust'!U18+'Ravenhurst Primary School'!U33 -> -14100.51 | V37: =IF('Fernvale Primary School'!V31="",0,'Fernvale Primary School'!V31)+IF('Glenmere Primary School'!V32="",0,'Glenmere Primary School'!V32)+IF('Hinckley Parks Primary'!V33="",0,'Hinckley Parks Primary'!V33)+IF('Hollycroft Primary School'!V32="",0,'Hollycroft Primary School'!V32)+IF('Langmoor Primary School'!V32="",0,'Langmoor Primary School'!V32)+IF('Little Hill Primary School'!V35="",0,'Little Hill Primary School'!V35)+IF('New Lubbesthorpe Primary School'!V38="",0,'New Lubbesthorpe Primary School'!V38)+IF('OWLS Academy Trust'!V18="",0,'OWLS Academy Trust'!V18)+IF('Ravenhurst Primary School'!V33="",0,'Ravenhurst Primary School'!V33) -> 0 | W37: ='Fernvale Primary School'!W31+'Glenmere Primary School'!W32+'Hinckley Parks Primary'!W33+'Hollycroft Primary School'!W32+'Langmoor Primary School'!W32+'Little Hill Primary School'!W35+'New Lubbesthorpe Primary School'!W38+'OWLS Academy Trust'!W18+'Ravenhurst Primary School'!W33 -> 0 | X37: ='Fernvale Primary School'!X31+'Glenmere Primary School'!X32+'Hinckley Parks Primary'!X33+'Hollycroft Primary School'!X32+'Langmoor Primary School'!X32+'Little Hill Primary School'!X35+'New Lubbesthorpe Primary School'!X38+'OWLS Academy Trust'!X18+'Ravenhurst Primary School'!X33 -> -14100.51 | Y37: ='Fernvale Primary School'!Y31+'Glenmere Primary School'!Y32+'Hinckley Parks Primary'!Y33+'Hollycroft Primary School'!Y32+'Langmoor Primary School'!Y32+'Little Hill Primary School'!Y35+'New Lubbesthorpe Primary School'!Y38+'OWLS Academy Trust'!Y18+'Ravenhurst Primary School'!Y33 -> 7380.41 | Z37: =IF(T37<>0, Y37/T37, 0) -> -1.098259
C38: 999991 - SP: Admin OWLSAPS Claim | D38: ='Fernvale Primary School'!D32+'Glenmere Primary School'!D35+'Langmoor Primary School'!D34+'Little Hill Primary School'!D39+'New Lubbesthorpe Primary School'!D41+'OWLS Academy Trust'!D19 -> 0 | E38: ='Fernvale Primary School'!E32+'Glenmere Primary School'!E35+'Langmoor Primary School'!E34+'Little Hill Primary School'!E39+'New Lubbesthorpe Primary School'!E41+'OWLS Academy Trust'!E19 -> 49306.25 | F38: ='Fernvale Primary School'!F32+'Glenmere Primary School'!F35+'Langmoor Primary School'!F34+'Little Hill Primary School'!F39+'New Lubbesthorpe Primary School'!F41+'OWLS Academy Trust'!F19 -> 0 | G38: ='Fernvale Primary School'!G32+'Glenmere Primary School'!G35+'Langmoor Primary School'!G34+'Little Hill Primary School'!G39+'New Lubbesthorpe Primary School'!G41+'OWLS Academy Trust'!G19 -> 49306.25 | H38: =IF(E38<>0, (D38+F38)/E38, 0) -> 0 | J38: ='Fernvale Primary School'!J32+'Glenmere Primary School'!J35+'Langmoor Primary School'!J34+'Little Hill Primary School'!J39+'New Lubbesthorpe Primary School'!J41+'OWLS Academy Trust'!J19 -> 0 | K38: ='Fernvale Primary School'!K32+'Glenmere Primary School'!K35+'Langmoor Primary School'!K34+'Little Hill Primary School'!K39+'New Lubbesthorpe Primary School'!K41+'OWLS Academy Trust'!K19 -> 22225 | L38: ='Fernvale Primary School'!L32+'Glenmere Primary School'!L35+'Langmoor Primary School'!L34+'Little Hill Primary School'!L39+'New Lubbesthorpe Primary School'!L41+'OWLS Academy Trust'!L19 -> 0 | M38: ='Fernvale Primary School'!M32+'Glenmere Primary School'!M35+'Langmoor Primary School'!M34+'Little Hill Primary School'!M39+'New Lubbesthorpe Primary School'!M41+'OWLS Academy Trust'!M19 -> 22225 | N38: =IF(K38<>0, (J38+L38)/K38, 0) -> 0 | P38: ='Fernvale Primary School'!P32+'Glenmere Primary School'!P35+'Langmoor Primary School'!P34+'Little Hill Primary School'!P39+'New Lubbesthorpe Primary School'!P41+'OWLS Academy Trust'!P19 -> -7300 | Q38: ='Fernvale Primary School'!Q32+'Glenmere Primary School'!Q35+'Langmoor Primary School'!Q34+'Little Hill Primary School'!Q39+'New Lubbesthorpe Primary School'!Q41+'OWLS Academy Trust'!Q19 -> 22225 | R38: ='Fernvale Primary School'!R32+'Glenmere Primary School'!R35+'Langmoor Primary School'!R34+'Little Hill Primary School'!R39+'New Lubbesthorpe Primary School'!R41+'OWLS Academy Trust'!R19 -> -29525 | T38: ='Fernvale Primary School'!T32+'Glenmere Primary School'!T35+'Langmoor Primary School'!T34+'Little Hill Primary School'!T39+'New Lubbesthorpe Primary School'!T41+'OWLS Academy Trust'!T19 -> 22225 | U38: ='Fernvale Primary School'!U32+'Glenmere Primary School'!U35+'Langmoor Primary School'!U34+'Little Hill Primary School'!U39+'New Lubbesthorpe Primary School'!U41+'OWLS Academy Trust'!U19 -> 0 | V38: =IF('Fernvale Primary School'!V32="",0,'Fernvale Primary School'!V32)+IF('Glenmere Primary School'!V35="",0,'Glenmere Primary School'!V35)+IF('Langmoor Primary School'!V34="",0,'Langmoor Primary School'!V34)+IF('Little Hill Primary School'!V39="",0,'Little Hill Primary School'!V39)+IF('New Lubbesthorpe Primary School'!V41="",0,'New Lubbesthorpe Primary School'!V41)+IF('OWLS Academy Trust'!V19="",0,'OWLS Academy Trust'!V19) -> 0 | W38: ='Fernvale Primary School'!W32+'Glenmere Primary School'!W35+'Langmoor Primary School'!W34+'Little Hill Primary School'!W39+'New Lubbesthorpe Primary School'!W41+'OWLS Academy Trust'!W19 -> 0 | X38: ='Fernvale Primary School'!X32+'Glenmere Primary School'!X35+'Langmoor Primary School'!X34+'Little Hill Primary School'!X39+'New Lubbesthorpe Primary School'!X41+'OWLS Academy Trust'!X19 -> 0 | Y38: ='Fernvale Primary School'!Y32+'Glenmere Primary School'!Y35+'Langmoor Primary School'!Y34+'Little Hill Primary School'!Y39+'New Lubbesthorpe Primary School'!Y41+'OWLS Academy Trust'!Y19 -> 22225 | Z38: =IF(T38<>0, Y38/T38, 0) -> 1
C39: 525450 - IN: Other Income: Other reimb inc (parents/staff) | D39: ='Glenmere Primary School'!D26+'Little Hill Primary School'!D27+'Ravenhurst Primary School'!D27 -> -23.7 | E39: ='Glenmere Primary School'!E26+'Little Hill Primary School'!E27+'Ravenhurst Primary School'!E27 -> 0 | F39: ='Glenmere Primary School'!F26+'Little Hill Primary School'!F27+'Ravenhurst Primary School'!F27 -> 0 | G39: ='Glenmere Primary School'!G26+'Little Hill Primary School'!G27+'Ravenhurst Primary School'!G27 -> 23.7 | H39: =IF(E39<>0, (D39+F39)/E39, 0) -> 0 | J39: ='Glenmere Primary School'!J26+'Little Hill Primary School'!J27+'Ravenhurst Primary School'!J27 -> -9894.69 | K39: ='Glenmere Primary School'!K26+'Little Hill Primary School'!K27+'Ravenhurst Primary School'!K27 -> -2400 | L39: ='Glenmere Primary School'!L26+'Little Hill Primary School'!L27+'Ravenhurst Primary School'!L27 -> 0 | M39: ='Glenmere Primary School'!M26+'Little Hill Primary School'!M27+'Ravenhurst Primary School'!M27 -> 7494.69 | N39: =IF(K39<>0, (J39+L39)/K39, 0) -> 4.1227875 | P39: ='Glenmere Primary School'!P26+'Little Hill Primary School'!P27+'Ravenhurst Primary School'!P27 -> -2400 | Q39: ='Glenmere Primary School'!Q26+'Little Hill Primary School'!Q27+'Ravenhurst Primary School'!Q27 -> -2400 | R39: ='Glenmere Primary School'!R26+'Little Hill Primary School'!R27+'Ravenhurst Primary School'!R27 -> 0 | T39: ='Glenmere Primary School'!T26+'Little Hill Primary School'!T27+'Ravenhurst Primary School'!T27 -> -2400 | U39: ='Glenmere Primary School'!U26+'Little Hill Primary School'!U27+'Ravenhurst Primary School'!U27 -> -9894.69 | V39: =IF('Glenmere Primary School'!V26="",0,'Glenmere Primary School'!V26)+IF('Little Hill Primary School'!V27="",0,'Little Hill Primary School'!V27)+IF('Ravenhurst Primary School'!V27="",0,'Ravenhurst Primary School'!V27) -> 0 | W39: ='Glenmere Primary School'!W26+'Little Hill Primary School'!W27+'Ravenhurst Primary School'!W27 -> 0 | X39: ='Glenmere Primary School'!X26+'Little Hill Primary School'!X27+'Ravenhurst Primary School'!X27 -> -9894.69 | Y39: ='Glenmere Primary School'!Y26+'Little Hill Primary School'!Y27+'Ravenhurst Primary School'!Y27 -> 7494.69 | Z39: =IF(T39<>0, Y39/T39, 0) -> -3.1227875
C40: 530400 - IN: Trading Income: Sale of uniforms | D40: ='Glenmere Primary School'!D30+'Langmoor Primary School'!D30+'New Lubbesthorpe Primary School'!D35 -> -87.23 | E40: ='Glenmere Primary School'!E30+'Langmoor Primary School'!E30+'New Lubbesthorpe Primary School'!E35 -> -33.33 | F40: ='Glenmere Primary School'!F30+'Langmoor Primary School'!F30+'New Lubbesthorpe Primary School'!F35 -> 0 | G40: ='Glenmere Primary School'!G30+'Langmoor Primary School'!G30+'New Lubbesthorpe Primary School'!G35 -> 53.9 | H40: =IF(E40<>0, (D40+F40)/E40, 0) -> 2.6171617 | J40: ='Glenmere Primary School'!J30+'Langmoor Primary School'!J30+'New Lubbesthorpe Primary School'!J35 -> -410.59 | K40: ='Glenmere Primary School'!K30+'Langmoor Primary School'!K30+'New Lubbesthorpe Primary School'!K35 -> -400 | L40: ='Glenmere Primary School'!L30+'Langmoor Primary School'!L30+'New Lubbesthorpe Primary School'!L35 -> 0 | M40: ='Glenmere Primary School'!M30+'Langmoor Primary School'!M30+'New Lubbesthorpe Primary School'!M35 -> 10.59 | N40: =IF(K40<>0, (J40+L40)/K40, 0) -> 1.026475 | P40: ='Glenmere Primary School'!P30+'Langmoor Primary School'!P30+'New Lubbesthorpe Primary School'!P35 -> -600 | Q40: ='Glenmere Primary School'!Q30+'Langmoor Primary School'!Q30+'New Lubbesthorpe Primary School'!Q35 -> -400 | R40: ='Glenmere Primary School'!R30+'Langmoor Primary School'!R30+'New Lubbesthorpe Primary School'!R35 -> -200 | T40: ='Glenmere Primary School'!T30+'Langmoor Primary School'!T30+'New Lubbesthorpe Primary School'!T35 -> -400 | U40: ='Glenmere Primary School'!U30+'Langmoor Primary School'!U30+'New Lubbesthorpe Primary School'!U35 -> -410.59 | V40: =IF('Glenmere Primary School'!V30="",0,'Glenmere Primary School'!V30)+IF('Langmoor Primary School'!V30="",0,'Langmoor Primary School'!V30)+IF('New Lubbesthorpe Primary School'!V35="",0,'New Lubbesthorpe Primary School'!V35) -> 0 | W40: ='Glenmere Primary School'!W30+'Langmoor Primary School'!W30+'New Lubbesthorpe Primary School'!W35 -> 0 | X40: ='Glenmere Primary School'!X30+'Langmoor Primary School'!X30+'New Lubbesthorpe Primary School'!X35 -> -410.59 | Y40: ='Glenmere Primary School'!Y30+'Langmoor Primary School'!Y30+'New Lubbesthorpe Primary School'!Y35 -> 10.59 | Z40: =IF(T40<>0, Y40/T40, 0) -> -0.026475
C41: 530500 - IN: Trading Income: Income from clubs | D41: ='Glenmere Primary School'!D31+'Hinckley Parks Primary'!D32+'Hollycroft Primary School'!D30+'Langmoor Primary School'!D31+'Little Hill Primary School'!D33+'New Lubbesthorpe Primary School'!D36+'Newlands Primary School'!D33+'Ravenhurst Primary School'!D32 -> -183.75 | E41: ='Glenmere Primary School'!E31+'Hinckley Parks Primary'!E32+'Hollycroft Primary School'!E30+'Langmoor Primary School'!E31+'Little Hill Primary School'!E33+'New Lubbesthorpe Primary School'!E36+'Newlands Primary School'!E33+'Ravenhurst Primary School'!E32 -> -3.75 | F41: ='Glenmere Primary School'!F31+'Hinckley Parks Primary'!F32+'Hollycroft Primary School'!F30+'Langmoor Primary School'!F31+'Little Hill Primary School'!F33+'New Lubbesthorpe Primary School'!F36+'Newlands Primary School'!F33+'Ravenhurst Primary School'!F32 -> 0 | G41: ='Glenmere Primary School'!G31+'Hinckley Parks Primary'!G32+'Hollycroft Primary School'!G30+'Langmoor Primary School'!G31+'Little Hill Primary School'!G33+'New Lubbesthorpe Primary School'!G36+'Newlands Primary School'!G33+'Ravenhurst Primary School'!G32 -> 180 | H41: =IF(E41<>0, (D41+F41)/E41, 0) -> 49 | J41: ='Glenmere Primary School'!J31+'Hinckley Parks Primary'!J32+'Hollycroft Primary School'!J30+'Langmoor Primary School'!J31+'Little Hill Primary School'!J33+'New Lubbesthorpe Primary School'!J36+'Newlands Primary School'!J33+'Ravenhurst Primary School'!J32 -> -43740.45 | K41: ='Glenmere Primary School'!K31+'Hinckley Parks Primary'!K32+'Hollycroft Primary School'!K30+'Langmoor Primary School'!K31+'Little Hill Primary School'!K33+'New Lubbesthorpe Primary School'!K36+'Newlands Primary School'!K33+'Ravenhurst Primary School'!K32 -> -42037 | L41: ='Glenmere Primary School'!L31+'Hinckley Parks Primary'!L32+'Hollycroft Primary School'!L30+'Langmoor Primary School'!L31+'Little Hill Primary School'!L33+'New Lubbesthorpe Primary School'!L36+'Newlands Primary School'!L33+'Ravenhurst Primary School'!L32 -> 0 | M41: ='Glenmere Primary School'!M31+'Hinckley Parks Primary'!M32+'Hollycroft Primary School'!M30+'Langmoor Primary School'!M31+'Little Hill Primary School'!M33+'New Lubbesthorpe Primary School'!M36+'Newlands Primary School'!M33+'Ravenhurst Primary School'!M32 -> 1703.45 | N41: =IF(K41<>0, (J41+L41)/K41, 0) -> 1.0405226 | P41: ='Glenmere Primary School'!P31+'Hinckley Parks Primary'!P32+'Hollycroft Primary School'!P30+'Langmoor Primary School'!P31+'Little Hill Primary School'!P33+'New Lubbesthorpe Primary School'!P36+'Newlands Primary School'!P33+'Ravenhurst Primary School'!P32 -> -40492 | Q41: ='Glenmere Primary School'!Q31+'Hinckley Parks Primary'!Q32+'Hollycroft Primary School'!Q30+'Langmoor Primary School'!Q31+'Little Hill Primary School'!Q33+'New Lubbesthorpe Primary School'!Q36+'Newlands Primary School'!Q33+'Ravenhurst Primary School'!Q32 -> -42037 | R41: ='Glenmere Primary School'!R31+'Hinckley Parks Primary'!R32+'Hollycroft Primary School'!R30+'Langmoor Primary School'!R31+'Little Hill Primary School'!R33+'New Lubbesthorpe Primary School'!R36+'Newlands Primary School'!R33+'Ravenhurst Primary School'!R32 -> 1545 | T41: ='Glenmere Primary School'!T31+'Hinckley Parks Primary'!T32+'Hollycroft Primary School'!T30+'Langmoor Primary School'!T31+'Little Hill Primary School'!T33+'New Lubbesthorpe Primary School'!T36+'Newlands Primary School'!T33+'Ravenhurst Primary School'!T32 -> -42037 | U41: ='Glenmere Primary School'!U31+'Hinckley Parks Primary'!U32+'Hollycroft Primary School'!U30+'Langmoor Primary School'!U31+'Little Hill Primary School'!U33+'New Lubbesthorpe Primary School'!U36+'Newlands Primary School'!U33+'Ravenhurst Primary School'!U32 -> -43740.45 | V41: =IF('Glenmere Primary School'!V31="",0,'Glenmere Primary School'!V31)+IF('Hinckley Parks Primary'!V32="",0,'Hinckley Parks Primary'!V32)+IF('Hollycroft Primary School'!V30="",0,'Hollycroft Primary School'!V30)+IF('Langmoor Primary School'!V31="",0,'Langmoor Primary School'!V31)+IF('Little Hill Primary School'!V33="",0,'Little Hill Primary School'!V33)+IF('New Lubbesthorpe Primary School'!V36="",0,'New Lubbesthorpe Primary School'!V36)+IF('Newlands Primary School'!V33="",0,'Newlands Primary School'!V33)+IF('Ravenhurst Primary School'!V32="",0,'Ravenhurst Primary School'!V32) -> 0 | W41: ='Glenmere Primary School'!W31+'Hinckley Parks Primary'!W32+'Hollycroft Primary School'!W30+'Langmoor Primary School'!W31+'Little Hill Primary School'!W33+'New Lubbesthorpe Primary School'!W36+'Newlands Primary School'!W33+'Ravenhurst Primary School'!W32 -> 0 | X41: ='Glenmere Primary School'!X31+'Hinckley Parks Primary'!X32+'Hollycroft Primary School'!X30+'Langmoor Primary School'!X31+'Little Hill Primary School'!X33+'New Lubbesthorpe Primary School'!X36+'Newlands Primary School'!X33+'Ravenhurst Primary School'!X32 -> -43740.45 | Y41: ='Glenmere Primary School'!Y31+'Hinckley Parks Primary'!Y32+'Hollycroft Primary School'!Y30+'Langmoor Primary School'!Y31+'Little Hill Primary School'!Y33+'New Lubbesthorpe Primary School'!Y36+'Newlands Primary School'!Y33+'Ravenhurst Primary School'!Y32 -> 1703.45 | Z41: =IF(T41<>0, Y41/T41, 0) -> -0.040522635
C42: 580305 - IN: Donations: Revenue donations - general (restr) | D42: ='Glenmere Primary School'!D33+'Hinckley Parks Primary'!D35+'Hollycroft Primary School'!D34+'Langmoor Primary School'!D33+'Little Hill Primary School'!D37+'New Lubbesthorpe Primary School'!D40+'Ravenhurst Primary School'!D35 -> -1443 | E42: ='Glenmere Primary School'!E33+'Hinckley Parks Primary'!E35+'Hollycroft Primary School'!E34+'Langmoor Primary School'!E33+'Little Hill Primary School'!E37+'New Lubbesthorpe Primary School'!E40+'Ravenhurst Primary School'!E35 -> 0 | F42: ='Glenmere Primary School'!F33+'Hinckley Parks Primary'!F35+'Hollycroft Primary School'!F34+'Langmoor Primary School'!F33+'Little Hill Primary School'!F37+'New Lubbesthorpe Primary School'!F40+'Ravenhurst Primary School'!F35 -> 0 | G42: ='Glenmere Primary School'!G33+'Hinckley Parks Primary'!G35+'Hollycroft Primary School'!G34+'Langmoor Primary School'!G33+'Little Hill Primary School'!G37+'New Lubbesthorpe Primary School'!G40+'Ravenhurst Primary School'!G35 -> 1443 | H42: =IF(E42<>0, (D42+F42)/E42, 0) -> 0 | J42: ='Glenmere Primary School'!J33+'Hinckley Parks Primary'!J35+'Hollycroft Primary School'!J34+'Langmoor Primary School'!J33+'Little Hill Primary School'!J37+'New Lubbesthorpe Primary School'!J40+'Ravenhurst Primary School'!J35 -> -10759.91 | K42: ='Glenmere Primary School'!K33+'Hinckley Parks Primary'!K35+'Hollycroft Primary School'!K34+'Langmoor Primary School'!K33+'Little Hill Primary School'!K37+'New Lubbesthorpe Primary School'!K40+'Ravenhurst Primary School'!K35 -> -11146 | L42: ='Glenmere Primary School'!L33+'Hinckley Parks Primary'!L35+'Hollycroft Primary School'!L34+'Langmoor Primary School'!L33+'Little Hill Primary School'!L37+'New Lubbesthorpe Primary School'!L40+'Ravenhurst Primary School'!L35 -> 0 | M42: ='Glenmere Primary School'!M33+'Hinckley Parks Primary'!M35+'Hollycroft Primary School'!M34+'Langmoor Primary School'!M33+'Little Hill Primary School'!M37+'New Lubbesthorpe Primary School'!M40+'Ravenhurst Primary School'!M35 -> -386.09 | N42: =IF(K42<>0, (J42+L42)/K42, 0) -> 0.96536067 | P42: ='Glenmere Primary School'!P33+'Hinckley Parks Primary'!P35+'Hollycroft Primary School'!P34+'Langmoor Primary School'!P33+'Little Hill Primary School'!P37+'New Lubbesthorpe Primary School'!P40+'Ravenhurst Primary School'!P35 -> -8454 | Q42: ='Glenmere Primary School'!Q33+'Hinckley Parks Primary'!Q35+'Hollycroft Primary School'!Q34+'Langmoor Primary School'!Q33+'Little Hill Primary School'!Q37+'New Lubbesthorpe Primary School'!Q40+'Ravenhurst Primary School'!Q35 -> -11146 | R42: ='Glenmere Primary School'!R33+'Hinckley Parks Primary'!R35+'Hollycroft Primary School'!R34+'Langmoor Primary School'!R33+'Little Hill Primary School'!R37+'New Lubbesthorpe Primary School'!R40+'Ravenhurst Primary School'!R35 -> 2692 | T42: ='Glenmere Primary School'!T33+'Hinckley Parks Primary'!T35+'Hollycroft Primary School'!T34+'Langmoor Primary School'!T33+'Little Hill Primary School'!T37+'New Lubbesthorpe Primary School'!T40+'Ravenhurst Primary School'!T35 -> -11146 | U42: ='Glenmere Primary School'!U33+'Hinckley Parks Primary'!U35+'Hollycroft Primary School'!U34+'Langmoor Primary School'!U33+'Little Hill Primary School'!U37+'New Lubbesthorpe Primary School'!U40+'Ravenhurst Primary School'!U35 -> -10759.91 | V42: =IF('Glenmere Primary School'!V33="",0,'Glenmere Primary School'!V33)+IF('Hinckley Parks Primary'!V35="",0,'Hinckley Parks Primary'!V35)+IF('Hollycroft Primary School'!V34="",0,'Hollycroft Primary School'!V34)+IF('Langmoor Primary School'!V33="",0,'Langmoor Primary School'!V33)+IF('Little Hill Primary School'!V37="",0,'Little Hill Primary School'!V37)+IF('New Lubbesthorpe Primary School'!V40="",0,'New Lubbesthorpe Primary School'!V40)+IF('Ravenhurst Primary School'!V35="",0,'Ravenhurst Primary School'!V35) -> 0 | W42: ='Glenmere Primary School'!W33+'Hinckley Parks Primary'!W35+'Hollycroft Primary School'!W34+'Langmoor Primary School'!W33+'Little Hill Primary School'!W37+'New Lubbesthorpe Primary School'!W40+'Ravenhurst Primary School'!W35 -> 0 | X42: ='Glenmere Primary School'!X33+'Hinckley Parks Primary'!X35+'Hollycroft Primary School'!X34+'Langmoor Primary School'!X33+'Little Hill Primary School'!X37+'New Lubbesthorpe Primary School'!X40+'Ravenhurst Primary School'!X35 -> -10759.91 | Y42: ='Glenmere Primary School'!Y33+'Hinckley Parks Primary'!Y35+'Hollycroft Primary School'!Y34+'Langmoor Primary School'!Y33+'Little Hill Primary School'!Y37+'New Lubbesthorpe Primary School'!Y40+'Ravenhurst Primary School'!Y35 -> -386.09 | Z42: =IF(T42<>0, Y42/T42, 0) -> 0.034639332
C43: 580350 - IN: Donations: Revenue donations - charity (restri | D43: ='Glenmere Primary School'!D34+'Little Hill Primary School'!D38+'Newlands Primary School'!D36+'Ravenhurst Primary School'!D36 -> 0 | E43: ='Glenmere Primary School'!E34+'Little Hill Primary School'!E38+'Newlands Primary School'!E36+'Ravenhurst Primary School'!E36 -> -41.67 | F43: ='Glenmere Primary School'!F34+'Little Hill Primary School'!F38+'Newlands Primary School'!F36+'Ravenhurst Primary School'!F36 -> 0 | G43: ='Glenmere Primary School'!G34+'Little Hill Primary School'!G38+'Newlands Primary School'!G36+'Ravenhurst Primary School'!G36 -> -41.67 | H43: =IF(E43<>0, (D43+F43)/E43, 0) -> 0 | J43: ='Glenmere Primary School'!J34+'Little Hill Primary School'!J38+'Newlands Primary School'!J36+'Ravenhurst Primary School'!J36 -> -957.15 | K43: ='Glenmere Primary School'!K34+'Little Hill Primary School'!K38+'Newlands Primary School'!K36+'Ravenhurst Primary School'!K36 -> -2300 | L43: ='Glenmere Primary School'!L34+'Little Hill Primary School'!L38+'Newlands Primary School'!L36+'Ravenhurst Primary School'!L36 -> 0 | M43: ='Glenmere Primary School'!M34+'Little Hill Primary School'!M38+'Newlands Primary School'!M36+'Ravenhurst Primary School'!M36 -> -1342.85 | N43: =IF(K43<>0, (J43+L43)/K43, 0) -> 0.41615217 | P43: ='Glenmere Primary School'!P34+'Little Hill Primary School'!P38+'Newlands Primary School'!P36+'Ravenhurst Primary School'!P36 -> -2300 | Q43: ='Glenmere Primary School'!Q34+'Little Hill Primary School'!Q38+'Newlands Primary School'!Q36+'Ravenhurst Primary School'!Q36 -> -2300 | R43: ='Glenmere Primary School'!R34+'Little Hill Primary School'!R38+'Newlands Primary School'!R36+'Ravenhurst Primary School'!R36 -> 0 | T43: ='Glenmere Primary School'!T34+'Little Hill Primary School'!T38+'Newlands Primary School'!T36+'Ravenhurst Primary School'!T36 -> -2300 | U43: ='Glenmere Primary School'!U34+'Little Hill Primary School'!U38+'Newlands Primary School'!U36+'Ravenhurst Primary School'!U36 -> -957.15 | V43: =IF('Glenmere Primary School'!V34="",0,'Glenmere Primary School'!V34)+IF('Little Hill Primary School'!V38="",0,'Little Hill Primary School'!V38)+IF('Newlands Primary School'!V36="",0,'Newlands Primary School'!V36)+IF('Ravenhurst Primary School'!V36="",0,'Ravenhurst Primary School'!V36) -> 0 | W43: ='Glenmere Primary School'!W34+'Little Hill Primary School'!W38+'Newlands Primary School'!W36+'Ravenhurst Primary School'!W36 -> 0 | X43: ='Glenmere Primary School'!X34+'Little Hill Primary School'!X38+'Newlands Primary School'!X36+'Ravenhurst Primary School'!X36 -> -957.15 | Y43: ='Glenmere Primary School'!Y34+'Little Hill Primary School'!Y38+'Newlands Primary School'!Y36+'Ravenhurst Primary School'!Y36 -> -1342.85 | Z43: =IF(T43<>0, Y43/T43, 0) -> 0.58384783
C44: 525100 - IN: Other Income: Academy trusts | D44: ='Hinckley Parks Primary'!D25 -> 0 | E44: ='Hinckley Parks Primary'!E25 -> -708.33 | F44: ='Hinckley Parks Primary'!F25 -> 0 | G44: ='Hinckley Parks Primary'!G25 -> -708.33 | H44: =IF(E44<>0, (D44+F44)/E44, 0) -> 0 | J44: ='Hinckley Parks Primary'!J25 -> -1150 | K44: ='Hinckley Parks Primary'!K25 -> -8500 | L44: ='Hinckley Parks Primary'!L25 -> 0 | M44: ='Hinckley Parks Primary'!M25 -> -7350 | N44: =IF(K44<>0, (J44+L44)/K44, 0) -> 0.13529412 | P44: ='Hinckley Parks Primary'!P25 -> -8000 | Q44: ='Hinckley Parks Primary'!Q25 -> -8500 | R44: ='Hinckley Parks Primary'!R25 -> 500 | T44: ='Hinckley Parks Primary'!T25 -> -8500 | U44: ='Hinckley Parks Primary'!U25 -> -1150 | V44: =IF('Hinckley Parks Primary'!V25="",0,'Hinckley Parks Primary'!V25) -> 0 | W44: ='Hinckley Parks Primary'!W25 -> 0 | X44: ='Hinckley Parks Primary'!X25 -> -1150 | Y44: ='Hinckley Parks Primary'!Y25 -> -7350 | Z44: =IF(T44<>0, Y44/T44, 0) -> 0.86470588
C45: 530100 - IN: Trading Income: Hire of facilities | D45: ='Hinckley Parks Primary'!D30+'Hollycroft Primary School'!D29+'Little Hill Primary School'!D29+'New Lubbesthorpe Primary School'!D30+'Newlands Primary School'!D29+'Ravenhurst Primary School'!D29 -> -2287.54 | E45: ='Hinckley Parks Primary'!E30+'Hollycroft Primary School'!E29+'Little Hill Primary School'!E29+'New Lubbesthorpe Primary School'!E30+'Newlands Primary School'!E29+'Ravenhurst Primary School'!E29 -> -1270.67 | F45: ='Hinckley Parks Primary'!F30+'Hollycroft Primary School'!F29+'Little Hill Primary School'!F29+'New Lubbesthorpe Primary School'!F30+'Newlands Primary School'!F29+'Ravenhurst Primary School'!F29 -> 0 | G45: ='Hinckley Parks Primary'!G30+'Hollycroft Primary School'!G29+'Little Hill Primary School'!G29+'New Lubbesthorpe Primary School'!G30+'Newlands Primary School'!G29+'Ravenhurst Primary School'!G29 -> 1016.87 | H45: =IF(E45<>0, (D45+F45)/E45, 0) -> 1.8002629 | J45: ='Hinckley Parks Primary'!J30+'Hollycroft Primary School'!J29+'Little Hill Primary School'!J29+'New Lubbesthorpe Primary School'!J30+'Newlands Primary School'!J29+'Ravenhurst Primary School'!J29 -> -46966.1 | K45: ='Hinckley Parks Primary'!K30+'Hollycroft Primary School'!K29+'Little Hill Primary School'!K29+'New Lubbesthorpe Primary School'!K30+'Newlands Primary School'!K29+'Ravenhurst Primary School'!K29 -> -58097.87 | L45: ='Hinckley Parks Primary'!L30+'Hollycroft Primary School'!L29+'Little Hill Primary School'!L29+'New Lubbesthorpe Primary School'!L30+'Newlands Primary School'!L29+'Ravenhurst Primary School'!L29 -> 0 | M45: ='Hinckley Parks Primary'!M30+'Hollycroft Primary School'!M29+'Little Hill Primary School'!M29+'New Lubbesthorpe Primary School'!M30+'Newlands Primary School'!M29+'Ravenhurst Primary School'!M29 -> -11131.77 | N45: =IF(K45<>0, (J45+L45)/K45, 0) -> 0.80839625 | P45: ='Hinckley Parks Primary'!P30+'Hollycroft Primary School'!P29+'Little Hill Primary School'!P29+'New Lubbesthorpe Primary School'!P30+'Newlands Primary School'!P29+'Ravenhurst Primary School'!P29 -> -56427.87 | Q45: ='Hinckley Parks Primary'!Q30+'Hollycroft Primary School'!Q29+'Little Hill Primary School'!Q29+'New Lubbesthorpe Primary School'!Q30+'Newlands Primary School'!Q29+'Ravenhurst Primary School'!Q29 -> -58097.87 | R45: ='Hinckley Parks Primary'!R30+'Hollycroft Primary School'!R29+'Little Hill Primary School'!R29+'New Lubbesthorpe Primary School'!R30+'Newlands Primary School'!R29+'Ravenhurst Primary School'!R29 -> 1670 | T45: ='Hinckley Parks Primary'!T30+'Hollycroft Primary School'!T29+'Little Hill Primary School'!T29+'New Lubbesthorpe Primary School'!T30+'Newlands Primary School'!T29+'Ravenhurst Primary School'!T29 -> -58097.87 | U45: ='Hinckley Parks Primary'!U30+'Hollycroft Primary School'!U29+'Little Hill Primary School'!U29+'New Lubbesthorpe Primary School'!U30+'Newlands Primary School'!U29+'Ravenhurst Primary School'!U29 -> -46966.1 | V45: =IF('Hinckley Parks Primary'!V30="",0,'Hinckley Parks Primary'!V30)+IF('Hollycroft Primary School'!V29="",0,'Hollycroft Primary School'!V29)+IF('Little Hill Primary School'!V29="",0,'Little Hill Primary School'!V29)+IF('New Lubbesthorpe Primary School'!V30="",0,'New Lubbesthorpe Primary School'!V30)+IF('Newlands Primary School'!V29="",0,'Newlands Primary School'!V29)+IF('Ravenhurst Primary School'!V29="",0,'Ravenhurst Primary School'!V29) -> 0 | W45: ='Hinckley Parks Primary'!W30+'Hollycroft Primary School'!W29+'Little Hill Primary School'!W29+'New Lubbesthorpe Primary School'!W30+'Newlands Primary School'!W29+'Ravenhurst Primary School'!W29 -> 0 | X45: ='Hinckley Parks Primary'!X30+'Hollycroft Primary School'!X29+'Little Hill Primary School'!X29+'New Lubbesthorpe Primary School'!X30+'Newlands Primary School'!X29+'Ravenhurst Primary School'!X29 -> -46966.1 | Y45: ='Hinckley Parks Primary'!Y30+'Hollycroft Primary School'!Y29+'Little Hill Primary School'!Y29+'New Lubbesthorpe Primary School'!Y30+'Newlands Primary School'!Y29+'Ravenhurst Primary School'!Y29 -> -11131.77 | Z45: =IF(T45<>0, Y45/T45, 0) -> 0.19160375
C46: 530705 - IN: Trading Income: Other trading income | D46: ='Hinckley Parks Primary'!D34+'Hollycroft Primary School'!D33+'Little Hill Primary School'!D36+'New Lubbesthorpe Primary School'!D39+'Newlands Primary School'!D35+'Ravenhurst Primary School'!D34 -> 481.05 | E46: ='Hinckley Parks Primary'!E34+'Hollycroft Primary School'!E33+'Little Hill Primary School'!E36+'New Lubbesthorpe Primary School'!E39+'Newlands Primary School'!E35+'Ravenhurst Primary School'!E34 -> 0 | F46: ='Hinckley Parks Primary'!F34+'Hollycroft Primary School'!F33+'Little Hill Primary School'!F36+'New Lubbesthorpe Primary School'!F39+'Newlands Primary School'!F35+'Ravenhurst Primary School'!F34 -> 0 | G46: ='Hinckley Parks Primary'!G34+'Hollycroft Primary School'!G33+'Little Hill Primary School'!G36+'New Lubbesthorpe Primary School'!G39+'Newlands Primary School'!G35+'Ravenhurst Primary School'!G34 -> -481.05 | H46: =IF(E46<>0, (D46+F46)/E46, 0) -> 0 | J46: ='Hinckley Parks Primary'!J34+'Hollycroft Primary School'!J33+'Little Hill Primary School'!J36+'New Lubbesthorpe Primary School'!J39+'Newlands Primary School'!J35+'Ravenhurst Primary School'!J34 -> -8135.12 | K46: ='Hinckley Parks Primary'!K34+'Hollycroft Primary School'!K33+'Little Hill Primary School'!K36+'New Lubbesthorpe Primary School'!K39+'Newlands Primary School'!K35+'Ravenhurst Primary School'!K34 -> -6005 | L46: ='Hinckley Parks Primary'!L34+'Hollycroft Primary School'!L33+'Little Hill Primary School'!L36+'New Lubbesthorpe Primary School'!L39+'Newlands Primary School'!L35+'Ravenhurst Primary School'!L34 -> 0 | M46: ='Hinckley Parks Primary'!M34+'Hollycroft Primary School'!M33+'Little Hill Primary School'!M36+'New Lubbesthorpe Primary School'!M39+'Newlands Primary School'!M35+'Ravenhurst Primary School'!M34 -> 2130.12 | N46: =IF(K46<>0, (J46+L46)/K46, 0) -> 1.3547244 | P46: ='Hinckley Parks Primary'!P34+'Hollycroft Primary School'!P33+'Little Hill Primary School'!P36+'New Lubbesthorpe Primary School'!P39+'Newlands Primary School'!P35+'Ravenhurst Primary School'!P34 -> -6914.47 | Q46: ='Hinckley Parks Primary'!Q34+'Hollycroft Primary School'!Q33+'Little Hill Primary School'!Q36+'New Lubbesthorpe Primary School'!Q39+'Newlands Primary School'!Q35+'Ravenhurst Primary School'!Q34 -> -6005 | R46: ='Hinckley Parks Primary'!R34+'Hollycroft Primary School'!R33+'Little Hill Primary School'!R36+'New Lubbesthorpe Primary School'!R39+'Newlands Primary School'!R35+'Ravenhurst Primary School'!R34 -> -909.47 | T46: ='Hinckley Parks Primary'!T34+'Hollycroft Primary School'!T33+'Little Hill Primary School'!T36+'New Lubbesthorpe Primary School'!T39+'Newlands Primary School'!T35+'Ravenhurst Primary School'!T34 -> -6005 | U46: ='Hinckley Parks Primary'!U34+'Hollycroft Primary School'!U33+'Little Hill Primary School'!U36+'New Lubbesthorpe Primary School'!U39+'Newlands Primary School'!U35+'Ravenhurst Primary School'!U34 -> -8135.12 | V46: =IF('Hinckley Parks Primary'!V34="",0,'Hinckley Parks Primary'!V34)+IF('Hollycroft Primary School'!V33="",0,'Hollycroft Primary School'!V33)+IF('Little Hill Primary School'!V36="",0,'Little Hill Primary School'!V36)+IF('New Lubbesthorpe Primary School'!V39="",0,'New Lubbesthorpe Primary School'!V39)+IF('Newlands Primary School'!V35="",0,'Newlands Primary School'!V35)+IF('Ravenhurst Primary School'!V34="",0,'Ravenhurst Primary School'!V34) -> 0 | W46: ='Hinckley Parks Primary'!W34+'Hollycroft Primary School'!W33+'Little Hill Primary School'!W36+'New Lubbesthorpe Primary School'!W39+'Newlands Primary School'!W35+'Ravenhurst Primary School'!W34 -> 0 | X46: ='Hinckley Parks Primary'!X34+'Hollycroft Primary School'!X33+'Little Hill Primary School'!X36+'New Lubbesthorpe Primary School'!X39+'Newlands Primary School'!X35+'Ravenhurst Primary School'!X34 -> -8135.12 | Y46: ='Hinckley Parks Primary'!Y34+'Hollycroft Primary School'!Y33+'Little Hill Primary School'!Y36+'New Lubbesthorpe Primary School'!Y39+'Newlands Primary School'!Y35+'Ravenhurst Primary School'!Y34 -> 2130.12 | Z46: =IF(T46<>0, Y46/T46, 0) -> -0.3547244
C47: 525155 - IN: Other Income: Govt sources - not grant | D47: ='Little Hill Primary School'!D24+'New Lubbesthorpe Primary School'!D24+'OWLS Academy Trust'!D14 -> 50 | E47: ='Little Hill Primary School'!E24+'New Lubbesthorpe Primary School'!E24+'OWLS Academy Trust'!E14 -> 0 | F47: ='Little Hill Primary School'!F24+'New Lubbesthorpe Primary School'!F24+'OWLS Academy Trust'!F14 -> 0 | G47: ='Little Hill Primary School'!G24+'New Lubbesthorpe Primary School'!G24+'OWLS Academy Trust'!G14 -> -50 | H47: =IF(E47<>0, (D47+F47)/E47, 0) -> 0 | J47: ='Little Hill Primary School'!J24+'New Lubbesthorpe Primary School'!J24+'OWLS Academy Trust'!J14 -> -4355 | K47: ='Little Hill Primary School'!K24+'New Lubbesthorpe Primary School'!K24+'OWLS Academy Trust'!K14 -> -2010 | L47: ='Little Hill Primary School'!L24+'New Lubbesthorpe Primary School'!L24+'OWLS Academy Trust'!L14 -> 0 | M47: ='Little Hill Primary School'!M24+'New Lubbesthorpe Primary School'!M24+'OWLS Academy Trust'!M14 -> 2345 | N47: =IF(K47<>0, (J47+L47)/K47, 0) -> 2.1666667 | P47: ='Little Hill Primary School'!P24+'New Lubbesthorpe Primary School'!P24+'OWLS Academy Trust'!P14 -> -5360 | Q47: ='Little Hill Primary School'!Q24+'New Lubbesthorpe Primary School'!Q24+'OWLS Academy Trust'!Q14 -> -2010 | R47: ='Little Hill Primary School'!R24+'New Lubbesthorpe Primary School'!R24+'OWLS Academy Trust'!R14 -> -3350 | T47: ='Little Hill Primary School'!T24+'New Lubbesthorpe Primary School'!T24+'OWLS Academy Trust'!T14 -> -2010 | U47: ='Little Hill Primary School'!U24+'New Lubbesthorpe Primary School'!U24+'OWLS Academy Trust'!U14 -> -4355 | V47: =IF('Little Hill Primary School'!V24="",0,'Little Hill Primary School'!V24)+IF('New Lubbesthorpe Primary School'!V24="",0,'New Lubbesthorpe Primary School'!V24)+IF('OWLS Academy Trust'!V14="",0,'OWLS Academy Trust'!V14) -> 0 | W47: ='Little Hill Primary School'!W24+'New Lubbesthorpe Primary School'!W24+'OWLS Academy Trust'!W14 -> 0 | X47: ='Little Hill Primary School'!X24+'New Lubbesthorpe Primary School'!X24+'OWLS Academy Trust'!X14 -> -4355 | Y47: ='Little Hill Primary School'!Y24+'New Lubbesthorpe Primary School'!Y24+'OWLS Academy Trust'!Y14 -> 2345 | Z47: =IF(T47<>0, Y47/T47, 0) -> -1.1666667
C48: 530300 - IN Trading Income Supply teacher insurance claim | D48: ='Little Hill Primary School'!D32+'New Lubbesthorpe Primary School'!D33+'Newlands Primary School'!D32 -> -840 | E48: ='Little Hill Primary School'!E32+'New Lubbesthorpe Primary School'!E33+'Newlands Primary School'!E32 -> 0 | F48: ='Little Hill Primary School'!F32+'New Lubbesthorpe Primary School'!F33+'Newlands Primary School'!F32 -> 0 | G48: ='Little Hill Primary School'!G32+'New Lubbesthorpe Primary School'!G33+'Newlands Primary School'!G32 -> 840 | H48: =IF(E48<>0, (D48+F48)/E48, 0) -> 0 | J48: ='Little Hill Primary School'!J32+'New Lubbesthorpe Primary School'!J33+'Newlands Primary School'!J32 -> -28528 | K48: ='Little Hill Primary School'!K32+'New Lubbesthorpe Primary School'!K33+'Newlands Primary School'!K32 -> -30072 | L48: ='Little Hill Primary School'!L32+'New Lubbesthorpe Primary School'!L33+'Newlands Primary School'!L32 -> 0 | M48: ='Little Hill Primary School'!M32+'New Lubbesthorpe Primary School'!M33+'Newlands Primary School'!M32 -> -1544 | N48: =IF(K48<>0, (J48+L48)/K48, 0) -> 0.94865656 | P48: ='Little Hill Primary School'!P32+'New Lubbesthorpe Primary School'!P33+'Newlands Primary School'!P32 -> 0 | Q48: ='Little Hill Primary School'!Q32+'New Lubbesthorpe Primary School'!Q33+'Newlands Primary School'!Q32 -> -30072 | R48: ='Little Hill Primary School'!R32+'New Lubbesthorpe Primary School'!R33+'Newlands Primary School'!R32 -> 30072 | T48: ='Little Hill Primary School'!T32+'New Lubbesthorpe Primary School'!T33+'Newlands Primary School'!T32 -> -30072 | U48: ='Little Hill Primary School'!U32+'New Lubbesthorpe Primary School'!U33+'Newlands Primary School'!U32 -> -28528 | V48: =IF('Little Hill Primary School'!V32="",0,'Little Hill Primary School'!V32)+IF('New Lubbesthorpe Primary School'!V33="",0,'New Lubbesthorpe Primary School'!V33)+IF('Newlands Primary School'!V32="",0,'Newlands Primary School'!V32) -> 0 | W48: ='Little Hill Primary School'!W32+'New Lubbesthorpe Primary School'!W33+'Newlands Primary School'!W32 -> 0 | X48: ='Little Hill Primary School'!X32+'New Lubbesthorpe Primary School'!X33+'Newlands Primary School'!X32 -> -28528 | Y48: ='Little Hill Primary School'!Y32+'New Lubbesthorpe Primary School'!Y33+'Newlands Primary School'!Y32 -> -1544 | Z48: =IF(T48<>0, Y48/T48, 0) -> 0.051343442
C49: 530605 - IN: Trading Income: Income from music | D49: ='Little Hill Primary School'!D34 -> 0 | E49: ='Little Hill Primary School'!E34 -> 0 | F49: ='Little Hill Primary School'!F34 -> 0 | G49: ='Little Hill Primary School'!G34 -> 0 | H49: =IF(E49<>0, (D49+F49)/E49, 0) -> 0 | J49: ='Little Hill Primary School'!J34 -> -2236.1 | K49: ='Little Hill Primary School'!K34 -> -1500 | L49: ='Little Hill Primary School'!L34 -> 0 | M49: ='Little Hill Primary School'!M34 -> 736.1 | N49: =IF(K49<>0, (J49+L49)/K49, 0) -> 1.4907333 | P49: ='Little Hill Primary School'!P34 -> -1500 | Q49: ='Little Hill Primary School'!Q34 -> -1500 | R49: ='Little Hill Primary School'!R34 -> 0 | T49: ='Little Hill Primary School'!T34 -> -1500 | U49: ='Little Hill Primary School'!U34 -> -2236.1 | V49: =IF('Little Hill Primary School'!V34="",0,'Little Hill Primary School'!V34) -> 0 | W49: ='Little Hill Primary School'!W34 -> 0 | X49: ='Little Hill Primary School'!X34 -> -2236.1 | Y49: ='Little Hill Primary School'!Y34 -> 736.1 | Z49: =IF(T49<>0, Y49/T49, 0) -> -0.49073333
C50: 525210 - IN: Other Income: Feed-in-Tarrif/RHI Income | D50: ='New Lubbesthorpe Primary School'!D26 -> 0 | E50: ='New Lubbesthorpe Primary School'!E26 -> 0 | F50: ='New Lubbesthorpe Primary School'!F26 -> 0 | G50: ='New Lubbesthorpe Primary School'!G26 -> 0 | H50: =IF(E50<>0, (D50+F50)/E50, 0) -> 0 | J50: ='New Lubbesthorpe Primary School'!J26 -> -12.9 | K50: ='New Lubbesthorpe Primary School'!K26 -> -40 | L50: ='New Lubbesthorpe Primary School'!L26 -> 0 | M50: ='New Lubbesthorpe Primary School'!M26 -> -27.1 | N50: =IF(K50<>0, (J50+L50)/K50, 0) -> 0.3225 | P50: ='New Lubbesthorpe Primary School'!P26 -> -40 | Q50: ='New Lubbesthorpe Primary School'!Q26 -> -40 | R50: ='New Lubbesthorpe Primary School'!R26 -> 0 | T50: ='New Lubbesthorpe Primary School'!T26 -> -40 | U50: ='New Lubbesthorpe Primary School'!U26 -> -12.9 | V50: =IF('New Lubbesthorpe Primary School'!V26="",0,'New Lubbesthorpe Primary School'!V26) -> 0 | W50: ='New Lubbesthorpe Primary School'!W26 -> 0 | X50: ='New Lubbesthorpe Primary School'!X26 -> -12.9 | Y50: ='New Lubbesthorpe Primary School'!Y26 -> -27.1 | Z50: =IF(T50<>0, Y50/T50, 0) -> 0.6775
C51: 525750APS - IN: Other Income: Investment income (APS) | D51: ='OWLS Academy Trust'!D17 -> -10.79 | E51: ='OWLS Academy Trust'!E17 -> 0 | F51: ='OWLS Academy Trust'!F17 -> 0 | G51: ='OWLS Academy Trust'!G17 -> 10.79 | H51: =IF(E51<>0, (D51+F51)/E51, 0) -> 0 | J51: ='OWLS Academy Trust'!J17 -> -143.36 | K51: ='OWLS Academy Trust'!K17 -> 0 | L51: ='OWLS Academy Trust'!L17 -> 0 | M51: ='OWLS Academy Trust'!M17 -> 143.36 | N51: =IF(K51<>0, (J51+L51)/K51, 0) -> 0 | P51: ='OWLS Academy Trust'!P17 -> 0 | Q51: ='OWLS Academy Trust'!Q17 -> 0 | R51: ='OWLS Academy Trust'!R17 -> 0 | T51: ='OWLS Academy Trust'!T17 -> 0 | U51: ='OWLS Academy Trust'!U17 -> -143.36 | V51: =IF('OWLS Academy Trust'!V17="",0,'OWLS Academy Trust'!V17) -> 0 | W51: ='OWLS Academy Trust'!W17 -> 0 | X51: ='OWLS Academy Trust'!X17 -> -143.36 | Y51: ='OWLS Academy Trust'!Y17 -> 143.36 | Z51: =IF(T51<>0, Y51/T51, 0) -> 0
B52: INCAP - Capital Income | D52: =SUM(D53:D59) -> 81649 | E52: =SUM(E53:E59) -> -54145.07 | F52: =SUM(F53:F59) -> 0 | G52: =SUM(G53:G59) -> -135794.07 | H52: =IF(E52<>0, (D52+F52)/E52, 0) -> -1.5079674 | J52: =SUM(J53:J59) -> -166314.13 | K52: =SUM(K53:K59) -> -385811 | L52: =SUM(L53:L59) -> 0 | M52: =SUM(M53:M59) -> -219496.87 | N52: =IF(K52<>0, (J52+L52)/K52, 0) -> 0.43107669 | P52: =SUM(P53:P59) -> -261204.61 | Q52: =SUM(Q53:Q59) -> -385811 | R52: =SUM(R53:R59) -> 124606.39 | T52: =SUM(T53:T59) -> -385811 | U52: =SUM(U53:U59) -> -166314.13 | V52: =SUM(V53:V59) -> 0 | W52: =SUM(W53:W59) -> 0 | X52: =SUM(X53:X59) -> -166314.13 | Y52: =SUM(Y53:Y59) -> -219496.87 | Z52: =IF(T52<>0, Y52/T52, 0) -> 0.56892331
C53: 550250 - IN: DfE Cap Grants: Devolved Formula Cap | D53: ='Fernvale Primary School'!D34+'Glenmere Primary School'!D37+'Hinckley Parks Primary'!D37+'Hollycroft Primary School'!D36+'Langmoor Primary School'!D36+'Little Hill Primary School'!D42+'New Lubbesthorpe Primary School'!D43+'Newlands Primary School'!D39+'Ravenhurst Primary School'!D39 -> 0 | E53: ='Fernvale Primary School'!E34+'Glenmere Primary School'!E37+'Hinckley Parks Primary'!E37+'Hollycroft Primary School'!E36+'Langmoor Primary School'!E36+'Little Hill Primary School'!E42+'New Lubbesthorpe Primary School'!E43+'Newlands Primary School'!E39+'Ravenhurst Primary School'!E39 -> 0 | F53: ='Fernvale Primary School'!F34+'Glenmere Primary School'!F37+'Hinckley Parks Primary'!F37+'Hollycroft Primary School'!F36+'Langmoor Primary School'!F36+'Little Hill Primary School'!F42+'New Lubbesthorpe Primary School'!F43+'Newlands Primary School'!F39+'Ravenhurst Primary School'!F39 -> 0 | G53: ='Fernvale Primary School'!G34+'Glenmere Primary School'!G37+'Hinckley Parks Primary'!G37+'Hollycroft Primary School'!G36+'Langmoor Primary School'!G36+'Little Hill Primary School'!G42+'New Lubbesthorpe Primary School'!G43+'Newlands Primary School'!G39+'Ravenhurst Primary School'!G39 -> 0 | H53: =IF(E53<>0, (D53+F53)/E53, 0) -> 0 | J53: ='Fernvale Primary School'!J34+'Glenmere Primary School'!J37+'Hinckley Parks Primary'!J37+'Hollycroft Primary School'!J36+'Langmoor Primary School'!J36+'Little Hill Primary School'!J42+'New Lubbesthorpe Primary School'!J43+'Newlands Primary School'!J39+'Ravenhurst Primary School'!J39 -> -67978.13 | K53: ='Fernvale Primary School'!K34+'Glenmere Primary School'!K37+'Hinckley Parks Primary'!K37+'Hollycroft Primary School'!K36+'Langmoor Primary School'!K36+'Little Hill Primary School'!K42+'New Lubbesthorpe Primary School'!K43+'Newlands Primary School'!K39+'Ravenhurst Primary School'!K39 -> -67541 | L53: ='Fernvale Primary School'!L34+'Glenmere Primary School'!L37+'Hinckley Parks Primary'!L37+'Hollycroft Primary School'!L36+'Langmoor Primary School'!L36+'Little Hill Primary School'!L42+'New Lubbesthorpe Primary School'!L43+'Newlands Primary School'!L39+'Ravenhurst Primary School'!L39 -> 0 | M53: ='Fernvale Primary School'!M34+'Glenmere Primary School'!M37+'Hinckley Parks Primary'!M37+'Hollycroft Primary School'!M36+'Langmoor Primary School'!M36+'Little Hill Primary School'!M42+'New Lubbesthorpe Primary School'!M43+'Newlands Primary School'!M39+'Ravenhurst Primary School'!M39 -> 437.13 | N53: =IF(K53<>0, (J53+L53)/K53, 0) -> 1.0064721 | P53: ='Fernvale Primary School'!P34+'Glenmere Primary School'!P37+'Hinckley Parks Primary'!P37+'Hollycroft Primary School'!P36+'Langmoor Primary School'!P36+'Little Hill Primary School'!P42+'New Lubbesthorpe Primary School'!P43+'Newlands Primary School'!P39+'Ravenhurst Primary School'!P39 -> -67523.89 | Q53: ='Fernvale Primary School'!Q34+'Glenmere Primary School'!Q37+'Hinckley Parks Primary'!Q37+'Hollycroft Primary School'!Q36+'Langmoor Primary School'!Q36+'Little Hill Primary School'!Q42+'New Lubbesthorpe Primary School'!Q43+'Newlands Primary School'!Q39+'Ravenhurst Primary School'!Q39 -> -67541 | R53: ='Fernvale Primary School'!R34+'Glenmere Primary School'!R37+'Hinckley Parks Primary'!R37+'Hollycroft Primary School'!R36+'Langmoor Primary School'!R36+'Little Hill Primary School'!R42+'New Lubbesthorpe Primary School'!R43+'Newlands Primary School'!R39+'Ravenhurst Primary School'!R39 -> 17.11 | T53: ='Fernvale Primary School'!T34+'Glenmere Primary School'!T37+'Hinckley Parks Primary'!T37+'Hollycroft Primary School'!T36+'Langmoor Primary School'!T36+'Little Hill Primary School'!T42+'New Lubbesthorpe Primary School'!T43+'Newlands Primary School'!T39+'Ravenhurst Primary School'!T39 -> -67541 | U53: ='Fernvale Primary School'!U34+'Glenmere Primary School'!U37+'Hinckley Parks Primary'!U37+'Hollycroft Primary School'!U36+'Langmoor Primary School'!U36+'Little Hill Primary School'!U42+'New Lubbesthorpe Primary School'!U43+'Newlands Primary School'!U39+'Ravenhurst Primary School'!U39 -> -67978.13 | V53: =IF('Fernvale Primary School'!V34="",0,'Fernvale Primary School'!V34)+IF('Glenmere Primary School'!V37="",0,'Glenmere Primary School'!V37)+IF('Hinckley Parks Primary'!V37="",0,'Hinckley Parks Primary'!V37)+IF('Hollycroft Primary School'!V36="",0,'Hollycroft Primary School'!V36)+IF('Langmoor Primary School'!V36="",0,'Langmoor Primary School'!V36)+IF('Little Hill Primary School'!V42="",0,'Little Hill Primary School'!V42)+IF('New Lubbesthorpe Primary School'!V43="",0,'New Lubbesthorpe Primary School'!V43)+IF('Newlands Primary School'!V39="",0,'Newlands Primary School'!V39)+IF('Ravenhurst Primary School'!V39="",0,'Ravenhurst Primary School'!V39) -> 0 | W53: ='Fernvale Primary School'!W34+'Glenmere Primary School'!W37+'Hinckley Parks Primary'!W37+'Hollycroft Primary School'!W36+'Langmoor Primary School'!W36+'Little Hill Primary School'!W42+'New Lubbesthorpe Primary School'!W43+'Newlands Primary School'!W39+'Ravenhurst Primary School'!W39 -> 0 | X53: ='Fernvale Primary School'!X34+'Glenmere Primary School'!X37+'Hinckley Parks Primary'!X37+'Hollycroft Primary School'!X36+'Langmoor Primary School'!X36+'Little Hill Primary School'!X42+'New Lubbesthorpe Primary School'!X43+'Newlands Primary School'!X39+'Ravenhurst Primary School'!X39 -> -67978.13 | Y53: ='Fernvale Primary School'!Y34+'Glenmere Primary School'!Y37+'Hinckley Parks Primary'!Y37+'Hollycroft Primary School'!Y36+'Langmoor Primary School'!Y36+'Little Hill Primary School'!Y42+'New Lubbesthorpe Primary School'!Y43+'Newlands Primary School'!Y39+'Ravenhurst Primary School'!Y39 -> 437.13 | Z53: =IF(T53<>0, Y53/T53, 0) -> -0.0064720688
C54: 550450 - IN: DfE Cap Grants: Other DfE Cap grants | D54: ='Fernvale Primary School'!D35+'OWLS Academy Trust'!D23 -> 0 | E54: ='Fernvale Primary School'!E35+'OWLS Academy Trust'!E23 -> 0 | F54: ='Fernvale Primary School'!F35+'OWLS Academy Trust'!F23 -> 0 | G54: ='Fernvale Primary School'!G35+'OWLS Academy Trust'!G23 -> 0 | H54: =IF(E54<>0, (D54+F54)/E54, 0) -> 0 | J54: ='Fernvale Primary School'!J35+'OWLS Academy Trust'!J23 -> 0 | K54: ='Fernvale Primary School'!K35+'OWLS Academy Trust'!K23 -> -0.01 | L54: ='Fernvale Primary School'!L35+'OWLS Academy Trust'!L23 -> 0 | M54: ='Fernvale Primary School'!M35+'OWLS Academy Trust'!M23 -> -0.01 | N54: =IF(K54<>0, (J54+L54)/K54, 0) -> 0 | P54: ='Fernvale Primary School'!P35+'OWLS Academy Trust'!P23 -> -150000 | Q54: ='Fernvale Primary School'!Q35+'OWLS Academy Trust'!Q23 -> -0.01 | R54: ='Fernvale Primary School'!R35+'OWLS Academy Trust'!R23 -> -149999.99 | T54: ='Fernvale Primary School'!T35+'OWLS Academy Trust'!T23 -> -0.01 | U54: ='Fernvale Primary School'!U35+'OWLS Academy Trust'!U23 -> 0 | V54: =IF('Fernvale Primary School'!V35="",0,'Fernvale Primary School'!V35)+IF('OWLS Academy Trust'!V23="",0,'OWLS Academy Trust'!V23) -> 0 | W54: ='Fernvale Primary School'!W35+'OWLS Academy Trust'!W23 -> 0 | X54: ='Fernvale Primary School'!X35+'OWLS Academy Trust'!X23 -> 0 | Y54: ='Fernvale Primary School'!Y35+'OWLS Academy Trust'!Y23 -> -0.01 | Z54: =IF(T54<>0, Y54/T54, 0) -> 1
C55: 560400 - IN: Other Cap income: Contributions from revenue | D55: ='Fernvale Primary School'!D36+'Hinckley Parks Primary'!D38+'Hollycroft Primary School'!D37+'Little Hill Primary School'!D43+'Newlands Primary School'!D40+'Ravenhurst Primary School'!D40 -> 0 | E55: ='Fernvale Primary School'!E36+'Hinckley Parks Primary'!E38+'Hollycroft Primary School'!E37+'Little Hill Primary School'!E43+'Newlands Primary School'!E40+'Ravenhurst Primary School'!E40 -> -114991.18 | F55: ='Fernvale Primary School'!F36+'Hinckley Parks Primary'!F38+'Hollycroft Primary School'!F37+'Little Hill Primary School'!F43+'Newlands Primary School'!F40+'Ravenhurst Primary School'!F40 -> 0 | G55: ='Fernvale Primary School'!G36+'Hinckley Parks Primary'!G38+'Hollycroft Primary School'!G37+'Little Hill Primary School'!G43+'Newlands Primary School'!G40+'Ravenhurst Primary School'!G40 -> -114991.18 | H55: =IF(E55<>0, (D55+F55)/E55, 0) -> 0 | J55: ='Fernvale Primary School'!J36+'Hinckley Parks Primary'!J38+'Hollycroft Primary School'!J37+'Little Hill Primary School'!J43+'Newlands Primary School'!J40+'Ravenhurst Primary School'!J40 -> 0 | K55: ='Fernvale Primary School'!K36+'Hinckley Parks Primary'!K38+'Hollycroft Primary School'!K37+'Little Hill Primary School'!K43+'Newlands Primary School'!K40+'Ravenhurst Primary School'!K40 -> -186100.01 | L55: ='Fernvale Primary School'!L36+'Hinckley Parks Primary'!L38+'Hollycroft Primary School'!L37+'Little Hill Primary School'!L43+'Newlands Primary School'!L40+'Ravenhurst Primary School'!L40 -> 0 | M55: ='Fernvale Primary School'!M36+'Hinckley Parks Primary'!M38+'Hollycroft Primary School'!M37+'Little Hill Primary School'!M43+'Newlands Primary School'!M40+'Ravenhurst Primary School'!M40 -> -186100.01 | N55: =IF(K55<>0, (J55+L55)/K55, 0) -> 0 | P55: ='Fernvale Primary School'!P36+'Hinckley Parks Primary'!P38+'Hollycroft Primary School'!P37+'Little Hill Primary School'!P43+'Newlands Primary School'!P40+'Ravenhurst Primary School'!P40 -> -43680.72 | Q55: ='Fernvale Primary School'!Q36+'Hinckley Parks Primary'!Q38+'Hollycroft Primary School'!Q37+'Little Hill Primary School'!Q43+'Newlands Primary School'!Q40+'Ravenhurst Primary School'!Q40 -> -186100.01 | R55: ='Fernvale Primary School'!R36+'Hinckley Parks Primary'!R38+'Hollycroft Primary School'!R37+'Little Hill Primary School'!R43+'Newlands Primary School'!R40+'Ravenhurst Primary School'!R40 -> 142419.29 | T55: ='Fernvale Primary School'!T36+'Hinckley Parks Primary'!T38+'Hollycroft Primary School'!T37+'Little Hill Primary School'!T43+'Newlands Primary School'!T40+'Ravenhurst Primary School'!T40 -> -186100.01 | U55: ='Fernvale Primary School'!U36+'Hinckley Parks Primary'!U38+'Hollycroft Primary School'!U37+'Little Hill Primary School'!U43+'Newlands Primary School'!U40+'Ravenhurst Primary School'!U40 -> 0 | V55: =IF('Fernvale Primary School'!V36="",0,'Fernvale Primary School'!V36)+IF('Hinckley Parks Primary'!V38="",0,'Hinckley Parks Primary'!V38)+IF('Hollycroft Primary School'!V37="",0,'Hollycroft Primary School'!V37)+IF('Little Hill Primary School'!V43="",0,'Little Hill Primary School'!V43)+IF('Newlands Primary School'!V40="",0,'Newlands Primary School'!V40)+IF('Ravenhurst Primary School'!V40="",0,'Ravenhurst Primary School'!V40) -> 0 | W55: ='Fernvale Primary School'!W36+'Hinckley Parks Primary'!W38+'Hollycroft Primary School'!W37+'Little Hill Primary School'!W43+'Newlands Primary School'!W40+'Ravenhurst Primary School'!W40 -> 0 | X55: ='Fernvale Primary School'!X36+'Hinckley Parks Primary'!X38+'Hollycroft Primary School'!X37+'Little Hill Primary School'!X43+'Newlands Primary School'!X40+'Ravenhurst Primary School'!X40 -> 0 | Y55: ='Fernvale Primary School'!Y36+'Hinckley Parks Primary'!Y38+'Hollycroft Primary School'!Y37+'Little Hill Primary School'!Y43+'Newlands Primary School'!Y40+'Ravenhurst Primary School'!Y40 -> -186100.01 | Z55: =IF(T55<>0, Y55/T55, 0) -> 1
C56: 560300 - IN: Other Cap income: Non-govt Cap grants | D56: ='Glenmere Primary School'!D38 -> 0 | E56: ='Glenmere Primary School'!E38 -> -290 | F56: ='Glenmere Primary School'!F38 -> 0 | G56: ='Glenmere Primary School'!G38 -> -290 | H56: =IF(E56<>0, (D56+F56)/E56, 0) -> 0 | J56: ='Glenmere Primary School'!J38 -> -3480 | K56: ='Glenmere Primary School'!K38 -> -3480 | L56: ='Glenmere Primary School'!L38 -> 0 | M56: ='Glenmere Primary School'!M38 -> 0 | N56: =IF(K56<>0, (J56+L56)/K56, 0) -> 1 | P56: ='Glenmere Primary School'!P38 -> 0 | Q56: ='Glenmere Primary School'!Q38 -> -3480 | R56: ='Glenmere Primary School'!R38 -> 3480 | T56: ='Glenmere Primary School'!T38 -> -3480 | U56: ='Glenmere Primary School'!U38 -> -3480 | V56: =IF('Glenmere Primary School'!V38="",0,'Glenmere Primary School'!V38) -> 0 | W56: ='Glenmere Primary School'!W38 -> 0 | X56: ='Glenmere Primary School'!X38 -> -3480 | Y56: ='Glenmere Primary School'!Y38 -> 0 | Z56: =IF(T56<>0, Y56/T56, 0) -> 0
C57: 580250 - IN: Donations: Other Cap donations (restricted) | D57: ='Glenmere Primary School'!D39+'Hinckley Parks Primary'!D39+'New Lubbesthorpe Primary School'!D45+'Newlands Primary School'!D41 -> -22420 | E57: ='Glenmere Primary School'!E39+'Hinckley Parks Primary'!E39+'New Lubbesthorpe Primary School'!E45+'Newlands Primary School'!E41 -> -5833.33 | F57: ='Glenmere Primary School'!F39+'Hinckley Parks Primary'!F39+'New Lubbesthorpe Primary School'!F45+'Newlands Primary School'!F41 -> 0 | G57: ='Glenmere Primary School'!G39+'Hinckley Parks Primary'!G39+'New Lubbesthorpe Primary School'!G45+'Newlands Primary School'!G41 -> 16586.67 | H57: =IF(E57<>0, (D57+F57)/E57, 0) -> 3.8434308 | J57: ='Glenmere Primary School'!J39+'Hinckley Parks Primary'!J39+'New Lubbesthorpe Primary School'!J45+'Newlands Primary School'!J41 -> -122510 | K57: ='Glenmere Primary School'!K39+'Hinckley Parks Primary'!K39+'New Lubbesthorpe Primary School'!K45+'Newlands Primary School'!K41 -> -70000 | L57: ='Glenmere Primary School'!L39+'Hinckley Parks Primary'!L39+'New Lubbesthorpe Primary School'!L45+'Newlands Primary School'!L41 -> 0 | M57: ='Glenmere Primary School'!M39+'Hinckley Parks Primary'!M39+'New Lubbesthorpe Primary School'!M45+'Newlands Primary School'!M41 -> 52510 | N57: =IF(K57<>0, (J57+L57)/K57, 0) -> 1.7501429 | P57: ='Glenmere Primary School'!P39+'Hinckley Parks Primary'!P39+'New Lubbesthorpe Primary School'!P45+'Newlands Primary School'!P41 -> 0 | Q57: ='Glenmere Primary School'!Q39+'Hinckley Parks Primary'!Q39+'New Lubbesthorpe Primary School'!Q45+'Newlands Primary School'!Q41 -> -70000 | R57: ='Glenmere Primary School'!R39+'Hinckley Parks Primary'!R39+'New Lubbesthorpe Primary School'!R45+'Newlands Primary School'!R41 -> 70000 | T57: ='Glenmere Primary School'!T39+'Hinckley Parks Primary'!T39+'New Lubbesthorpe Primary School'!T45+'Newlands Primary School'!T41 -> -70000 | U57: ='Glenmere Primary School'!U39+'Hinckley Parks Primary'!U39+'New Lubbesthorpe Primary School'!U45+'Newlands Primary School'!U41 -> -122510 | V57: =IF('Glenmere Primary School'!V39="",0,'Glenmere Primary School'!V39)+IF('Hinckley Parks Primary'!V39="",0,'Hinckley Parks Primary'!V39)+IF('New Lubbesthorpe Primary School'!V45="",0,'New Lubbesthorpe Primary School'!V45)+IF('Newlands Primary School'!V41="",0,'Newlands Primary School'!V41) -> 0 | W57: ='Glenmere Primary School'!W39+'Hinckley Parks Primary'!W39+'New Lubbesthorpe Primary School'!W45+'Newlands Primary School'!W41 -> 0 | X57: ='Glenmere Primary School'!X39+'Hinckley Parks Primary'!X39+'New Lubbesthorpe Primary School'!X45+'Newlands Primary School'!X41 -> -122510 | Y57: ='Glenmere Primary School'!Y39+'Hinckley Parks Primary'!Y39+'New Lubbesthorpe Primary School'!Y45+'Newlands Primary School'!Y41 -> 52510 | Z57: =IF(T57<>0, Y57/T57, 0) -> -0.75014286
C58: 550100 - IN: DfE Cap Grants: Condition Improvement Fund | D58: ='Little Hill Primary School'!D41+'Newlands Primary School'!D38+'Ravenhurst Primary School'!D38 -> 104069 | E58: ='Little Hill Primary School'!E41+'Newlands Primary School'!E38+'Ravenhurst Primary School'!E38 -> 71552.77 | F58: ='Little Hill Primary School'!F41+'Newlands Primary School'!F38+'Ravenhurst Primary School'!F38 -> 0 | G58: ='Little Hill Primary School'!G41+'Newlands Primary School'!G38+'Ravenhurst Primary School'!G38 -> -32516.23 | H58: =IF(E58<>0, (D58+F58)/E58, 0) -> 1.4544371 | J58: ='Little Hill Primary School'!J41+'Newlands Primary School'!J38+'Ravenhurst Primary School'!J38 -> 27654 | K58: ='Little Hill Primary School'!K41+'Newlands Primary School'!K38+'Ravenhurst Primary School'!K38 -> -3689.98 | L58: ='Little Hill Primary School'!L41+'Newlands Primary School'!L38+'Ravenhurst Primary School'!L38 -> 0 | M58: ='Little Hill Primary School'!M41+'Newlands Primary School'!M38+'Ravenhurst Primary School'!M38 -> -31343.98 | N58: =IF(K58<>0, (J58+L58)/K58, 0) -> -7.4943496 | P58: ='Little Hill Primary School'!P41+'Newlands Primary School'!P38+'Ravenhurst Primary School'!P38 -> 0 | Q58: ='Little Hill Primary School'!Q41+'Newlands Primary School'!Q38+'Ravenhurst Primary School'!Q38 -> -3689.98 | R58: ='Little Hill Primary School'!R41+'Newlands Primary School'!R38+'Ravenhurst Primary School'!R38 -> 3689.98 | T58: ='Little Hill Primary School'!T41+'Newlands Primary School'!T38+'Ravenhurst Primary School'!T38 -> -3689.98 | U58: ='Little Hill Primary School'!U41+'Newlands Primary School'!U38+'Ravenhurst Primary School'!U38 -> 27654 | V58: =IF('Little Hill Primary School'!V41="",0,'Little Hill Primary School'!V41)+IF('Newlands Primary School'!V38="",0,'Newlands Primary School'!V38)+IF('Ravenhurst Primary School'!V38="",0,'Ravenhurst Primary School'!V38) -> 0 | W58: ='Little Hill Primary School'!W41+'Newlands Primary School'!W38+'Ravenhurst Primary School'!W38 -> 0 | X58: ='Little Hill Primary School'!X41+'Newlands Primary School'!X38+'Ravenhurst Primary School'!X38 -> 27654 | Y58: ='Little Hill Primary School'!Y41+'Newlands Primary School'!Y38+'Ravenhurst Primary School'!Y38 -> -31343.98 | Z58: =IF(T58<>0, Y58/T58, 0) -> 8.4943496
C59: 560100 - IN: Other Cap income: Local authority Cap grants | D59: ='New Lubbesthorpe Primary School'!D44 -> 0 | E59: ='New Lubbesthorpe Primary School'!E44 -> -4583.33 | F59: ='New Lubbesthorpe Primary School'!F44 -> 0 | G59: ='New Lubbesthorpe Primary School'!G44 -> -4583.33 | H59: =IF(E59<>0, (D59+F59)/E59, 0) -> 0 | J59: ='New Lubbesthorpe Primary School'!J44 -> 0 | K59: ='New Lubbesthorpe Primary School'!K44 -> -55000 | L59: ='New Lubbesthorpe Primary School'!L44 -> 0 | M59: ='New Lubbesthorpe Primary School'!M44 -> -55000 | N59: =IF(K59<>0, (J59+L59)/K59, 0) -> 0 | P59: ='New Lubbesthorpe Primary School'!P44 -> 0 | Q59: ='New Lubbesthorpe Primary School'!Q44 -> -55000 | R59: ='New Lubbesthorpe Primary School'!R44 -> 55000 | T59: ='New Lubbesthorpe Primary School'!T44 -> -55000 | U59: ='New Lubbesthorpe Primary School'!U44 -> 0 | V59: =IF('New Lubbesthorpe Primary School'!V44="",0,'New Lubbesthorpe Primary School'!V44) -> 0 | W59: ='New Lubbesthorpe Primary School'!W44 -> 0 | X59: ='New Lubbesthorpe Primary School'!X44 -> 0 | Y59: ='New Lubbesthorpe Primary School'!Y44 -> -55000 | Z59: =IF(T59<>0, Y59/T59, 0) -> 1
B61: Total Income | D61: =D11+D13+D21+D26+D28+D52 -> -1382064.4 | E61: =E11+E13+E21+E26+E28+E52 -> -1435660.5 | F61: =F11+F13+F21+F26+F28+F52 -> 0 | G61: =G11+G13+G21+G26+G28+G52 -> -53596.09 | H61: =IF(E61<>0, (D61+F61)/E61, 0) -> 0.96266799 | J61: =J11+J13+J21+J26+J28+J52 -> -19963342 | K61: =K11+K13+K21+K26+K28+K52 -> -19862419 | L61: =L11+L13+L21+L26+L28+L52 -> 0 | M61: =M11+M13+M21+M26+M28+M52 -> 100923.09 | N61: =IF(K61<>0, (J61+L61)/K61, 0) -> 1.0050811 | P61: =P11+P13+P21+P26+P28+P52 -> -19538648 | Q61: =Q11+Q13+Q21+Q26+Q28+Q52 -> -19862419 | R61: =R11+R13+R21+R26+R28+R52 -> 323771.42 | T61: =T11+T13+T21+T26+T28+T52 -> -19862419 | U61: =U11+U13+U21+U26+U28+U52 -> -19963342 | V61: =V11+V13+V21+V26+V28+V52 -> 0 | W61: =W11+W13+W21+W26+W28+W52 -> 0 | X61: =X11+X13+X21+X26+X28+X52 -> -19963342 | Y61: =Y11+Y13+Y21+Y26+Y28+Y52 -> 100923.09 | Z61: =IF(T61<>0, Y61/T61, 0) -> -0.0050811076
B63: Expenditure
B65: Staffing Expenditure
B66: STLEA - Senior Leadship Costs | D66: =SUM(D67:D74) -> 133970.67 | E66: =SUM(E67:E74) -> 137074.61 | F66: =SUM(F67:F74) -> 0 | G66: =SUM(G67:G74) -> 3103.94 | H66: =IF(E66<>0, (D66+F66)/E66, 0) -> 0.97735584 | J66: =SUM(J67:J74) -> 1748844.8 | K66: =SUM(K67:K74) -> 1680384.6 | L66: =SUM(L67:L74) -> 0 | M66: =SUM(M67:M74) -> -68460.14 | N66: =IF(K66<>0, (J66+L66)/K66, 0) -> 1.0407408 | P66: =SUM(P67:P74) -> 1676447.2 | Q66: =SUM(Q67:Q74) -> 1680384.6 | R66: =SUM(R67:R74) -> -3937.41 | T66: =SUM(T67:T74) -> 1680384.6 | U66: =SUM(U67:U74) -> 1748844.8 | V66: =SUM(V67:V74) -> 0 | W66: =SUM(W67:W74) -> 0 | X66: =SUM(X67:X74) -> 1748844.8 | Y66: =SUM(Y67:Y74) -> -68460.14 | Z66: =IF(T66<>0, Y66/T66, 0) -> -0.040740756
C67: 610105 - SF: Leadership Teach: Wages and salaries | D67: ='Fernvale Primary School'!D44+'Glenmere Primary School'!D47+'Hinckley Parks Primary'!D47+'Hollycroft Primary School'!D45+'Langmoor Primary School'!D44+'Little Hill Primary School'!D51+'New Lubbesthorpe Primary School'!D53+'Newlands Primary School'!D49+'OWLS Academy Trust'!D31+'Ravenhurst Primary School'!D48 -> 89217.59 | E67: ='Fernvale Primary School'!E44+'Glenmere Primary School'!E47+'Hinckley Parks Primary'!E47+'Hollycroft Primary School'!E45+'Langmoor Primary School'!E44+'Little Hill Primary School'!E51+'New Lubbesthorpe Primary School'!E53+'Newlands Primary School'!E49+'OWLS Academy Trust'!E31+'Ravenhurst Primary School'!E48 -> 91223.72 | F67: ='Fernvale Primary School'!F44+'Glenmere Primary School'!F47+'Hinckley Parks Primary'!F47+'Hollycroft Primary School'!F45+'Langmoor Primary School'!F44+'Little Hill Primary School'!F51+'New Lubbesthorpe Primary School'!F53+'Newlands Primary School'!F49+'OWLS Academy Trust'!F31+'Ravenhurst Primary School'!F48 -> 0 | G67: ='Fernvale Primary School'!G44+'Glenmere Primary School'!G47+'Hinckley Parks Primary'!G47+'Hollycroft Primary School'!G45+'Langmoor Primary School'!G44+'Little Hill Primary School'!G51+'New Lubbesthorpe Primary School'!G53+'Newlands Primary School'!G49+'OWLS Academy Trust'!G31+'Ravenhurst Primary School'!G48 -> 2006.13 | H67: =IF(E67<>0, (D67+F67)/E67, 0) -> 0.97800868 | J67: ='Fernvale Primary School'!J44+'Glenmere Primary School'!J47+'Hinckley Parks Primary'!J47+'Hollycroft Primary School'!J45+'Langmoor Primary School'!J44+'Little Hill Primary School'!J51+'New Lubbesthorpe Primary School'!J53+'Newlands Primary School'!J49+'OWLS Academy Trust'!J31+'Ravenhurst Primary School'!J48 -> 1174464.8 | K67: ='Fernvale Primary School'!K44+'Glenmere Primary School'!K47+'Hinckley Parks Primary'!K47+'Hollycroft Primary School'!K45+'Langmoor Primary School'!K44+'Little Hill Primary School'!K51+'New Lubbesthorpe Primary School'!K53+'Newlands Primary School'!K49+'OWLS Academy Trust'!K31+'Ravenhurst Primary School'!K48 -> 1119941.4 | L67: ='Fernvale Primary School'!L44+'Glenmere Primary School'!L47+'Hinckley Parks Primary'!L47+'Hollycroft Primary School'!L45+'Langmoor Primary School'!L44+'Little Hill Primary School'!L51+'New Lubbesthorpe Primary School'!L53+'Newlands Primary School'!L49+'OWLS Academy Trust'!L31+'Ravenhurst Primary School'!L48 -> 0 | M67: ='Fernvale Primary School'!M44+'Glenmere Primary School'!M47+'Hinckley Parks Primary'!M47+'Hollycroft Primary School'!M45+'Langmoor Primary School'!M44+'Little Hill Primary School'!M51+'New Lubbesthorpe Primary School'!M53+'Newlands Primary School'!M49+'OWLS Academy Trust'!M31+'Ravenhurst Primary School'!M48 -> -54523.3 | N67: =IF(K67<>0, (J67+L67)/K67, 0) -> 1.0486841 | P67: ='Fernvale Primary School'!P44+'Glenmere Primary School'!P47+'Hinckley Parks Primary'!P47+'Hollycroft Primary School'!P45+'Langmoor Primary School'!P44+'Little Hill Primary School'!P51+'New Lubbesthorpe Primary School'!P53+'Newlands Primary School'!P49+'OWLS Academy Trust'!P31+'Ravenhurst Primary School'!P48 -> 1115802.4 | Q67: ='Fernvale Primary School'!Q44+'Glenmere Primary School'!Q47+'Hinckley Parks Primary'!Q47+'Hollycroft Primary School'!Q45+'Langmoor Primary School'!Q44+'Little Hill Primary School'!Q51+'New Lubbesthorpe Primary School'!Q53+'Newlands Primary School'!Q49+'OWLS Academy Trust'!Q31+'Ravenhurst Primary School'!Q48 -> 1119941.4 | R67: ='Fernvale Primary School'!R44+'Glenmere Primary School'!R47+'Hinckley Parks Primary'!R47+'Hollycroft Primary School'!R45+'Langmoor Primary School'!R44+'Little Hill Primary School'!R51+'New Lubbesthorpe Primary School'!R53+'Newlands Primary School'!R49+'OWLS Academy Trust'!R31+'Ravenhurst Primary School'!R48 -> -4139.1 | T67: ='Fernvale Primary School'!T44+'Glenmere Primary School'!T47+'Hinckley Parks Primary'!T47+'Hollycroft Primary School'!T45+'Langmoor Primary School'!T44+'Little Hill Primary School'!T51+'New Lubbesthorpe Primary School'!T53+'Newlands Primary School'!T49+'OWLS Academy Trust'!T31+'Ravenhurst Primary School'!T48 -> 1119941.4 | U67: ='Fernvale Primary School'!U44+'Glenmere Primary School'!U47+'Hinckley Parks Primary'!U47+'Hollycroft Primary School'!U45+'Langmoor Primary School'!U44+'Little Hill Primary School'!U51+'New Lubbesthorpe Primary School'!U53+'Newlands Primary School'!U49+'OWLS Academy Trust'!U31+'Ravenhurst Primary School'!U48 -> 1174464.8 | V67: =IF('Fernvale Primary School'!V44="",0,'Fernvale Primary School'!V44)+IF('Glenmere Primary School'!V47="",0,'Glenmere Primary School'!V47)+IF('Hinckley Parks Primary'!V47="",0,'Hinckley Parks Primary'!V47)+IF('Hollycroft Primary School'!V45="",0,'Hollycroft Primary School'!V45)+IF('Langmoor Primary School'!V44="",0,'Langmoor Primary School'!V44)+IF('Little Hill Primary School'!V51="",0,'Little Hill Primary School'!V51)+IF('New Lubbesthorpe Primary School'!V53="",0,'New Lubbesthorpe Primary School'!V53)+IF('Newlands Primary School'!V49="",0,'Newlands Primary School'!V49)+IF('OWLS Academy Trust'!V31="",0,'OWLS Academy Trust'!V31)+IF('Ravenhurst Primary School'!V48="",0,'Ravenhurst Primary School'!V48) -> 0 | W67: ='Fernvale Primary School'!W44+'Glenmere Primary School'!W47+'Hinckley Parks Primary'!W47+'Hollycroft Primary School'!W45+'Langmoor Primary School'!W44+'Little Hill Primary School'!W51+'New Lubbesthorpe Primary School'!W53+'Newlands Primary School'!W49+'OWLS Academy Trust'!W31+'Ravenhurst Primary School'!W48 -> 0 | X67: ='Fernvale Primary School'!X44+'Glenmere Primary School'!X47+'Hinckley Parks Primary'!X47+'Hollycroft Primary School'!X45+'Langmoor Primary School'!X44+'Little Hill Primary School'!X51+'New Lubbesthorpe Primary School'!X53+'Newlands Primary School'!X49+'OWLS Academy Trust'!X31+'Ravenhurst Primary School'!X48 -> 1174464.8 | Y67: ='Fernvale Primary School'!Y44+'Glenmere Primary School'!Y47+'Hinckley Parks Primary'!Y47+'Hollycroft Primary School'!Y45+'Langmoor Primary School'!Y44+'Little Hill Primary School'!Y51+'New Lubbesthorpe Primary School'!Y53+'Newlands Primary School'!Y49+'OWLS Academy Trust'!Y31+'Ravenhurst Primary School'!Y48 -> -54523.3 | Z67: =IF(T67<>0, Y67/T67, 0) -> -0.048684063
C68: 610155 - SF: Leadership - Teaching: Overtime | D68: ='Fernvale Primary School'!D45+'New Lubbesthorpe Primary School'!D54+'Ravenhurst Primary School'!D49 -> 0 | E68: ='Fernvale Primary School'!E45+'New Lubbesthorpe Primary School'!E54+'Ravenhurst Primary School'!E49 -> 0 | F68: ='Fernvale Primary School'!F45+'New Lubbesthorpe Primary School'!F54+'Ravenhurst Primary School'!F49 -> 0 | G68: ='Fernvale Primary School'!G45+'New Lubbesthorpe Primary School'!G54+'Ravenhurst Primary School'!G49 -> 0 | H68: =IF(E68<>0, (D68+F68)/E68, 0) -> 0 | J68: ='Fernvale Primary School'!J45+'New Lubbesthorpe Primary School'!J54+'Ravenhurst Primary School'!J49 -> 3853.67 | K68: ='Fernvale Primary School'!K45+'New Lubbesthorpe Primary School'!K54+'Ravenhurst Primary School'!K49 -> 0 | L68: ='Fernvale Primary School'!L45+'New Lubbesthorpe Primary School'!L54+'Ravenhurst Primary School'!L49 -> 0 | M68: ='Fernvale Primary School'!M45+'New Lubbesthorpe Primary School'!M54+'Ravenhurst Primary School'!M49 -> -3853.67 | N68: =IF(K68<>0, (J68+L68)/K68, 0) -> 0 | P68: ='Fernvale Primary School'!P45+'New Lubbesthorpe Primary School'!P54+'Ravenhurst Primary School'!P49 -> 0 | Q68: ='Fernvale Primary School'!Q45+'New Lubbesthorpe Primary School'!Q54+'Ravenhurst Primary School'!Q49 -> 0 | R68: ='Fernvale Primary School'!R45+'New Lubbesthorpe Primary School'!R54+'Ravenhurst Primary School'!R49 -> 0 | T68: ='Fernvale Primary School'!T45+'New Lubbesthorpe Primary School'!T54+'Ravenhurst Primary School'!T49 -> 0 | U68: ='Fernvale Primary School'!U45+'New Lubbesthorpe Primary School'!U54+'Ravenhurst Primary School'!U49 -> 3853.67 | V68: =IF('Fernvale Primary School'!V45="",0,'Fernvale Primary School'!V45)+IF('New Lubbesthorpe Primary School'!V54="",0,'New Lubbesthorpe Primary School'!V54)+IF('Ravenhurst Primary School'!V49="",0,'Ravenhurst Primary School'!V49) -> 0 | W68: ='Fernvale Primary School'!W45+'New Lubbesthorpe Primary School'!W54+'Ravenhurst Primary School'!W49 -> 0 | X68: ='Fernvale Primary School'!X45+'New Lubbesthorpe Primary School'!X54+'Ravenhurst Primary School'!X49 -> 3853.67 | Y68: ='Fernvale Primary School'!Y45+'New Lubbesthorpe Primary School'!Y54+'Ravenhurst Primary School'!Y49 -> -3853.67 | Z68: =IF(T68<>0, Y68/T68, 0) -> 0
C69: 610205 - SF: Leadership Teach: Employer NI | D69: ='Fernvale Primary School'!D46+'Glenmere Primary School'!D48+'Hinckley Parks Primary'!D48+'Hollycroft Primary School'!D46+'Langmoor Primary School'!D45+'Little Hill Primary School'!D52+'New Lubbesthorpe Primary School'!D55+'Newlands Primary School'!D50+'OWLS Academy Trust'!D32+'Ravenhurst Primary School'!D50 -> 12556.19 | E69: ='Fernvale Primary School'!E46+'Glenmere Primary School'!E48+'Hinckley Parks Primary'!E48+'Hollycroft Primary School'!E46+'Langmoor Primary School'!E45+'Little Hill Primary School'!E52+'New Lubbesthorpe Primary School'!E55+'Newlands Primary School'!E50+'OWLS Academy Trust'!E32+'Ravenhurst Primary School'!E50 -> 12858.39 | F69: ='Fernvale Primary School'!F46+'Glenmere Primary School'!F48+'Hinckley Parks Primary'!F48+'Hollycroft Primary School'!F46+'Langmoor Primary School'!F45+'Little Hill Primary School'!F52+'New Lubbesthorpe Primary School'!F55+'Newlands Primary School'!F50+'OWLS Academy Trust'!F32+'Ravenhurst Primary School'!F50 -> 0 | G69: ='Fernvale Primary School'!G46+'Glenmere Primary School'!G48+'Hinckley Parks Primary'!G48+'Hollycroft Primary School'!G46+'Langmoor Primary School'!G45+'Little Hill Primary School'!G52+'New Lubbesthorpe Primary School'!G55+'Newlands Primary School'!G50+'OWLS Academy Trust'!G32+'Ravenhurst Primary School'!G50 -> 302.2 | H69: =IF(E69<>0, (D69+F69)/E69, 0) -> 0.97649784 | J69: ='Fernvale Primary School'!J46+'Glenmere Primary School'!J48+'Hinckley Parks Primary'!J48+'Hollycroft Primary School'!J46+'Langmoor Primary School'!J45+'Little Hill Primary School'!J52+'New Lubbesthorpe Primary School'!J55+'Newlands Primary School'!J50+'OWLS Academy Trust'!J32+'Ravenhurst Primary School'!J50 -> 163658.36 | K69: ='Fernvale Primary School'!K46+'Glenmere Primary School'!K48+'Hinckley Parks Primary'!K48+'Hollycroft Primary School'!K46+'Langmoor Primary School'!K45+'Little Hill Primary School'!K52+'New Lubbesthorpe Primary School'!K55+'Newlands Primary School'!K50+'OWLS Academy Trust'!K32+'Ravenhurst Primary School'!K50 -> 157726.41 | L69: ='Fernvale Primary School'!L46+'Glenmere Primary School'!L48+'Hinckley Parks Primary'!L48+'Hollycroft Primary School'!L46+'Langmoor Primary School'!L45+'Little Hill Primary School'!L52+'New Lubbesthorpe Primary School'!L55+'Newlands Primary School'!L50+'OWLS Academy Trust'!L32+'Ravenhurst Primary School'!L50 -> 0 | M69: ='Fernvale Primary School'!M46+'Glenmere Primary School'!M48+'Hinckley Parks Primary'!M48+'Hollycroft Primary School'!M46+'Langmoor Primary School'!M45+'Little Hill Primary School'!M52+'New Lubbesthorpe Primary School'!M55+'Newlands Primary School'!M50+'OWLS Academy Trust'!M32+'Ravenhurst Primary School'!M50 -> -5931.95 | N69: =IF(K69<>0, (J69+L69)/K69, 0) -> 1.0376091 | P69: ='Fernvale Primary School'!P46+'Glenmere Primary School'!P48+'Hinckley Parks Primary'!P48+'Hollycroft Primary School'!P46+'Langmoor Primary School'!P45+'Little Hill Primary School'!P52+'New Lubbesthorpe Primary School'!P55+'Newlands Primary School'!P50+'OWLS Academy Trust'!P32+'Ravenhurst Primary School'!P50 -> 157195.73 | Q69: ='Fernvale Primary School'!Q46+'Glenmere Primary School'!Q48+'Hinckley Parks Primary'!Q48+'Hollycroft Primary School'!Q46+'Langmoor Primary School'!Q45+'Little Hill Primary School'!Q52+'New Lubbesthorpe Primary School'!Q55+'Newlands Primary School'!Q50+'OWLS Academy Trust'!Q32+'Ravenhurst Primary School'!Q50 -> 157726.41 | R69: ='Fernvale Primary School'!R46+'Glenmere Primary School'!R48+'Hinckley Parks Primary'!R48+'Hollycroft Primary School'!R46+'Langmoor Primary School'!R45+'Little Hill Primary School'!R52+'New Lubbesthorpe Primary School'!R55+'Newlands Primary School'!R50+'OWLS Academy Trust'!R32+'Ravenhurst Primary School'!R50 -> -530.68 | T69: ='Fernvale Primary School'!T46+'Glenmere Primary School'!T48+'Hinckley Parks Primary'!T48+'Hollycroft Primary School'!T46+'Langmoor Primary School'!T45+'Little Hill Primary School'!T52+'New Lubbesthorpe Primary School'!T55+'Newlands Primary School'!T50+'OWLS Academy Trust'!T32+'Ravenhurst Primary School'!T50 -> 157726.41 | U69: ='Fernvale Primary School'!U46+'Glenmere Primary School'!U48+'Hinckley Parks Primary'!U48+'Hollycroft Primary School'!U46+'Langmoor Primary School'!U45+'Little Hill Primary School'!U52+'New Lubbesthorpe Primary School'!U55+'Newlands Primary School'!U50+'OWLS Academy Trust'!U32+'Ravenhurst Primary School'!U50 -> 163658.36 | V69: =IF('Fernvale Primary School'!V46="",0,'Fernvale Primary School'!V46)+IF('Glenmere Primary School'!V48="",0,'Glenmere Primary School'!V48)+IF('Hinckley Parks Primary'!V48="",0,'Hinckley Parks Primary'!V48)+IF('Hollycroft Primary School'!V46="",0,'Hollycroft Primary School'!V46)+IF('Langmoor Primary School'!V45="",0,'Langmoor Primary School'!V45)+IF('Little Hill Primary School'!V52="",0,'Little Hill Primary School'!V52)+IF('New Lubbesthorpe Primary School'!V55="",0,'New Lubbesthorpe Primary School'!V55)+IF('Newlands Primary School'!V50="",0,'Newlands Primary School'!V50)+IF('OWLS Academy Trust'!V32="",0,'OWLS Academy Trust'!V32)+IF('Ravenhurst Primary School'!V50="",0,'Ravenhurst Primary School'!V50) -> 0 | W69: ='Fernvale Primary School'!W46+'Glenmere Primary School'!W48+'Hinckley Parks Primary'!W48+'Hollycroft Primary School'!W46+'Langmoor Primary School'!W45+'Little Hill Primary School'!W52+'New Lubbesthorpe Primary School'!W55+'Newlands Primary School'!W50+'OWLS Academy Trust'!W32+'Ravenhurst Primary School'!W50 -> 0 | X69: ='Fernvale Primary School'!X46+'Glenmere Primary School'!X48+'Hinckley Parks Primary'!X48+'Hollycroft Primary School'!X46+'Langmoor Primary School'!X45+'Little Hill Primary School'!X52+'New Lubbesthorpe Primary School'!X55+'Newlands Primary School'!X50+'OWLS Academy Trust'!X32+'Ravenhurst Primary School'!X50 -> 163658.36 | Y69: ='Fernvale Primary School'!Y46+'Glenmere Primary School'!Y48+'Hinckley Parks Primary'!Y48+'Hollycroft Primary School'!Y46+'Langmoor Primary School'!Y45+'Little Hill Primary School'!Y52+'New Lubbesthorpe Primary School'!Y55+'Newlands Primary School'!Y50+'OWLS Academy Trust'!Y32+'Ravenhurst Primary School'!Y50 -> -5931.95 | Z69: =IF(T69<>0, Y69/T69, 0) -> -0.037609111
C70: 610305 - SF: Leadership Teach: Employer pension | D70: ='Fernvale Primary School'!D47+'Glenmere Primary School'!D49+'Hinckley Parks Primary'!D49+'Hollycroft Primary School'!D47+'Langmoor Primary School'!D46+'Little Hill Primary School'!D53+'New Lubbesthorpe Primary School'!D56+'Newlands Primary School'!D51+'OWLS Academy Trust'!D33+'Ravenhurst Primary School'!D51 -> 25587.61 | E70: ='Fernvale Primary School'!E47+'Glenmere Primary School'!E49+'Hinckley Parks Primary'!E49+'Hollycroft Primary School'!E47+'Langmoor Primary School'!E46+'Little Hill Primary School'!E53+'New Lubbesthorpe Primary School'!E56+'Newlands Primary School'!E51+'OWLS Academy Trust'!E33+'Ravenhurst Primary School'!E51 -> 26162.99 | F70: ='Fernvale Primary School'!F47+'Glenmere Primary School'!F49+'Hinckley Parks Primary'!F49+'Hollycroft Primary School'!F47+'Langmoor Primary School'!F46+'Little Hill Primary School'!F53+'New Lubbesthorpe Primary School'!F56+'Newlands Primary School'!F51+'OWLS Academy Trust'!F33+'Ravenhurst Primary School'!F51 -> 0 | G70: ='Fernvale Primary School'!G47+'Glenmere Primary School'!G49+'Hinckley Parks Primary'!G49+'Hollycroft Primary School'!G47+'Langmoor Primary School'!G46+'Little Hill Primary School'!G53+'New Lubbesthorpe Primary School'!G56+'Newlands Primary School'!G51+'OWLS Academy Trust'!G33+'Ravenhurst Primary School'!G51 -> 575.38 | H70: =IF(E70<>0, (D70+F70)/E70, 0) -> 0.97800787 | J70: ='Fernvale Primary School'!J47+'Glenmere Primary School'!J49+'Hinckley Parks Primary'!J49+'Hollycroft Primary School'!J47+'Langmoor Primary School'!J46+'Little Hill Primary School'!J53+'New Lubbesthorpe Primary School'!J56+'Newlands Primary School'!J51+'OWLS Academy Trust'!J33+'Ravenhurst Primary School'!J51 -> 326431.34 | K70: ='Fernvale Primary School'!K47+'Glenmere Primary School'!K49+'Hinckley Parks Primary'!K49+'Hollycroft Primary School'!K47+'Langmoor Primary School'!K46+'Little Hill Primary School'!K53+'New Lubbesthorpe Primary School'!K56+'Newlands Primary School'!K51+'OWLS Academy Trust'!K33+'Ravenhurst Primary School'!K51 -> 321199.54 | L70: ='Fernvale Primary School'!L47+'Glenmere Primary School'!L49+'Hinckley Parks Primary'!L49+'Hollycroft Primary School'!L47+'Langmoor Primary School'!L46+'Little Hill Primary School'!L53+'New Lubbesthorpe Primary School'!L56+'Newlands Primary School'!L51+'OWLS Academy Trust'!L33+'Ravenhurst Primary School'!L51 -> 0 | M70: ='Fernvale Primary School'!M47+'Glenmere Primary School'!M49+'Hinckley Parks Primary'!M49+'Hollycroft Primary School'!M47+'Langmoor Primary School'!M46+'Little Hill Primary School'!M53+'New Lubbesthorpe Primary School'!M56+'Newlands Primary School'!M51+'OWLS Academy Trust'!M33+'Ravenhurst Primary School'!M51 -> -5231.8 | N70: =IF(K70<>0, (J70+L70)/K70, 0) -> 1.0162883 | P70: ='Fernvale Primary School'!P47+'Glenmere Primary School'!P49+'Hinckley Parks Primary'!P49+'Hollycroft Primary School'!P47+'Langmoor Primary School'!P46+'Little Hill Primary School'!P53+'New Lubbesthorpe Primary School'!P56+'Newlands Primary School'!P51+'OWLS Academy Trust'!P33+'Ravenhurst Primary School'!P51 -> 320012.45 | Q70: ='Fernvale Primary School'!Q47+'Glenmere Primary School'!Q49+'Hinckley Parks Primary'!Q49+'Hollycroft Primary School'!Q47+'Langmoor Primary School'!Q46+'Little Hill Primary School'!Q53+'New Lubbesthorpe Primary School'!Q56+'Newlands Primary School'!Q51+'OWLS Academy Trust'!Q33+'Ravenhurst Primary School'!Q51 -> 321199.54 | R70: ='Fernvale Primary School'!R47+'Glenmere Primary School'!R49+'Hinckley Parks Primary'!R49+'Hollycroft Primary School'!R47+'Langmoor Primary School'!R46+'Little Hill Primary School'!R53+'New Lubbesthorpe Primary School'!R56+'Newlands Primary School'!R51+'OWLS Academy Trust'!R33+'Ravenhurst Primary School'!R51 -> -1187.09 | T70: ='Fernvale Primary School'!T47+'Glenmere Primary School'!T49+'Hinckley Parks Primary'!T49+'Hollycroft Primary School'!T47+'Langmoor Primary School'!T46+'Little Hill Primary School'!T53+'New Lubbesthorpe Primary School'!T56+'Newlands Primary School'!T51+'OWLS Academy Trust'!T33+'Ravenhurst Primary School'!T51 -> 321199.54 | U70: ='Fernvale Primary School'!U47+'Glenmere Primary School'!U49+'Hinckley Parks Primary'!U49+'Hollycroft Primary School'!U47+'Langmoor Primary School'!U46+'Little Hill Primary School'!U53+'New Lubbesthorpe Primary School'!U56+'Newlands Primary School'!U51+'OWLS Academy Trust'!U33+'Ravenhurst Primary School'!U51 -> 326431.34 | V70: =IF('Fernvale Primary School'!V47="",0,'Fernvale Primary School'!V47)+IF('Glenmere Primary School'!V49="",0,'Glenmere Primary School'!V49)+IF('Hinckley Parks Primary'!V49="",0,'Hinckley Parks Primary'!V49)+IF('Hollycroft Primary School'!V47="",0,'Hollycroft Primary School'!V47)+IF('Langmoor Primary School'!V46="",0,'Langmoor Primary School'!V46)+IF('Little Hill Primary School'!V53="",0,'Little Hill Primary School'!V53)+IF('New Lubbesthorpe Primary School'!V56="",0,'New Lubbesthorpe Primary School'!V56)+IF('Newlands Primary School'!V51="",0,'Newlands Primary School'!V51)+IF('OWLS Academy Trust'!V33="",0,'OWLS Academy Trust'!V33)+IF('Ravenhurst Primary School'!V51="",0,'Ravenhurst Primary School'!V51) -> 0 | W70: ='Fernvale Primary School'!W47+'Glenmere Primary School'!W49+'Hinckley Parks Primary'!W49+'Hollycroft Primary School'!W47+'Langmoor Primary School'!W46+'Little Hill Primary School'!W53+'New Lubbesthorpe Primary School'!W56+'Newlands Primary School'!W51+'OWLS Academy Trust'!W33+'Ravenhurst Primary School'!W51 -> 0 | X70: ='Fernvale Primary School'!X47+'Glenmere Primary School'!X49+'Hinckley Parks Primary'!X49+'Hollycroft Primary School'!X47+'Langmoor Primary School'!X46+'Little Hill Primary School'!X53+'New Lubbesthorpe Primary School'!X56+'Newlands Primary School'!X51+'OWLS Academy Trust'!X33+'Ravenhurst Primary School'!X51 -> 326431.34 | Y70: ='Fernvale Primary School'!Y47+'Glenmere Primary School'!Y49+'Hinckley Parks Primary'!Y49+'Hollycroft Primary School'!Y47+'Langmoor Primary School'!Y46+'Little Hill Primary School'!Y53+'New Lubbesthorpe Primary School'!Y56+'Newlands Primary School'!Y51+'OWLS Academy Trust'!Y33+'Ravenhurst Primary School'!Y51 -> -5231.8 | Z70: =IF(T70<>0, Y70/T70, 0) -> -0.016288317
C71: 611100 - SF: Leadership - Non-teaching: Wages and salaries | D71: ='OWLS Academy Trust'!D34 -> 5093 | E71: ='OWLS Academy Trust'!E34 -> 5261.08 | F71: ='OWLS Academy Trust'!F34 -> 0 | G71: ='OWLS Academy Trust'!G34 -> 168.08 | H71: =IF(E71<>0, (D71+F71)/E71, 0) -> 0.96805219 | J71: ='OWLS Academy Trust'!J34 -> 59932.75 | K71: ='OWLS Academy Trust'!K34 -> 60773.42 | L71: ='OWLS Academy Trust'!L34 -> 0 | M71: ='OWLS Academy Trust'!M34 -> 840.67 | N71: =IF(K71<>0, (J71+L71)/K71, 0) -> 0.98616714 | P71: ='OWLS Academy Trust'!P34 -> 60696.95 | Q71: ='OWLS Academy Trust'!Q34 -> 60773.42 | R71: ='OWLS Academy Trust'!R34 -> -76.47 | T71: ='OWLS Academy Trust'!T34 -> 60773.42 | U71: ='OWLS Academy Trust'!U34 -> 59932.75 | V71: =IF('OWLS Academy Trust'!V34="",0,'OWLS Academy Trust'!V34) -> 0 | W71: ='OWLS Academy Trust'!W34 -> 0 | X71: ='OWLS Academy Trust'!X34 -> 59932.75 | Y71: ='OWLS Academy Trust'!Y34 -> 840.67 | Z71: =IF(T71<>0, Y71/T71, 0) -> 0.013832857
C72: 611150 - SF: Leadership - Non-teaching: Overtime | D72: ='OWLS Academy Trust'!D35 -> 0 | E72: ='OWLS Academy Trust'!E35 -> 0 | F72: ='OWLS Academy Trust'!F35 -> 0 | G72: ='OWLS Academy Trust'!G35 -> 0 | H72: =IF(E72<>0, (D72+F72)/E72, 0) -> 0 | J72: ='OWLS Academy Trust'!J35 -> 21.36 | K72: ='OWLS Academy Trust'!K35 -> 0 | L72: ='OWLS Academy Trust'!L35 -> 0 | M72: ='OWLS Academy Trust'!M35 -> -21.36 | N72: =IF(K72<>0, (J72+L72)/K72, 0) -> 0 | P72: ='OWLS Academy Trust'!P35 -> 0 | Q72: ='OWLS Academy Trust'!Q35 -> 0 | R72: ='OWLS Academy Trust'!R35 -> 0 | T72: ='OWLS Academy Trust'!T35 -> 0 | U72: ='OWLS Academy Trust'!U35 -> 21.36 | V72: =IF('OWLS Academy Trust'!V35="",0,'OWLS Academy Trust'!V35) -> 0 | W72: ='OWLS Academy Trust'!W35 -> 0 | X72: ='OWLS Academy Trust'!X35 -> 21.36 | Y72: ='OWLS Academy Trust'!Y35 -> -21.36 | Z72: =IF(T72<>0, Y72/T72, 0) -> 0
C73: 611200 - SF: Leadership - Non-teaching: Employer NI | D73: ='OWLS Academy Trust'!D36 -> 701.4 | E73: ='OWLS Academy Trust'!E36 -> 726.66 | F73: ='OWLS Academy Trust'!F36 -> 0 | G73: ='OWLS Academy Trust'!G36 -> 25.26 | H73: =IF(E73<>0, (D73+F73)/E73, 0) -> 0.96523821 | J73: ='OWLS Academy Trust'!J36 -> 8239.12 | K73: ='OWLS Academy Trust'!K36 -> 8366.01 | L73: ='OWLS Academy Trust'!L36 -> 0 | M73: ='OWLS Academy Trust'!M36 -> 126.89 | N73: =IF(K73<>0, (J73+L73)/K73, 0) -> 0.98483267 | P73: ='OWLS Academy Trust'!P36 -> 8354.54 | Q73: ='OWLS Academy Trust'!Q36 -> 8366.01 | R73: ='OWLS Academy Trust'!R36 -> -11.47 | T73: ='OWLS Academy Trust'!T36 -> 8366.01 | U73: ='OWLS Academy Trust'!U36 -> 8239.12 | V73: =IF('OWLS Academy Trust'!V36="",0,'OWLS Academy Trust'!V36) -> 0 | W73: ='OWLS Academy Trust'!W36 -> 0 | X73: ='OWLS Academy Trust'!X36 -> 8239.12 | Y73: ='OWLS Academy Trust'!Y36 -> 126.89 | Z73: =IF(T73<>0, Y73/T73, 0) -> 0.015167326
C74: 611300 - SF: Leadership - Non-teaching: Employer pension | D74: ='OWLS Academy Trust'!D37 -> 814.88 | E74: ='OWLS Academy Trust'!E37 -> 841.77 | F74: ='OWLS Academy Trust'!F37 -> 0 | G74: ='OWLS Academy Trust'!G37 -> 26.89 | H74: =IF(E74<>0, (D74+F74)/E74, 0) -> 0.96805541 | J74: ='OWLS Academy Trust'!J37 -> 12243.4 | K74: ='OWLS Academy Trust'!K37 -> 12377.78 | L74: ='OWLS Academy Trust'!L37 -> 0 | M74: ='OWLS Academy Trust'!M37 -> 134.38 | N74: =IF(K74<>0, (J74+L74)/K74, 0) -> 0.98914345 | P74: ='OWLS Academy Trust'!P37 -> 14385.18 | Q74: ='OWLS Academy Trust'!Q37 -> 12377.78 | R74: ='OWLS Academy Trust'!R37 -> 2007.4 | T74: ='OWLS Academy Trust'!T37 -> 12377.78 | U74: ='OWLS Academy Trust'!U37 -> 12243.4 | V74: =IF('OWLS Academy Trust'!V37="",0,'OWLS Academy Trust'!V37) -> 0 | W74: ='OWLS Academy Trust'!W37 -> 0 | X74: ='OWLS Academy Trust'!X37 -> 12243.4 | Y74: ='OWLS Academy Trust'!Y37 -> 134.38 | Z74: =IF(T74<>0, Y74/T74, 0) -> 0.010856551
B75: STTEA - Teaching Staff Costs | D75: =SUM(D76:D79) -> 667588.04 | E75: =SUM(E76:E79) -> 584480.03 | F75: =SUM(F76:F79) -> 0 | G75: =SUM(G76:G79) -> -83108.01 | H75: =IF(E75<>0, (D75+F75)/E75, 0) -> 1.1421914 | J75: =SUM(J76:J79) -> 6918882.9 | K75: =SUM(K76:K79) -> 6930211.9 | L75: =SUM(L76:L79) -> 0 | M75: =SUM(M76:M79) -> 11329.05 | N75: =IF(K75<>0, (J75+L75)/K75, 0) -> 0.99836527 | P75: =SUM(P76:P79) -> 7124641.5 | Q75: =SUM(Q76:Q79) -> 6930211.9 | R75: =SUM(R76:R79) -> 194429.56 | T75: =SUM(T76:T79) -> 6930211.9 | U75: =SUM(U76:U79) -> 6918882.9 | V75: =SUM(V76:V79) -> 0 | W75: =SUM(W76:W79) -> 0 | X75: =SUM(X76:X79) -> 6918882.9 | Y75: =SUM(Y76:Y79) -> 11329.05 | Z75: =IF(T75<>0, Y75/T75, 0) -> 0.0016347336
C76: 612105 - SF: Teachers: Wages and salaries | D76: ='Fernvale Primary School'!D49+'Glenmere Primary School'!D51+'Hinckley Parks Primary'!D51+'Hollycroft Primary School'!D49+'Langmoor Primary School'!D48+'Little Hill Primary School'!D55+'New Lubbesthorpe Primary School'!D58+'Newlands Primary School'!D53+'Ravenhurst Primary School'!D53 -> 468667.18 | E76: ='Fernvale Primary School'!E49+'Glenmere Primary School'!E51+'Hinckley Parks Primary'!E51+'Hollycroft Primary School'!E49+'Langmoor Primary School'!E48+'Little Hill Primary School'!E55+'New Lubbesthorpe Primary School'!E58+'Newlands Primary School'!E53+'Ravenhurst Primary School'!E53 -> 411719.1 | F76: ='Fernvale Primary School'!F49+'Glenmere Primary School'!F51+'Hinckley Parks Primary'!F51+'Hollycroft Primary School'!F49+'Langmoor Primary School'!F48+'Little Hill Primary School'!F55+'New Lubbesthorpe Primary School'!F58+'Newlands Primary School'!F53+'Ravenhurst Primary School'!F53 -> 0 | G76: ='Fernvale Primary School'!G49+'Glenmere Primary School'!G51+'Hinckley Parks Primary'!G51+'Hollycroft Primary School'!G49+'Langmoor Primary School'!G48+'Little Hill Primary School'!G55+'New Lubbesthorpe Primary School'!G58+'Newlands Primary School'!G53+'Ravenhurst Primary School'!G53 -> -56948.08 | H76: =IF(E76<>0, (D76+F76)/E76, 0) -> 1.1383178 | J76: ='Fernvale Primary School'!J49+'Glenmere Primary School'!J51+'Hinckley Parks Primary'!J51+'Hollycroft Primary School'!J49+'Langmoor Primary School'!J48+'Little Hill Primary School'!J55+'New Lubbesthorpe Primary School'!J58+'Newlands Primary School'!J53+'Ravenhurst Primary School'!J53 -> 4831930 | K76: ='Fernvale Primary School'!K49+'Glenmere Primary School'!K51+'Hinckley Parks Primary'!K51+'Hollycroft Primary School'!K49+'Langmoor Primary School'!K48+'Little Hill Primary School'!K55+'New Lubbesthorpe Primary School'!K58+'Newlands Primary School'!K53+'Ravenhurst Primary School'!K53 -> 4881076.2 | L76: ='Fernvale Primary School'!L49+'Glenmere Primary School'!L51+'Hinckley Parks Primary'!L51+'Hollycroft Primary School'!L49+'Langmoor Primary School'!L48+'Little Hill Primary School'!L55+'New Lubbesthorpe Primary School'!L58+'Newlands Primary School'!L53+'Ravenhurst Primary School'!L53 -> 0 | M76: ='Fernvale Primary School'!M49+'Glenmere Primary School'!M51+'Hinckley Parks Primary'!M51+'Hollycroft Primary School'!M49+'Langmoor Primary School'!M48+'Little Hill Primary School'!M55+'New Lubbesthorpe Primary School'!M58+'Newlands Primary School'!M53+'Ravenhurst Primary School'!M53 -> 49146.2 | N76: =IF(K76<>0, (J76+L76)/K76, 0) -> 0.98993128 | P76: ='Fernvale Primary School'!P49+'Glenmere Primary School'!P51+'Hinckley Parks Primary'!P51+'Hollycroft Primary School'!P49+'Langmoor Primary School'!P48+'Little Hill Primary School'!P55+'New Lubbesthorpe Primary School'!P58+'Newlands Primary School'!P53+'Ravenhurst Primary School'!P53 -> 5022278.6 | Q76: ='Fernvale Primary School'!Q49+'Glenmere Primary School'!Q51+'Hinckley Parks Primary'!Q51+'Hollycroft Primary School'!Q49+'Langmoor Primary School'!Q48+'Little Hill Primary School'!Q55+'New Lubbesthorpe Primary School'!Q58+'Newlands Primary School'!Q53+'Ravenhurst Primary School'!Q53 -> 4881076.2 | R76: ='Fernvale Primary School'!R49+'Glenmere Primary School'!R51+'Hinckley Parks Primary'!R51+'Hollycroft Primary School'!R49+'Langmoor Primary School'!R48+'Little Hill Primary School'!R55+'New Lubbesthorpe Primary School'!R58+'Newlands Primary School'!R53+'Ravenhurst Primary School'!R53 -> 141202.35 | T76: ='Fernvale Primary School'!T49+'Glenmere Primary School'!T51+'Hinckley Parks Primary'!T51+'Hollycroft Primary School'!T49+'Langmoor Primary School'!T48+'Little Hill Primary School'!T55+'New Lubbesthorpe Primary School'!T58+'Newlands Primary School'!T53+'Ravenhurst Primary School'!T53 -> 4881076.2 | U76: ='Fernvale Primary School'!U49+'Glenmere Primary School'!U51+'Hinckley Parks Primary'!U51+'Hollycroft Primary School'!U49+'Langmoor Primary School'!U48+'Little Hill Primary School'!U55+'New Lubbesthorpe Primary School'!U58+'Newlands Primary School'!U53+'Ravenhurst Primary School'!U53 -> 4831930 | V76: =IF('Fernvale Primary School'!V49="",0,'Fernvale Primary School'!V49)+IF('Glenmere Primary School'!V51="",0,'Glenmere Primary School'!V51)+IF('Hinckley Parks Primary'!V51="",0,'Hinckley Parks Primary'!V51)+IF('Hollycroft Primary School'!V49="",0,'Hollycroft Primary School'!V49)+IF('Langmoor Primary School'!V48="",0,'Langmoor Primary School'!V48)+IF('Little Hill Primary School'!V55="",0,'Little Hill Primary School'!V55)+IF('New Lubbesthorpe Primary School'!V58="",0,'New Lubbesthorpe Primary School'!V58)+IF('Newlands Primary School'!V53="",0,'Newlands Primary School'!V53)+IF('Ravenhurst Primary School'!V53="",0,'Ravenhurst Primary School'!V53) -> 0 | W76: ='Fernvale Primary School'!W49+'Glenmere Primary School'!W51+'Hinckley Parks Primary'!W51+'Hollycroft Primary School'!W49+'Langmoor Primary School'!W48+'Little Hill Primary School'!W55+'New Lubbesthorpe Primary School'!W58+'Newlands Primary School'!W53+'Ravenhurst Primary School'!W53 -> 0 | X76: ='Fernvale Primary School'!X49+'Glenmere Primary School'!X51+'Hinckley Parks Primary'!X51+'Hollycroft Primary School'!X49+'Langmoor Primary School'!X48+'Little Hill Primary School'!X55+'New Lubbesthorpe Primary School'!X58+'Newlands Primary School'!X53+'Ravenhurst Primary School'!X53 -> 4831930 | Y76: ='Fernvale Primary School'!Y49+'Glenmere Primary School'!Y51+'Hinckley Parks Primary'!Y51+'Hollycroft Primary School'!Y49+'Langmoor Primary School'!Y48+'Little Hill Primary School'!Y55+'New Lubbesthorpe Primary School'!Y58+'Newlands Primary School'!Y53+'Ravenhurst Primary School'!Y53 -> 49146.2 | Z76: =IF(T76<>0, Y76/T76, 0) -> 0.010068722
C77: 612155 - SF: Teachers: Overtime | D77: ='Fernvale Primary School'!D50+'Glenmere Primary School'!D52+'Hinckley Parks Primary'!D52+'Langmoor Primary School'!D49+'Little Hill Primary School'!D56+'Newlands Primary School'!D54+'Ravenhurst Primary School'!D54 -> 1259.93 | E77: ='Fernvale Primary School'!E50+'Glenmere Primary School'!E52+'Hinckley Parks Primary'!E52+'Langmoor Primary School'!E49+'Little Hill Primary School'!E56+'Newlands Primary School'!E54+'Ravenhurst Primary School'!E54 -> 916.66 | F77: ='Fernvale Primary School'!F50+'Glenmere Primary School'!F52+'Hinckley Parks Primary'!F52+'Langmoor Primary School'!F49+'Little Hill Primary School'!F56+'Newlands Primary School'!F54+'Ravenhurst Primary School'!F54 -> 0 | G77: ='Fernvale Primary School'!G50+'Glenmere Primary School'!G52+'Hinckley Parks Primary'!G52+'Langmoor Primary School'!G49+'Little Hill Primary School'!G56+'Newlands Primary School'!G54+'Ravenhurst Primary School'!G54 -> -343.27 | H77: =IF(E77<>0, (D77+F77)/E77, 0) -> 1.3744791 | J77: ='Fernvale Primary School'!J50+'Glenmere Primary School'!J52+'Hinckley Parks Primary'!J52+'Langmoor Primary School'!J49+'Little Hill Primary School'!J56+'Newlands Primary School'!J54+'Ravenhurst Primary School'!J54 -> 36733.57 | K77: ='Fernvale Primary School'!K50+'Glenmere Primary School'!K52+'Hinckley Parks Primary'!K52+'Langmoor Primary School'!K49+'Little Hill Primary School'!K56+'Newlands Primary School'!K54+'Ravenhurst Primary School'!K54 -> 11000 | L77: ='Fernvale Primary School'!L50+'Glenmere Primary School'!L52+'Hinckley Parks Primary'!L52+'Langmoor Primary School'!L49+'Little Hill Primary School'!L56+'Newlands Primary School'!L54+'Ravenhurst Primary School'!L54 -> 0 | M77: ='Fernvale Primary School'!M50+'Glenmere Primary School'!M52+'Hinckley Parks Primary'!M52+'Langmoor Primary School'!M49+'Little Hill Primary School'!M56+'Newlands Primary School'!M54+'Ravenhurst Primary School'!M54 -> -25733.57 | N77: =IF(K77<>0, (J77+L77)/K77, 0) -> 3.3394155 | P77: ='Fernvale Primary School'!P50+'Glenmere Primary School'!P52+'Hinckley Parks Primary'!P52+'Langmoor Primary School'!P49+'Little Hill Primary School'!P56+'Newlands Primary School'!P54+'Ravenhurst Primary School'!P54 -> 4000 | Q77: ='Fernvale Primary School'!Q50+'Glenmere Primary School'!Q52+'Hinckley Parks Primary'!Q52+'Langmoor Primary School'!Q49+'Little Hill Primary School'!Q56+'Newlands Primary School'!Q54+'Ravenhurst Primary School'!Q54 -> 11000 | R77: ='Fernvale Primary School'!R50+'Glenmere Primary School'!R52+'Hinckley Parks Primary'!R52+'Langmoor Primary School'!R49+'Little Hill Primary School'!R56+'Newlands Primary School'!R54+'Ravenhurst Primary School'!R54 -> -7000 | T77: ='Fernvale Primary School'!T50+'Glenmere Primary School'!T52+'Hinckley Parks Primary'!T52+'Langmoor Primary School'!T49+'Little Hill Primary School'!T56+'Newlands Primary School'!T54+'Ravenhurst Primary School'!T54 -> 11000 | U77: ='Fernvale Primary School'!U50+'Glenmere Primary School'!U52+'Hinckley Parks Primary'!U52+'Langmoor Primary School'!U49+'Little Hill Primary School'!U56+'Newlands Primary School'!U54+'Ravenhurst Primary School'!U54 -> 36733.57 | V77: =IF('Fernvale Primary School'!V50="",0,'Fernvale Primary School'!V50)+IF('Glenmere Primary School'!V52="",0,'Glenmere Primary School'!V52)+IF('Hinckley Parks Primary'!V52="",0,'Hinckley Parks Primary'!V52)+IF('Langmoor Primary School'!V49="",0,'Langmoor Primary School'!V49)+IF('Little Hill Primary School'!V56="",0,'Little Hill Primary School'!V56)+IF('Newlands Primary School'!V54="",0,'Newlands Primary School'!V54)+IF('Ravenhurst Primary School'!V54="",0,'Ravenhurst Primary School'!V54) -> 0 | W77: ='Fernvale Primary School'!W50+'Glenmere Primary School'!W52+'Hinckley Parks Primary'!W52+'Langmoor Primary School'!W49+'Little Hill Primary School'!W56+'Newlands Primary School'!W54+'Ravenhurst Primary School'!W54 -> 0 | X77: ='Fernvale Primary School'!X50+'Glenmere Primary School'!X52+'Hinckley Parks Primary'!X52+'Langmoor Primary School'!X49+'Little Hill Primary School'!X56+'Newlands Primary School'!X54+'Ravenhurst Primary School'!X54 -> 36733.57 | Y77: ='Fernvale Primary School'!Y50+'Glenmere Primary School'!Y52+'Hinckley Parks Primary'!Y52+'Langmoor Primary School'!Y49+'Little Hill Primary School'!Y56+'Newlands Primary School'!Y54+'Ravenhurst Primary School'!Y54 -> -25733.57 | Z77: =IF(T77<>0, Y77/T77, 0) -> -2.3394155
